Workbook
Name VB_lnkFDDocument_0: CALIFICACION!$BE$1

Sheet CALIFICACION
A1: DIRECCION EJECUTIVA SECCIONAL DE ADMINISTRACION JUDICIAL - TUNJA
A3: LICITACION PÚBLICA No. DESAJTU - LP - 001 DE 2022 - SERVICIO DE VIGILANCIA Y SEGURIDAD PRIVADA
A4: REQUISITO / NOMBRE OFERENTE | D4: 1 | E4: 2 | G4: 3 | H4: 4 | I4: 5 | K4: 6 | M4: 7 | O4: 8 | Q4: 9 | S4: 10 | V4: 11 | X4: 12 | Y4: 13 | AA4: 14 | AC4: 15 | AE4: 16 | AG4: 17 | AI4: 18 | AK4: 19 | AM4: 20 | AO4: 21 | AP4: 22 | AR4: 23 | AU4: 24 | AW4: 25 | AX4: 26 | AZ4: 27 | BB4: 28 | BC4: 29
D5: SEGURIDAD JANO LTDA | E5: UT RAMA JUDICIAL 2023 | G5: SEGURIDAD DIGITAL LTDA | H5: COOVIAM | I5: UT L& D | K5: UT VIGISER 2022 | M5: UT OLICTEC | O5: UT RAMA SC 2022 | Q5: UNIÓN TEMPORAL SUPVA | S5: UNION TEMPORAL SEGURIDAD HUNZA | V5: UNION TEMPORAL TUNJA 2022 | X5: ÁGUILA DE ORO DE COLOMBIA LTDA. | Y5: UNION TEMPORALRONDA - SECANCOL | AA5: UNION TEMPORAL C&T SEGURIDAD 741 | AC5: UNION TEMPORAL MEGAMETRO | AE5: UNIÓN TEMPORAL C&C 2022 | AG5: UNIÓN TEMPORALTUNJA SC | AI5: UNION TEMPORAL SERVILAOS 2022 | AK5: UNION TEMPORAL FS TUNJA | AM5: TP-PROTECCIÓN UNIÓN TEMPORAL | AO5: SEGURIDAD NAPOLES | AP5: UNIÓN TEMPORAL CODEL 2022 | AR5: UT SEPETEDAC RM TUNJA | AU5: UT PA 2022 | AW5: SEGURIDAD TREBOL LTDA | AX5: UNION TEMPORAL UT AM SEGURIDAD | AZ5: UNION TEMPORAL 2022 OB | BB5: SEGURIDAD NUEVA ERA | BC5: UNION TEMPORAL A1V 2022
E6: ZONA DE SEGURIDAD LTDA | F6: SEGURIDAD MONTEVIDEO LTDA | I6: SEGURIDAD LASER LTDA | J6: VIGILANCAI Y SEGURIDAD DINA POWER LTDA | K6: VIGIAS DE COLOMBIA SRL LTDA | L6: COMPAÑÍA DE VIGILANCIA PRIVADA LTDA SERSECOL | M6: SEGURIDAD PRIVADA Y VIGILANCIAOLIMPOSEGURIDAD | N6: SERVICIO DE VIGILANCAI TECNICO LTDA | O6: SEGURIDAD LAS AMERICAS | P6: EMPRESA DE VIGILANCIA CARIMAR | Q6: SEGURIDAD SUPERIOR LTDA | R6: VASCO SEGURITY GROUP | S6: AMCOVIT LTDA | T6: ADPORT LTDA | U6: SEGURIDAD FENIX DE COLOMBIA LTDA | V6: COMPAÑÍA ANDINA DE SEGURIDAD PRIVADA BIC LTDA | W6: SEGURIDAD SAN CARLOS LTDA | Y6: SEGURIDAD CANINA DE COLOMBIA LTDA - SECANCOL LTDA | Z6: RONDA DE COLOMBIA PROTECCION Y SEGURIDAD LTDA- RONDACOL LTDA | AA6: TOP GUARD LTDA | AB6: CUSTODIAR LTDA | AC6: MEGASEGURIDAD LTDA | AD6: METROPOLITAN SECURITY CORPORATION LTDA | AE6: COMPAÑÍA DE SERVICIOS DE VIGILANCIA PRIVADA PORTILLA Y PORTILLA LTDA. COSERVIPP LTDA | AF6: CENTINELAS LTDA | AG6: COMPAÑÍA DE VIGILANCIA COVISUR DE COLOMBIA LTDA | AH6: SEGURITEL LTDA | AI6: EMPRESA DE SEGURIDAD Y VIGILANCIA PRIVADA SERVICONFOR LTDA | AJ6: LAOS SEGURIDAD LTDA | AK6: FIDELITY SECURITY COMPANY LTDA | AL6: SEGURIDAD Y VIGILANCIA SERVICONCEL LTDA. | AM6: SEGURIDAD EL PROGRESO LTDA | AN6: TELEVIGILANCIA LTDA "PROTECCION Y SEGURIDAD" | AP6: DELTHAC 1 SEGURIDAD LTDA | AQ6: COSEQUIN LTDA | AR6: SEGURIDAD EL PENTAGONO COLOMBIANO LTDA SEPECOL | AS6: TECNOLOGIAS INTEGRALES DE SEGUIRIDAD | AT6: SEGURIDAD DECAPOLIS LTDA | AU6: SEGURIDAD ATLAS LTDA | AV6: SEGURIDAD PENTA LTDA | AX6: AVIZOR SEGURIDAD LTDA | AY6: MAGAL VIGILANCIA Y SEGURIDAD PRIVADA LTDA | AZ6: SEGURIDAD ONCOR LTDA | BA6: COMPAÑIA DE SEGURIDAD Y VIGILANCIA PRIVADA SIMON BOLIVAR LTDA EN REORGANIZACIÓN | BB6: SEGURIDAD NUEVA ERA | BC6: ATALAYA 1 SECURITY GROUP LTDA EN REORGANIZACIÓN | BD6: COMPAÑIA DE VIGILANCIA PRIVADA VIGILISTA LTDA
A7: 2.2.5.1 DOCUMENTOS QUE ACREDITEN LA CAPACIDAD JURIDICA
A8: 1 | B8: CARTA DE PRESENTACION DE LA PROPUESTA (ANEXO 1) | C8: APORTADO (SI O NO) | D8: SI APORTA | E8: SI APORTA | G8: SI APORTA | H8: SI APORTA | I8: SI APORTA | K8: SI APORTA | M8: SI APORTA | O8: SI APORTA | Q8: APORTA | S8: APORTA | V8: SI APORTA | X8: SI APORTA | Y8: SI APORTA | AA8: APORTA | AC8: APORTA | AE8: SI APORTA | AG8: SI APORTA | AI8: SI APORTA | AK8: SI APORTA | AM8: SI APORTA | AO8: SI APORTA | AP8: SI APORTA | AR8: SI APORTA | AU8: SI APORTA | AW8: SI APORTA | AX8: APORTA | AZ8: SI APORTA | BB8: APORTA | BC8: SI APORTA
C9: FIRMADO POR: | D9: R.LEGAL. LUIS FERNANDO SERRANO TASCON | E9: Representante Legal: | G9: R. LEGAL. DENICE GARZON MALPICA | H9: REPRESENTANTE LEGAL: JULIANA MARCELA LUNA CHAVES | I9: Representante Legal: | K9: Representante Legal: LEONARDO GOMEZ GRANADOS | M9: Representante Legal: YANIRA ESPERANZA OÑATE RODRIGUEZ | O9: Representante Legal: LEONARDO FERNANDEZ DELGADO | Q9: Representante Legal: GERMAN DUQUE MORALES | S9: Representante Legal: SANDRA SOLEDAD PANTOJA ROSALES | V9: Representante Legal: MIGUEL ANGEL DIAZ GARCIA | X9: Representante Legal:HERIBERTO LOAIZA MARIN | Y9: Representante Legal:NUBIA STELLA QUINTERO RUBIO | AA9: Representante Legal: JOSE LUIS MEJIA SARMIENTO | AC9: Representante Legal: CARLOS A. VELANDIA D. | AE9: Representante Legal: FABIO HERNANDO PORTILLA SANCHEZ | AG9: Representante Legal: CARLOS ALFONSO ESPINOSA CASTILLO | AI9: Representante Legal: MARTA LILIANA SAMBONI SEMANATE | AK9: Representante Legal: GUILLERMO MAYORGA VALENZUELA | AM9: Representante Legal: MARIA MONICA GONZALEZ RUIZ | AO9: Representante Legal: SONIA PATRICIA ANGARITA ABAUNZA | AP9: Representante Legal: ANGELICA BULLA CASTILLO | AR9: Representante Legal: OSCAR SANTIAGO SLVA ARIZA | AU9: Representante Legal: LUIS FERNANDO GARCIA TARQUINO | AW9: Representante Legal: | AX9: Representante Legal: SULMA SORAIDA RICO MORALES | AZ9: Representante Legal: GERMAN HERNANDO PERILLA MEDRANO | BB9: Representante Legal: NUBIA CONSUELO CASTRO SUESCA | BC9: Representante Legal: BERSELI MATEUS RUIZ
C10: OBSERVACIONES: | D10: Ninguna | E10: Ninguna | G10: Ninguna | H10: NINGUNA | I10: Ninguna | K10: Ninguna | M10: Ninguna | O10: Ninguna | Q10: Ninguna | S10: Ninguna | V10: Ninguna | X10: Ninguna | Y10: Ninguna | AA10: Ninguna | AC10: Ninguna | AE10: Ninguna | AG10: Ninguna | AI10: Ninguna | AK10: Ninguna | AM10: Ninguna | AO10: Ninguna | AP10: Ninguna | AR10: Ninguna | AU10: Ninguna | AW10: Ninguna | AX10: Ninguna | AZ10: Ninguna | BB10: Ninguna | BC10: Ninguna
A11: 3 | B11: MANIFESTACION EXPRESA DE NO ENCONTARSE INCURSO EN INHABILIDADES E INCOMPATIBILIDADES | C11: APORTADO (SI O NO) | D11: SI | E11: SI | F11: SI | G11: SI | H11: SI APORTA | I11: SI | J11: SI | K11: SI | L11: SI | M11: SI | N11: SI | O11: SI | P11: SI | Q11: SI | R11: SI | S11: SI | T11: SI | V11: SI | W11: SI | X11: SI | Y11: SI | Z11: SI | AA11: SI | AB11: SI | AC11: SI | AD11: SI | AE11: SI | AF11: SI | AG11: SI | AH11: SI | AI11: SI | AJ11: SI | AK11: SI | AL11: SI | AM11: SI | AN11: SI | AO11: SI | AP11: SI | AQ11: SI | AR11: SI | AS11: SI | AU11: SI | AV11: SI | AW11: SI | AX11: SI | AY11: SI | AZ11: SI | BA11: SI | BB11: SI | BC11: SI | BD11: SI
C12: NOMBRE DE QUIEN FIRMA | D12: R.LEGAL. LUIS FERNANDO SERRANO TASCON | E12: Representante Legal: | F12: Representante Legal: | G12: R. LEGAL. DENICE GARZON MALPICA | H12: Representante Legal: | I12: Representante Legal: | J12: Representante Legal: | K12: Representante Legal: | L12: Representante Legal: | M12: Representante Legal: | N12: Representante Legal: | O12: Representante Legal: | P12: Representante Legal: | Q12: Representante Legal: GERMAN DUQUE MORALES | R12: Representante Legal: ALBERT AUGUSTO GONZALEZ VASCO | S12: Representante Legal: FRANKLIN MORENO CARVAJAL | T12: Representante Legal: OSCAR ANDRES ROMERO CELIS | U12: Representante Legal: SANDRA SOLEDAD PANTOJA ROSALES | V12: Representante Legal: MIGUEL ANGEL DIAZ GARCIA | W12: Representante Legal: JAVIER AUGUSTO BARON | X12: Representante Legal:HERIBERTO LOAIZA MARIN | Y12: Representante Legal: EDNA MARGARITA GOMEZ BOTERO | Z12: Representante Legal: NUBIA STELLA QUINTERO RUBIO | AA12: Representante Legal: SEBASTIAN ALEJANDRO MORENO TRUJILLO | AB12: Representante Legal: HERNEY GALLEGO GALLEGO | AC12: Representante Legal: CARLOS A. VELANDIA D. | AD12: Representante Legal: JULIAN ANDRES RODRIGUEZ C. | AE12: Representante Legal: FABIO HERNANDO PORTILLA SANCHEZ | AF12: Representante Legal: DANIEL ANDRÉS HORMAZA PORTILLA | AG12: Representante Legal: CAROL ANDREA GRANADA GOMEZ | AH12: Representante Legal: CARLOS ALFONSO ESPINOSA CASTILLO | AI12: Representante Legal: MARTA LILIANA SAMBONI SEMANATE | AJ12: Representante Legal: ALVARO ORDOÑEZ ORTIZ | AK12: Representante Legal: JAIME LUIS MAHECHA PARADA | AL12: Representante Legal:GUILLERMO MAYORGA VALENZUELA | AM12: Representante Legal: HECTOR BAEZ MEDINA | AN12: Representante Legal: MARIA MONICA GONZALES RUIZ | AO12: Representante Legal: SONIA PATRICIA ANGARITA ABAUNZA | AP12: Representante Legal: PEDRO ELIAS SANCHEZ ANGARITA | AQ12: Representante Legal: ANGELICA BULLA CASTILLO | AR12: Representante Legal: | AS12: Representante Legal: | AT12: Representante Legal: | AU12: Representante Legal: | AV12: Representante Legal: | AW12: YEIMI ALEXANDRA ZANGUÑA BARON | AX12: Representante Legal: SULMA SORAIDA RICO MORALES | AY12: Representante Legal: ERIKA JOHANNA RODRIGUEZ UMBACIA | AZ12: Representante Legal: GERMAN HERNANDO PERILLA MEDRANO | BA12: Representante Legal: WILLIAM RESTREPO ESPINOSA | BB12: Representante Legal: NUBIA CONSUELO CASTRO SUESCA | BC12: Representante Legal: BERSELI MATEUS RUIZ | BD12: Representante Legal: ALFREDO REYES SANCHEZ
C13: OBSERVACIONES: | D13: NO TIENE INCURSO EN INHABILIDADES E INCOMPATIBILIDADES | E13: NO TIENE INCURSO EN INHABILIDADES E INCOMPATIBILIDADES | F13: NO TIENE INCURSO EN INHABILIDADES E INCOMPATIBILIDADES | G13: NO TIENE INCURSO EN INHABILIDADES E INCOMPATIBILIDADES | H13: NO TIENE INCURSO EN INHABILIDADES E INCOMPATIBILIDADES | I13: NO TIENE INCURSO EN INHABILIDADES E INCOMPATIBILIDADES | J13: NO TIENE INCURSO EN INHABILIDADES E INCOMPATIBILIDADES | K13: NO TIENE INCURSO EN INHABILIDADES E INCOMPATIBILIDADES | L13: NO TIENE INCURSO EN INHABILIDADES E INCOMPATIBILIDADES | M13: NO TIENE INCURSO EN INHABILIDADES E INCOMPATIBILIDADES | N13: NO TIENE INCURSO EN INHABILIDADES E INCOMPATIBILIDADES | O13: NO TIENE INCURSO EN INHABILIDADES E INCOMPATIBILIDADES | P13: NO TIENE INCURSO EN INHABILIDADES E INCOMPATIBILIDADES | Q13: NO TIENE INCURSO EN INHABILIDADES E INCOMPATIBILIDADES | R13: NO TIENE INCURSO EN INHABILIDADES E INCOMPATIBILIDADES | S13: NO TIENE INCURSO EN INHABILIDADES E INCOMPATIBILIDADES | T13: NO TIENE INCURSO EN INHABILIDADES E INCOMPATIBILIDADES | U13: NO TIENE INCURSO EN INHABILIDADES E INCOMPATIBILIDADES | V13: NO TIENE INCURSO EN INHABILIDADES E INCOMPATIBILIDADES | W13: NO TIENE INCURSO EN INHABILIDADES E INCOMPATIBILIDADES | X13: NO TIENE INCURSO EN INHABILIDADES E INCOMPATIBILIDADES | Y13: NO TIENE INCURSO EN INHABILIDADES E INCOMPATIBILIDADES | Z13: NO TIENE INCURSO EN INHABILIDADES E INCOMPATIBILIDADES | AA13: NO TIENE INCURSO EN INHABILIDADES E INCOMPATIBILIDADES | AB13: NO TIENE INCURSO EN INHABILIDADES E INCOMPATIBILIDADES | AC13: NO TIENE INCURSO EN INHABILIDADES E INCOMPATIBILIDADES | AD13: NO TIENE INCURSO EN INHABILIDADES E INCOMPATIBILIDADES | AE13: NO TIENE INCURSO EN INHABILIDADES E INCOMPATIBILIDADES | AF13: NO TIENE INCURSO EN INHABILIDADES E INCOMPATIBILIDADES | AG13: NO TIENE INCURSO EN INHABILIDADES E INCOMPATIBILIDADES | AH13: NO TIENE INCURSO EN INHABILIDADES E INCOMPATIBILIDADES | AI13: NO TIENE INCURSO EN INHABILIDADES E INCOMPATIBILIDADES | AJ13: NO TIENE INCURSO EN INHABILIDADES E INCOMPATIBILIDADES | AK13: NO TIENE INCURSO EN INHABILIDADES E INCOMPATIBILIDADES | AL13: NO TIENE INCURSO EN INHABILIDADES E INCOMPATIBILIDADES | AM13: NO TIENE INCURSO EN INHABILIDADES E INCOMPATIBILIDADES | AN13: NO TIENE INCURSO EN INHABILIDADES E INCOMPATIBILIDADES | AO13: NO TIENE INCURSO EN INHABILIDADES E INCOMPATIBILIDADES | AP13: NO TIENE INCURSO EN INHABILIDADES E INCOMPATIBILIDADES | AQ13: NO TIENE INCURSO EN INHABILIDADES E INCOMPATIBILIDADES | AR13: NO TIENE INCURSO EN INHABILIDADES E INCOMPATIBILIDADES | AS13: NO TIENE INCURSO EN INHABILIDADES E INCOMPATIBILIDADES | AT13: NO TIENE INCURSO EN INHABILIDADES E INCOMPATIBILIDADES | AU13: NO TIENE INCURSO EN INHABILIDADES E INCOMPATIBILIDADES | AV13: NO TIENE INCURSO EN INHABILIDADES E INCOMPATIBILIDADES | AW13: DECLARA NO ESTAR INCURSO EN INHABULIDADES E INCOMPATIBILIDADES | AX13: NO TIENE INCURSO EN INHABILIDADES E INCOMPATIBILIDADES | AY13: NO TIENE INCURSO EN INHABILIDADES E INCOMPATIBILIDADES | AZ13: NO TIENE INCURSO EN INHABILIDADES E INCOMPATIBILIDADES | BA13: NO TIENE INCURSO EN INHABILIDADES E INCOMPATIBILIDADES | BB13: NO INCURSO EN INHABILIDADES E INCOMPATIBILIDADES | BC13: NO TIENE INCURSO EN INHABILIDADES E INCOMPATIBILIDADES | BD13: NO TIENE INCURSO EN INHABILIDADES E INCOMPATIBILIDADES
A14: 4 | B14: DOCUMENTO DE CONFORMACIÓN DE CONSORCIO Y/O UNION TEMPORAL (ANEXO 2) | C14: APORTADO (SI O NO) | D14: NO APLICA | E14: SI APORTA | G14: NO APLICA | H14: NO APLICA | I14: SI APORTA | K14: SI APORTA | M14: SI APORTA | O14: SI APORTA | Q14: SI APORTA | S14: SI APORTA | V14: SI APORTA | X14: NO APLICA | Y14: SI APORTA | AA14: SI APORTA | AC14: SI APORTA | AE14: SI APORTA | AG14: SI APORTA | AI14: SI APORTA | AK14: SI APORTA | AM14: SI APORTA | AO14: NO APLICA | AP14: SI APORTA | AR14: SI APORTA | AU14: SI APORTA | AW14: NO APLICA | AX14: SI APORTA | AZ14: SI APORTA | BB14: N.A | BC14: SI APORTA
C15: PORCENTAJE DE PARTICIPACIÓN: | E15: 0.7 | F15: 0.3 | H15: NO APLICA | I15: 0.5 | J15: 0.5 | K15: 0.9 | L15: 0.1 | M15: 0.1 | N15: 0.9 | O15: 0.5 | P15: 0.5 | Q15: 0.9 | R15: 0.1 | S15: 0.01 | T15: 0.98 | U15: 0.01 | V15: 0.9 | W15: 0.1 | Y15: 0.5 | Z15: 0.5 | AA15: 0.99 | AB15: 0.01 | AC15: 0.6 | AD15: 0.4 | AE15: 0.02 | AF15: 0.98 | AG15: 0.01 | AH15: 0.99 | AI15: 0.7 | AJ15: 0.3 | AK15: 0.5 | AL15: 0.5 | AM15: 0.99 | AN15: 0.01 | AP15: 0.99 | AQ15: 0.01 | AR15: 0.35 | AS15: 0.4 | AT15: 0.25 | AU15: 0.9 | AV15: 0.1 | AX15: 0.4 | AY15: 0.6 | AZ15: 0.5 | BA15: 0.5 | BB15: N.A | BC15: 0.1 | BD15: 0.9
C16: DURACIÓN DE LA FIGURA ASOCIATIVA: | E16: TERMINIO DE EJECUCION DEL CONTRATO Y UN AÑO MAS | H16: NO APLICA | I16: TERMINIO DE EJECUCION DEL CONTRATO Y UN AÑO MAS | K16: TERMINIO DE EJECUCION DEL CONTRATO Y UN AÑO MAS | M16: TERMINIO DE EJECUCION DEL CONTRATO Y UN AÑO MAS | O16: TERMINIO DE EJECUCION DEL CONTRATO Y UN AÑO MAS | Q16: TERMINO DE EJECUCION DEL CONTRATO Y UN AÑO MAS | S16: TERMINO DE EJECUCION DEL CONTRATO Y UN AÑO MAS | V16: TERMINO DE EJECUCION DEL CONTRATO Y CINCO AÑOS MAS | Y16: TERMINO DE EJECUCION DEL CONTRATO Y UN AÑO MAS | AA16: TERMINO DE EJECUCION DEL CONTRATO Y UN AÑO MAS | AC16: TERMINO DE EJECUCION DEL CONTRATO Y UN AÑO MAS | AE16: La duración de esta Unión Temporal será igual al del término de ejecución y liquidación del contrato y un año más. | AG16: será igual al del término de ejecución y liquidación del contrato y un año más. | AI16: será igual al del término de ejecución y liquidación del contrato y un año más. | AK16: será igual al del término de ejecución y liquidación del contrato y un año más. | AM16: será igual al del término de ejecución y liquidación del contrato y un año más | AP16: será igual al del término de ejecución y liquidación del contrato y un año más | AR16: TERMINIO DE EJECUCION DEL CONTRATO Y UN AÑO MAS | AU16: TERMINIO DE EJECUCION DEL CONTRATO Y UN AÑO MAS | AX16: SIETE MESES Y VEINTICINCO DIAS Y UN AÑO MAS | AZ16: será igual al del término de ejecución y liquidación del contrato y un año más | BB16: N.A | BC16: será igual al del término de ejecución y liquidación del contrato y un año más
C17: NOMBRE REPRESENTANTE LEGAL: | E17: FABIO AMADO AYALA | H17: NO APLICA | I17: FABIO AMADO AYALA | K17: FABIO AMADO AYALA | M17: FABIO AMADO AYALA | O17: LEONARDO FERNANDEZ DELGADO | Q17: GERMAN DUQUE MORALES | S17: SANDRA SOLEDAD PANTOJA ROSALES | V17: MIGUEL ANGEL DÍAZ GARCIA | Y17: NUBIA STELLA QUINTERO RUBIO | AA17: JOSE LUIS MEJIA SARMIENTO | AC17: CARLOS A. VELANDIA D. | AE17: Representante Legal: FABIO HERNANDO PORTILLA SANCHEZ | AG17: Representante Legal: CARLOS ALFONSO ESPINOSA CASTILLO | AI17: Representante Legal: MARTA LILIANA SAMBONI SEMANATE | AK17: Representante Legal: MARTA LILIANA SAMBONI SEMANATE | AM17: Representante Legal: MARIA MONICA GONZALEZ RUIZ | AP17: Representante Legal: ANGELICA BULLA CASTILLO | AR17: OSCAR SANTIAGO SILVA ARIZA | AU17: LUIS FERNANNO GARCIA TARQUINO | AX17: SULMA SORAIDA RICO MORALES | AZ17: Representante Legal: ANGELICA BULLA CASTILLO | BB17: N.A | BC17: Representante Legal:
C18: LABORES A REALIZAR EN UNION TEMPORAL: | E18: PRESTAR EL SERVICIO DE VIGILANCIA Y SEGURIDAD PRIVADA CONMEDIO HUMANO ARMADO, SIN ARMA Y APOYO CON MEDIOS TECNOLOGICOS EN DESPACHOS JUDICIALES DE OS DISTRITOS JUDICIALES DE TUNJA, SANTA ROSA DE VITERBO Y YOPAL. | F18: PRESTAR EL SERVICIO DE VIGILANCIA Y SEGURIDAD PRIVADA CONMEDIO HUMANO ARMADO, SIN ARMA Y APOYO CON MEDIOS TECNOLOGICOS EN DESPACHOS JUDICIALES DE OS DISTRITOS JUDICIALES DE TUNJA, SANTA ROSA DE VITERBO Y YOPAL. | H18: NO APLICA | I18: PRESTAR EL SERVICIO DE VIGILANCIA Y SEGURIDAD PRIVADA CONMEDIO HUMANO ARMADO, SIN ARMA Y APOYO CON MEDIOS TECNOLOGICOS EN DESPACHOS JUDICIALES DE OS DISTRITOS JUDICIALES DE TUNJA, SANTA ROSA DE VITERBO Y YOPAL. | J18: PRESTAR EL SERVICIO DE VIGILANCIA Y SEGURIDAD PRIVADA CONMEDIO HUMANO ARMADO, SIN ARMA Y APOYO CON MEDIOS TECNOLOGICOS EN DESPACHOS JUDICIALES DE OS DISTRITOS JUDICIALES DE TUNJA, SANTA ROSA DE VITERBO Y YOPAL. | K18: PRESTAR EL SERVICIO DE VIGILANCIA Y SEGURIDAD PRIVADA CONMEDIO HUMANO ARMADO, SIN ARMA Y APOYO CON MEDIOS TECNOLOGICOS EN DESPACHOS JUDICIALES DE OS DISTRITOS JUDICIALES DE TUNJA, SANTA ROSA DE VITERBO Y YOPAL. | L18: PRESTAR EL SERVICIO DE VIGILANCIA Y SEGURIDAD PRIVADA CONMEDIO HUMANO ARMADO, SIN ARMA Y APOYO CON MEDIOS TECNOLOGICOS EN DESPACHOS JUDICIALES DE OS DISTRITOS JUDICIALES DE TUNJA, SANTA ROSA DE VITERBO Y YOPAL. | M18: PRESTAR EL SERVICIO DE VIGILANCIA Y SEGURIDAD PRIVADA CONMEDIO HUMANO ARMADO, SIN ARMA Y APOYO CON MEDIOS TECNOLOGICOS EN DESPACHOS JUDICIALES DE OS DISTRITOS JUDICIALES DE TUNJA, SANTA ROSA DE VITERBO Y YOPAL. | N18: PRESTAR EL SERVICIO DE VIGILANCIA Y SEGURIDAD PRIVADA CONMEDIO HUMANO ARMADO, SIN ARMA Y APOYO CON MEDIOS TECNOLOGICOS EN DESPACHOS JUDICIALES DE OS DISTRITOS JUDICIALES DE TUNJA, SANTA ROSA DE VITERBO Y YOPAL. | O18: PRESTAR EL SERVICIO DE VIGILANCIA Y SEGURIDAD PRIVADA CONMEDIO HUMANO ARMADO, SIN ARMA Y APOYO CON MEDIOS TECNOLOGICOS EN DESPACHOS JUDICIALES DE OS DISTRITOS JUDICIALES DE TUNJA, SANTA ROSA DE VITERBO Y YOPAL. | P18: PRESTAR EL SERVICIO DE VIGILANCIA Y SEGURIDAD PRIVADA CONMEDIO HUMANO ARMADO, SIN ARMA Y APOYO CON MEDIOS TECNOLOGICOS EN DESPACHOS JUDICIALES DE OS DISTRITOS JUDICIALES DE TUNJA, SANTA ROSA DE VITERBO Y YOPAL. | Q18: Contratar en nombre de la NACION – CONSEJO SUPERIOR DE LA JUDICATURA – DIRECCION EJECUTIVA SECCIONAL DE ADMINISTRACION JUDICIAL DE TUNJA, la prestación del servicio de vigilancia y seguridad privada con medio humano armado, sin arma y apoyo con medios tecnológicos, en algunas sedes donde funcionan Corporaciones y Despachos Judiciales de los Distritos de Tunja, Santa Rosa de Viterbo y Yopal. | R18: Contratar en nombre de la NACION – CONSEJO SUPERIOR DE LA JUDICATURA – DIRECCION EJECUTIVA SECCIONAL DE ADMINISTRACION JUDICIAL DE TUNJA, la prestación del servicio de vigilancia y seguridad privada con medio humano armado, sin arma y apoyo con medios tecnológicos, en algunas sedes donde funcionan Corporaciones y Despachos Judiciales de los Distritos de Tunja, Santa Rosa de Viterbo y Yopal. | S18: Contratar en nombre de la NACION – CONSEJO SUPERIOR DE LA JUDICATURA – DIRECCION EJECUTIVA SECCIONAL DE ADMINISTRACION JUDICIAL DE TUNJA, la prestación del servicio de vigilancia y seguridad privada con medio humano armado, sin arma y apoyo con medios tecnológicos, en algunas sedes donde funcionan Corporaciones y Despachos Judiciales de los Distritos de Tunja, Santa Rosa de Viterbo y Yopal. | T18: Contratar en nombre de la NACION – CONSEJO SUPERIOR DE LA JUDICATURA – DIRECCION EJECUTIVA SECCIONAL DE ADMINISTRACION JUDICIAL DE TUNJA, la prestación del servicio de vigilancia y seguridad privada con medio humano armado, sin arma y apoyo con medios tecnológicos, en algunas sedes donde funcionan Corporaciones y Despachos Judiciales de los Distritos de Tunja, Santa Rosa de Viterbo y Yopal. | U18: Contratar en nombre de la NACION – CONSEJO SUPERIOR DE LA JUDICATURA – DIRECCION EJECUTIVA SECCIONAL DE ADMINISTRACION JUDICIAL DE TUNJA, la prestación del servicio de vigilancia y seguridad privada con medio humano armado, sin arma y apoyo con medios tecnológicos, en algunas sedes donde funcionan Corporaciones y Despachos Judiciales de los Distritos de Tunja, Santa Rosa de Viterbo y Yopal. | V18: PRESTAR EL SERVICIO DE VIGILANCIA Y SEGURIDAD PRIVADA CONMEDIO HUMANO ARMADO, SIN ARMA Y APOYO CON MEDIOS TECNOLOGICOS EN DESPACHOS JUDICIALES DE OS DISTRITOS JUDICIALES DE TUNJA, SANTA ROSA DE VITERBO Y YOPAL. | W18: PRESTAR EL SERVICIO DE VIGILANCIA Y SEGURIDAD PRIVADA CONMEDIO HUMANO ARMADO, SIN ARMA Y APOYO CON MEDIOS TECNOLOGICOS EN DESPACHOS JUDICIALES DE OS DISTRITOS JUDICIALES DE TUNJA, SANTA ROSA DE VITERBO Y YOPAL. | Y18: PRESTAR EL SERVICIO DE VIGILANCIA Y SEGURIDAD PRIVADA CONMEDIO HUMANO ARMADO, SIN ARMA Y APOYO CON MEDIOS TECNOLOGICOS EN DESPACHOS JUDICIALES DE OS DISTRITOS JUDICIALES DE TUNJA, SANTA ROSA DE VITERBO Y YOPAL. | Z18: PRESTAR EL SERVICIO DE VIGILANCIA Y SEGURIDAD PRIVADA CONMEDIO HUMANO ARMADO, SIN ARMA Y APOYO CON MEDIOS TECNOLOGICOS EN DESPACHOS JUDICIALES DE OS DISTRITOS JUDICIALES DE TUNJA, SANTA ROSA DE VITERBO Y YOPAL. | AA18: Contratar en nombre de la NACION – CONSEJO SUPERIOR DE LA JUDICATURA – DIRECCION EJECUTIVA SECCIONAL DE ADMINISTRACION JUDICIAL DE TUNJA, la prestación del servicio de vigilancia y seguridad privada con medio humano armado, sin arma y apoyo con medios tecnológicos, en algunas sedes donde funcionan Corporaciones y Despachos Judiciales de los Distritos de Tunja, Santa Rosa de Viterbo y Yopal. | AB18: Contratar en nombre de la NACION – CONSEJO SUPERIOR DE LA JUDICATURA – DIRECCION EJECUTIVA SECCIONAL DE ADMINISTRACION JUDICIAL DE TUNJA, la prestación del servicio de vigilancia y seguridad privada con medio humano armado, sin arma y apoyo con medios tecnológicos, en algunas sedes donde funcionan Corporaciones y Despachos Judiciales de los Distritos de Tunja, Santa Rosa de Viterbo y Yopal. | AC18: Contratar en nombre de la NACION – CONSEJO SUPERIOR DE LA JUDICATURA – DIRECCION EJECUTIVA SECCIONAL DE ADMINISTRACION JUDICIAL DE TUNJA, la prestación del servicio de vigilancia y seguridad privada con medio humano armado, sin arma y apoyo con medios tecnológicos, en algunas sedes donde funcionan Corporaciones y Despachos Judiciales de los Distritos de Tunja, Santa Rosa de Viterbo y Yopal. | AD18: Contratar en nombre de la NACION – CONSEJO SUPERIOR DE LA JUDICATURA – DIRECCION EJECUTIVA SECCIONAL DE ADMINISTRACION JUDICIAL DE TUNJA, la prestación del servicio de vigilancia y seguridad privada con medio humano armado, sin arma y apoyo con medios tecnológicos, en algunas sedes donde funcionan Corporaciones y Despachos Judiciales de los Distritos de Tunja, Santa Rosa de Viterbo y Yopal. | AE18: Elaboración de la propuesta y en la ejecución del contrato: “prestación del servicio de vigilancia y seguridad privada con medio humano armado, sin arma y apoyo con medios tecnológicos, en algunas sedes donde funcionan Corporaciones y Despachos Judiciales de los Distritos de Tunja, Santa Rosa de Viterbo y Yopal.”. | AF18: Elaboración de la propuesta y en la ejecución del contrato: “prestación del servicio de vigilancia y seguridad privada con medio humano armado, sin arma y apoyo con medios tecnológicos, en algunas sedes donde funcionan Corporaciones y Despachos Judiciales de los Distritos de Tunja, Santa Rosa de Viterbo y Yopal.”. | AG18: CONSECUCIÓN DE LOS DOCUMENTOS PARA LA ELABORACIÓN DE LA PROPUESTA. EN LA EJECUCION DEL CONTRATO: PRESTACIÓN DEL SERVICIO DE VIGILANCIA EN LA MODALIDAD FIJA, MOVIL CON Y SIN ARMA. PRESTACIÓN DEL SERVICIO DE MEDIOS TECNOLOGICOS. REALIZARA EL PROCESO DE SELECCIÓN Y VINCULACIÓN DEL PERSONAL DE ACUERDO AL PERFIL REQUERIDO POR LA ENTIDAD. PRESTACIÓN DEL SERVICIO DE SUPERVISION. TENDRÁ A SU CARGO EL MANEJO ADMINISTRATIVO Y CONTABLE. | AH18: CONSECUCIÓN DE LOS DOCUMENTOS PARA LA ELABORACIÓN DE LA PROPUESTA. EN LA EJECUCION DEL CONTRATO: PRESTACIÓN DEL SERVICIO DE VIGILANCIA EN LA MODALIDAD FIJA, MOVIL CON Y SIN ARMA. PRESTACIÓN DEL SERVICIO DE MEDIOS TECNOLOGICOS. REALIZARA EL PROCESO DE SELECCIÓN Y VINCULACIÓN DEL PERSONAL DE ACUERDO AL PERFIL REQUERIDO POR LA ENTIDAD. PRESTACIÓN DEL SERVICIO DE SUPERVISION. TENDRÁ A SU CARGO EL MANEJO ADMINISTRATIVO Y CONTABLE. | AI18: La prestación del servicio de vigilancia y seguridad privada con medio humano armado, sin arma y apoyo con medios tecnológicos, en algunas sedes donde funcionan Corporaciones y Despachos Judiciales de los Distritos de Tunja, Santa Rosa de Viterbo y Yopal. | AJ18: La prestación del servicio de vigilancia y seguridad privada con medio humano armado, sin arma y apoyo con medios tecnológicos, en algunas sedes donde funcionan Corporaciones y Despachos Judiciales de los Distritos de Tunja, Santa Rosa de Viterbo y Yopal. | AK18: Contratar en nombre de la NACION – CONSEJO SUPERIOR DE LA JUDICATURA – DIRECCION EJECUTIVA SECCIONAL DE ADMINISTRACION JUDICIAL DE TUNJA, la prestación del servicio de vigilancia y seguridad privada con medio humano armado, sin arma y apoyo con medios tecnológicos, en algunas sedes donde funcionan Corporaciones y Despachos Judiciales de los Distritos de Tunja, Santa Rosa de Viterbo y Yopal | AL18: Contratar en nombre de la NACION – CONSEJO SUPERIOR DE LA JUDICATURA – DIRECCION EJECUTIVA SECCIONAL DE ADMINISTRACION JUDICIAL DE TUNJA, la prestación del servicio de vigilancia y seguridad privada con medio humano armado, sin arma y apoyo con medios tecnológicos, en algunas sedes donde funcionan Corporaciones y Despachos Judiciales de los Distritos de Tunja, Santa Rosa de Viterbo y Yopal | AM18: “CONTRATAR EN NOMBRE DE LA NACION – CONSEJO SUPERIOR DE LA JUDICATURA – DIRECCIÓN EJECUTIVA SECCIONAL DE ADMINISTRACION JUDICIAL DE TUNJA, LA PRESTACIÓN DEL SERVICIO DE VIGILANCIA Y SEGURIDAD PRIVADA CON MEDIO HUMANO ARMADO, SIN ARMA Y APOYO CON MEDIOS TECNOLÓGICOS, EN ALGUNAS SEDES DONDE FUNCIONAN CORPORACIONES Y DESPACHOS JUDICIALES DE LOS DISTRITOS DE TUNJA, SANTA ROSA DE VITERBO Y YOPAL”. | AN18: “CONTRATAR EN NOMBRE DE LA NACION – CONSEJO SUPERIOR DE LA JUDICATURA – DIRECCIÓN EJECUTIVA SECCIONAL DE ADMINISTRACION JUDICIAL DE TUNJA, LA PRESTACIÓN DEL SERVICIO DE VIGILANCIA Y SEGURIDAD PRIVADA CON MEDIO HUMANO ARMADO, SIN ARMA Y APOYO CON MEDIOS TECNOLÓGICOS, EN ALGUNAS SEDES DONDE FUNCIONAN CORPORACIONES Y DESPACHOS JUDICIALES DE LOS DISTRITOS DE TUNJA, SANTA ROSA DE VITERBO Y YOPAL”. | AP18: Contratar en nombre de la NACION – CONSEJO SUPERIOR DE LA JUDICATURA – DIRECCION EJECUTIVA SECCIONAL DE ADMINISTRACION JUDICIAL DE TUNJA, la prestación del servicio de vigilancia y seguridad privada con medio humano armado, sin arma y apoyo con medios tecnológicos, en algunas sedes donde funcionan Corporaciones y Despachos Judiciales de los Distritos de Tunja, Santa Rosa de Viterbo y Yopal.” | AQ18: Contratar en nombre de la NACION – CONSEJO SUPERIOR DE LA JUDICATURA – DIRECCION EJECUTIVA SECCIONAL DE ADMINISTRACION JUDICIAL DE TUNJA, la prestación del servicio de vigilancia y seguridad privada con medio humano armado, sin arma y apoyo con medios tecnológicos, en algunas sedes donde funcionan Corporaciones y Despachos Judiciales de los Distritos de Tunja, Santa Rosa de Viterbo y Yopal.” | AR18: PRESTAR EL SERVICIO DE VIGILANCIA Y SEGURIDAD PRIVADA CONMEDIO HUMANO ARMADO, SIN ARMA Y APOYO CON MEDIOS TECNOLOGICOS EN DESPACHOS JUDICIALES DE OS DISTRITOS JUDICIALES DE TUNJA, SANTA ROSA DE VITERBO Y YOPAL. | AS18: PRESTAR EL SERVICIO DE VIGILANCIA Y SEGURIDAD PRIVADA CONMEDIO HUMANO ARMADO, SIN ARMA Y APOYO CON MEDIOS TECNOLOGICOS EN DESPACHOS JUDICIALES DE OS DISTRITOS JUDICIALES DE TUNJA, SANTA ROSA DE VITERBO Y YOPAL. | AT18: PRESTAR EL SERVICIO DE VIGILANCIA Y SEGURIDAD PRIVADA CONMEDIO HUMANO ARMADO, SIN ARMA Y APOYO CON MEDIOS TECNOLOGICOS EN DESPACHOS JUDICIALES DE OS DISTRITOS JUDICIALES DE TUNJA, SANTA ROSA DE VITERBO Y YOPAL. | AU18: PRESTAR EL SERVICIO DE VIGILANCIA Y SEGURIDAD PRIVADA CONMEDIO HUMANO ARMADO, SIN ARMA Y APOYO CON MEDIOS TECNOLOGICOS EN DESPACHOS JUDICIALES DE OS DISTRITOS JUDICIALES DE TUNJA, SANTA ROSA DE VITERBO Y YOPAL. | AV18: PRESTAR EL SERVICIO DE VIGILANCIA Y SEGURIDAD PRIVADA CONMEDIO HUMANO ARMADO, SIN ARMA Y APOYO CON MEDIOS TECNOLOGICOS EN DESPACHOS JUDICIALES DE OS DISTRITOS JUDICIALES DE TUNJA, SANTA ROSA DE VITERBO Y YOPAL. | AX18: Contratar en nombre de la NACION – CONSEJO SUPERIOR DE LA JUDICATURA – DIRECCION EJECUTIVA SECCIONAL DE ADMINISTRACION JUDICIAL DE TUNJA, la prestación del servicio de vigilancia y seguridad privada con medio humano armado, sin arma y apoyo con medios tecnológicos, en algunas sedes donde funcionan Corporaciones y Despachos Judiciales de los Distritos de Tunja, Santa Rosa de Viterbo y Yopal. | AY18: Contratar en nombre de la NACION – CONSEJO SUPERIOR DE LA JUDICATURA – DIRECCION EJECUTIVA SECCIONAL DE ADMINISTRACION JUDICIAL DE TUNJA, la prestación del servicio de vigilancia y seguridad privada con medio humano armado, sin arma y apoyo con medios tecnológicos, en algunas sedes donde funcionan Corporaciones y Despachos Judiciales de los Distritos de Tunja, Santa Rosa de Viterbo y Yopal. | AZ18: Prestación del servicio de vigilancia y seguridad privada con medio humano armado, sin arma y apoyo con medios tecnológicos, en algunas sedes donde funcionan Corporaciones y Despachos Judiciales de los Distritos de Tunja, Santa Rosa de Viterbo y Yopal. | BA18: Prestación del servicio de vigilancia y seguridad privada con medio humano armado, sin arma y apoyo con medios tecnológicos, en algunas sedes donde funcionan Corporaciones y Despachos Judiciales de los Distritos de Tunja, Santa Rosa de Viterbo y Yopal. | BB18: N.A | BC18: Contratar en nombre de la NACION – CONSEJO SUPERIOR DE LA JUDICATURA – DIRECCION EJECUTIVA SECCIONAL DE ADMINISTRACION JUDICIAL DE TUNJA, la prestación del servicio de vigilancia y seguridad privada con medio humano armado, sin arma y apoyo con medios tecnológicos, en algunas sedes donde funcionan Corporaciones y Despachos Judiciales de los Distritos de Tunja, Santa Rosa de Viterbo y Yopal.” | BD18: Contratar en nombre de la NACION – CONSEJO SUPERIOR DE LA JUDICATURA – DIRECCION EJECUTIVA SECCIONAL DE ADMINISTRACION JUDICIAL DE TUNJA, la prestación del servicio de vigilancia y seguridad privada con medio humano armado, sin arma y apoyo con medios tecnológicos, en algunas sedes donde funcionan Corporaciones y Despachos Judiciales de los Distritos de Tunja, Santa Rosa de Viterbo y Yopal.”
C19: OBSERVACIONES | D19: Ninguna | E19: Ninguna | G19: NIguna | H19: NO APLICA | I19: Ninguna | K19: Ninguna | M19: Ninguna | O19: Ninguna | Q19: Ninguna | S19: Ninguna | V19: Ninguna | X19: Ninguna | Y19: Ninguna | AA19: Ninguna | AC19: Ninguna | AE19: Ninguna | AG19: Ninguna | AI19: Ninguna | AK19: Ninguna | AM19: Ninguna | AO19: Ninguna | AP19: Ninguna | AR19: Ninguna | AU19: Ninguna | AW19: Ninguna | AX19: Ninguna | AZ19: Ninguna | BB19: Ninguna | BC19: Ninguna
A20: 5 | B20: FOTOCOPIA DOCUMENTO DE IDENTIDAD (figuras asociativas documento c/u de los integrantes) | C20: APORTADO (SI O NO) | D20: SI | E20: SI | F20: SI | G20: SI | H20: SI APORTA | I20: SI | J20: SI | K20: SI | L20: SI | M20: SI | N20: SI | O20: SI | P20: SI | Q20: SI | R20: SI | S20: SI | T20: SI | U20: SI | V20: SI | W20: SI | X20: SI | Y20: SI | Z20: SI | AA20: SI | AB20: SI | AC20: SI | AD20: SI | AE20: SI | AF20: SI | AG20: SI | AH20: SI | AI20: SI | AJ20: SI | AK20: SI | AL20: SI | AM20: SI | AN20: SI | AO20: SI | AP20: SI | AQ20: SI | AR20: SI | AS20: SI | AT20: SI | AU20: SI | AV20: SI | AW20: SI | AX20: SI | AY20: SI | AZ20: SI | BA20: SI | BB20: SI | BC20: SI | BD20: SI
C21: No. Cedula de ciudadania | D21: 14650154 | E21: 80022640 | F21: 79708271 | G21: 46313325 | H21: 52789684 | I21: 73167096 | J21: 83183118 | K21: 39776446 | L21: 19467223 | M21: 52475991 | N21: 79386128 | O21: 19272850 | P21: 79553407 | Q21: 79312432 | R21: 75068387 | S21: 79590116 | T21: 79984943 | U21: 41101391 | V21: 79502667 | W21: 79703069 | X21: 19272775 DE PACORA | Y21: 30302713 | Z21: 60294378 | AA21: 80875292 | AB21: 6218158 | AC21: 79577206 | AD21: 1018497079 | AE21: C.C. 9.528.882 de Sogamoso | AF21: C.C. 1.032.472.747 de Bogotá | AG21: C.C. 52.828.346 DE BOGOTÁ | AH21: C.C. 1.012.351.021 DE BOGOTÁ | AI21: C.C. 1.082.772.851 BTA | AJ21: C.C. 19.244.864 | AK21: C.C. 79,433,863 | AL21: C.C. No.: 79.051.295 DE ENGATIVÁ | AM21: C.C. 79.396.115 Bogotá D.C | AN21: C.C. 36.165.333 de Neiva. | AO21: 63.368.762 de Bucaramanga | AP21: C.C 13.823.484 de Bucaramanga | AQ21: C.C: 41.929.812 de Armenia | AR21: 79385626 | AS21: 1057579935 | AT21: 52055586 | AU21: 79062686 | AV21: 1032356698 | AW21: 1,053,607,431 | AX21: 40380767 | AY21: 1121879414 | AZ21: C.C. No. 79.285.464 de Bogotá D.C | BA21: C.C. No. 13.465.086 de Cúcuta | BB21: 52368373 | BC21: 19.110.478 de Bogotá | BD21: 4.280.650 de Togui
C22: NOMBRE: | D22: LUIS FERNANDO SERRANO TASCON | E22: JHON JAIRO NEIRA BEJARANO | F22: FABIO AMADO AYALA | G22: DENICE GARZON MALPICA | H22: JULIANA MARCELA LUNA CHAVES | I22: LUIS FRANCISCO OSPINA GONZALEZ | J22: GERMAN DARIO ARGUMEDO PEREZ | K22: GLORIA ELENA MURIEL BOTERO | L22: LEONARDO GOMEZ GRANADOS | M22: YANIRA ESPERANZA OÑATE RODRIGUEZ | N22: JUAN MANUEL SILVA RUIZ | O22: LEONARDO FERNANDEZ DELGADO | P22: JHON EDWARD RAMOS AMEZQUITA | Q22: GERMAN DUQUE MORALES | R22: ALBERT AUGUSTO GONZALEZ VASCO | S22: FRANKLIN MORENO CARVAJAL | T22: OSCAR ANDRES ROMERO CELIS | U22: SANDRA SOLEDAD PANTOJA ROSALES | V22: MIGUEL ANGEL DÍAZ GARCIA | W22: JAVIER AUGUSTO BARON | X22: Representante Legal:HERIBERTO LOAIZA MARIN | Y22: EDNA MARGARITA GOMEZ BOTERO | Z22: NUBIA STELLA QUINTERO RUBIO | AA22: SEBASTIAN ALEJANDRO MORENO TRUJILLO | AB22: HERNEY GALLEGO GALLEGO | AC22: CARLOS ARTURO VELANDIA DIAZ | AD22: JULIAN ANDRES RODRIGUEZ CORAL | AE22: Representante Legal: FABIO HERNANDO PORTILLA SANCHEZ | AF22: Representante Legal: DANIEL ANDRÉS HORMAZA PORTILLA | AG22: Representante Legal: CAROL ANDREA GRANADA GOMEZ | AH22: Representante Legal: CARLOS ALFONSO ESPINOSA CASTILLO | AI22: Representante Legal: MARTA LILIANA SAMBONI SEMANATE | AJ22: Representante Legal: ALVARO ORDOÑEZ ORTIZ | AK22: Representante Legal: MARTA LILIANA SAMBONI SEMANATE | AL22: Representante Legal: ALVARO ORDOÑEZ ORTIZ | AM22: Representante Legal: HECTOR BAEZ MEDINA | AN22: Representante Legal: MARIA MONICA GONZALES RUIZ | AO22: Representante Legal: SONIA PATRICIA ANGARITA ABAUNZA | AP22: Representante Legal: PEDRO ELIAS SANCHEZ ANGARITA | AQ22: Representante Legal: ANGELICA BULLA CASTILLO | AR22: OSCAR SANTIAGO SLVA ARIZA | AS22: YENNY KARINA BONILLA CRUZ | AT22: LILIANA PATRICIA ALVAREZ MONTES | AU22: LUIS FERNANNO GARCIA TARQUINO | AV22: JENNY CAROLINA NIÑI URIBE | AW22: YEIMI ALEXANDRA ZANGUÑA BARON | AX22: SULMA SORAIDA RICO MORALES | AY22: ERIKA JOHANNA RODRIGUEZ UMBACIA | AZ22: Representante Legal: GERMAN HERNANDO PERILLA MEDRANO | BA22: Representante Legal: WILLIAM RESTREPO ESPINOSA | BB22: NUBIA CONSUELO CASTRO SUESCA | BC22: Representante Legal: BERSELI MATEUS RUIZ | BD22: Representante Legal: ALFREDO REYES SANCHEZ
C23: OBSERVACIONES: | D23: Ninguna | E23: Ninguna | F23: Ninguna | G23: Ninguna | H23: NINGUNA | I23: Ninguna | J23: Ninguna | K23: Ninguna | L23: Ninguna | M23: Ninguna | N23: Ninguna | O23: Ninguna | P23: Ninguna | Q23: Ninguna | R23: Ninguna | S23: Ninguna | T23: Ninguna | U23: Ninguna | V23: Ninguna | W23: Ninguna | X23: Ninguna | Y23: Ninguna | Z23: Ninguna | AA23: Ninguna | AB23: Ninguna | AC23: Ninguna | AD23: Ninguna | AE23: Ninguna | AF23: Ninguna | AG23: Ninguna | AH23: Ninguna | AI23: Ninguna | AJ23: Ninguna | AK23: Ninguna | AL23: Ninguna | AM23: Ninguna | AN23: Ninguna | AO23: Ninguna | AP23: Ninguna | AQ23: Ninguna | AR23: Ninguna | AS23: Ninguna | AT23: Ninguna | AU23: Ninguna | AV23: Ninguna | AW23: Ninguna | AX23: Ninguna | AY23: Ninguna | AZ23: Ninguna | BA23: Ninguna | BB23: Ninguna | BC23: Ninguna | BD23: Ninguna
A24: 6 | B24: CERTIFICADO DE EXISTENCIA Y REPRESENTACIÓN LEGAL DEL PROPONENTE y DE C/U MIEMBROS CONSORCIO O UT (constituida por lo menos cinco años antes de la fecha de apertura del presnte proceso) | C24: APORTADO (SI O NO) | D24: SI | E24: SI | F24: SI | G24: SI | H24: SI APORTA | I24: SI | J24: SI | K24: SI | L24: SI | M24: SI | N24: SI | O24: SI | P24: SI | Q24: SI | R24: SI | S24: SI | T24: SI | U24: SI | V24: SI | W24: SI | X24: SI | Y24: SI | Z24: SI | AA24: SI | AB24: SI | AC24: SI | AD24: SI | AE24: SI | AF24: SI | AG24: SI | AH24: SI | AI24: SI | AJ24: SI | AK24: SI | AL24: SI | AM24: SI | AN24: SI | AO24: SI | AP24: SI | AQ24: SI | AR24: SI | AS24: SI | AT24: SI | AU24: SI | AV24: SI | AW24: SI | AX24: SI | AY24: SI | AZ24: SI | BA24: SI | BB24: SI | BC24: SI | BD24: SI
C25: OBJETIVO ESPECIFICO: | D25: LA PRESTACION REMUNERADA DE SERVICIOS DE VIGILANCIA Y SEGURIDAD PRIVADA EN MODALIDAD FIJA, MOVIL Y ESCOLTA A PERSONAS VEHICULOS Y MERCANCIAS CON LA UTILIZACION DE ARMAS DE FUEGO SIN ARMA Y MEDIOS TECNOLOGICOS. | E25: PRESTAR SERVICIOS DE VIGILANCIA PRIVADA, PROTECCION DE BIENES MUEBLES, INMUEBLES, MODALIDAD FIJA Y MOVIL, ARMADO, SIN ARMAS, CANINO | F25: PRESTAR SERVICIOS DE VIGILANCIA PRIVADA, PROTECCION DE BIENES MUEBLES, INMUEBLES, MODALIDAD FIJA Y MOVIL, ARMADO, SIN ARMAS, CANINO | G25: LA PRESTACION REMUNERADA DE SERVICIOS DE VIGILANCIA Y SEGURIDAD PRIVADA EN MODALIDAD FIJA, MOVIL Y ESCOLTA A PERSONAS VEHICULOS Y MERCANCIAS CON LA UTILIZACION DE ARMAS DE FUEGO SIN ARMA Y MEDIOS TECNOLOGICOS. | H25: PRESTAR SERVICIOS DE VIGILANCIA PRIVADA, PROTECCION DE BIENES MUEBLES, INMUEBLES, MODALIDAD FIJA Y MOVIL, ARMADO, SIN ARMAS, CANINO | I25: PRESTAR SERVICIOS DE VIGILANCIA PRIVADA, PROTECCION DE BIENES MUEBLES, INMUEBLES, MODALIDAD FIJA Y MOVIL, ARMADO, SIN ARMAS, CANINO | J25: PRESTAR SERVICIOS DE VIGILANCIA PRIVADA, PROTECCION DE BIENES MUEBLES, INMUEBLES, MODALIDAD FIJA Y MOVIL, ARMADO, SIN ARMAS, CANINO | K25: PRESTAR SERVICIOS DE VIGILANCIA PRIVADA, PROTECCION DE BIENES MUEBLES, INMUEBLES, MODALIDAD FIJA Y MOVIL, ARMADO, SIN ARMAS, CANINO | L25: PRESTAR SERVICIOS DE VIGILANCIA PRIVADA, PROTECCION DE BIENES MUEBLES, INMUEBLES, MODALIDAD FIJA Y MOVIL, ARMADO, SIN ARMAS, CANINO | M25: PRESTAR SERVICIOS DE VIGILANCIA PRIVADA, PROTECCION DE BIENES MUEBLES, INMUEBLES, MODALIDAD FIJA Y MOVIL, ARMADO, SIN ARMAS, CANINO | N25: PRESTAR SERVICIOS DE VIGILANCIA PRIVADA, PROTECCION DE BIENES MUEBLES, INMUEBLES, MODALIDAD FIJA Y MOVIL, ARMADO, SIN ARMAS, CANINO | O25: PRESTAR SERVICIOS DE VIGILANCIA PRIVADA, PROTECCION DE BIENES MUEBLES, INMUEBLES, MODALIDAD FIJA Y MOVIL, ARMADO, SIN ARMAS, CANINO | P25: PRESTAR SERVICIOS DE VIGILANCIA PRIVADA, PROTECCION DE BIENES MUEBLES, INMUEBLES, MODALIDAD FIJA Y MOVIL, ARMADO, SIN ARMAS, CANINO | Q25: prestación remunerada de servicios de vigilancia y seguridad privada, a favor de personas naturales o jurídicas, de derecho público o privado, en la modalidad de vigilancia fija, móvil y/o escolta a personas, vehículos (…) | R25: prestación remunerada de servicios di vigilancia y seguridad privada, a favor de personas naturales o jurídicas, de derecho público o privado, en la modalidad de vigilancia fija, móvil y/o escolta a personas, vehículos (…) | S25: PRESTACION DEL SERVICIO DE VIGILANCIA Y SEGURIDAD PRIVADA | T25: prestación de los servicios de vigilancia y seguridad privada a personas naturales, jurídicas de derecho público y privado, a bienes muebles e inmuebles, escoltas, etc. | U25: prestacion remunerada del servicio de vigilancia y seguridad privada en la modalidad e vigilancia fija, movil y/o escolta. | V25: PRESTACION REMUNERADA DE SERVICIOS DE VIGILANCIA Y SEGURIDAD PRIVADA INTEGRAL , LA PROTECCIÓN DE BIENES, VIGILANCIA Y ESCOLTA A BIENES MUEBLES E INMUEBLES, PERSONAS, VEHICULOS Y MERCANCIA, EL SERVICIO DE VIGILANCIA CON MEDIO CANINO Y MEDIOS TECONOLOGICOS. | W25: PRESTACION REMUNERADA DE SERVICIOS DE VIGILANCIA Y SEGURIDAD PRIVADA CON ARMAS, PROTECCIÓN DE BIENES MUEBLES E INMUEBLES, PERSONAS NATURALES O JURIDICAS Y ACTIVIDADES AFINES. | X25: la prestación remunerada de servicios de vigilancia privada, en la modalidad de vigilancia fija, móvil y/o escoltas, mediante la utilización de cualquiera de los medios como armas de fuego o sin armas | Y25: PRESTACION REMUNERADA DE SERVICIOS DE VIGILANCIA Y SEGURIDAD PRIVADA CON O SIN ARMAS, MEDIO CANINO Y TECONOLOGICO, CON EL FIN DE DAR PROTECCION A PERSONAS NATURALES O JURIDICAS DE DERECHO PUBLICO O PRIVADO A BIENES MUEBLES E INMUEBLES, EN LA MODALIDAD DE FIJA, ESCOLTA A PERSONAS VEHICULOS O MERCANCIAS. | Z25: PRESTACION REMUNERADA DE SERVICIOS DE VIGILANCIA Y SEGURIDAD PRIVADA QUE COMPRENDE LA PROTECCION A MUEBLES E INMUEBLES, A PERSONAS NATURALES O JURIDICAS, EN LA MODALIDAD DE VIGILANCIA FIJA, MOVIL Y/O ESCOLTAS, MEDIANTE LA UTILIZACION DE RECURSOS HUMANOS, ARMAS DE FUEGO, MEDIOS CANINOS, ETC. | AA25: prestación remunerada de servicios de vigilancia y seguridad privada en las modalidades de vigilancia fija, movil con o sin arma. | AB25: prestacion remunerada del servicio de vigilancia y seguridad privada en la modalidad e vigilancia fija, movil y/o escolta. | AC25: Prestación remunerada de servicios de vigilancia y seguridad privada en las modalidades de vigilancia fija, movil y escolta a personas vehiculos y mercancias. | AD25: Prestación remunerada del servicio de vigilancia y seguridad privada en la modalidad de vigilancia fija, movil y/o escolta. | AE25: Prestación de servicios de vigilancia privada, seguridad y protección, tanto a personas naturales como jurídicas en todas las modalidades, ya sea en el sector industrial, comercial o residencial | AF25: El objeto exclusivo de esta sociedad será el de prestar, mediante remuneración, el servicio de vigilancia privada y celaduría a personas jurídicas y naturales que lo soliciten | AG25: la presentación de servicios de vigilancia y seguridad privada de conformidad con el decreto 356 de 1 de febrero de 1994, por el cual se expide el estatuto de vigilancia y seguridad privada | AH25: La prestación de servicios de vigilancia y seguridad privada de conformidad con el Decreto 356 de 11 de febrero de 1994, por el cual se expide el estatuto de vigilancia y seguridad privada, que comprende las actividades que en forma remunerada desarrolla esta entidad tendientes a prevenir o detener perturbaciones a la seguridad y tranquilidad individual en lo relacionado con la vida y los bienes | AI25: la prestación remunerada de servicios de vigilancia y seguridad privada en todas las modalidades autorizadas por las normas que regulan este tipo de servicio, incluyendo los conexos como los de asesoría, consultoría, investigación en seguridad y capacitación e investigación a nivel nacional e internacional | AJ25: la prestación de servicio de vigilancia y seguridad privada a nivel nacional, en la modalidad de fija, móvil, escolta personas, vehículos y mercancías, con y sin armas de fuego, y medios tecnológicos a través de monitoreo de alarmas, detectores manuales de metales, vapores explosivos, armas no letales, con los recursos humanos | AK25: PRESTACIÓN REMUNERADA DE SERVICIOS DE VIGILANCIA Y SEGURIDAD PRIVADA | AL25: PRESTACIÓN REMUNERADA DE SERVICIOS DE VIGILANCIA Y SEGURIDAD PRIVADA IMPLEMENTADA CON SERVICIOS DE EQUIPOS TECNOLÓGICOS, PRESTACIÓN DE SERVICIOS DE TELECOMUNICACIONES Y OTROS CONEXOS A LAS ACTIVIDADES DE LA VIGILANCIA PRIVADA EN LAS MODALIDADES AUTORIZADAS POR LA. SUPERINTENDENCIA DE VIGILANCIA Y SEGURIDAD PRIVADA | AM25: La prestación remunerada de servicios de vigilancia para operar en las modalidades de vigilancia fija, vigilancia móvil, escolta de personal, vehículos y mercancía con utilización de armas de fuego, sin armas, y medio tecnológico, de conformidad con lo establecido en el acto administrativo incorporado en la resolución emitida por la Superintendencia de Vigilancia y Seguridad Privada | AN25: La sociedad tiene como objeto principal: A. Prestar servicios remunerados de vigilancia fija, móvil, escolta a personas, escolta a vehículos, con o sin la utilización de armas de fuego y medios tecnológicos | AO25: la prestación remunerada de servicios de vigilancia privada, en la modalidad de vigilancia fija, móvil y/o escoltas, mediante la utilización de cualquiera de los medios como armas de fuego o sin armas | AP25: La prestacion del servicio de vigilancia y seguridad privada en forma remunerada con arma y sin arma, en la modalidad fija móvil y/o escolta, así como también cualquier medio humano, animal, material o tecnológico distinto a las armas de fuego | AQ25: La prestación remunerada de los servicios de vigilancia y seguridad privada, fija con arma y sin arma, móvil con arma y sin arma, escolta a personas naturales o jurídicas con arma y sin arma, escolta a vehículos y mercancías con arma y sin arma, vigilancia canina en sus diferentes modalidades. | AR25: PRESTAR SERVICIOS DE VIGILANCIA PRIVADA, PROTECCION DE BIENES MUEBLES, INMUEBLES, MODALIDAD FIJA Y MOVIL, ARMADO, SIN ARMAS, CANINO | AS25: PRESTAR SERVICIOS DE VIGILANCIA PRIVADA, PROTECCION DE BIENES MUEBLES, INMUEBLES, MODALIDAD FIJA Y MOVIL, ARMADO, SIN ARMAS, CANINO | AT25: PRESTAR SERVICIOS DE VIGILANCIA PRIVADA, PROTECCION DE BIENES MUEBLES, INMUEBLES, MODALIDAD FIJA Y MOVIL, ARMADO, SIN ARMAS, CANINO | AU25: PRESTAR SERVICIOS DE VIGILANCIA PRIVADA, PROTECCION DE BIENES MUEBLES, INMUEBLES, MODALIDAD FIJA Y MOVIL, ARMADO, SIN ARMAS, CANINO | AV25: PRESTAR SERVICIOS DE VIGILANCIA PRIVADA, PROTECCION DE BIENES MUEBLES, INMUEBLES, MODALIDAD FIJA Y MOVIL, ARMADO, SIN ARMAS, CANINO | AW25: Prestación remunerada de servicios de vigilancia y seguridad privada en las modalidades de vigilancia fija, movil y escolta a personas. | AX25: Prestación remunerada de servicios de vigilancia y seguridad privada en las modalidades de vigilancia fija, movil y escolta a personas. | AY25: Prestación de servicios remunerados de seguridad y protección tales ocmo vigilancia de bienes inmuebles, de personas naturales y juridicas, escolta y otras actividades afines. | AZ25: la empresa de vigilancia y seguridad privada, denominada SEGURIDAD ONCOR de conformidad con el Decreto 356 del 11 de enero de 1994 en la modalidad de vigilancia y seguridad privada exclusivamente. Sera la prestación remunerada de servicios de vigilancia y seguridad privada, | BA25: la prestación remunerada de servicios de vigilancia y seguridad privada en las modalidades de vigilancia fija móvil y esscolta a personas, vehículos y mercancías con y sin armas de fuego, recursos humanos, medio canino, medios tecnológicos | BB25: Prestación remunerada de servicios de vigilancia y seguridad privada para operar en las modalidades de vigilancia fija, movil y escolta a personas. | BC25: la prestación remunerada de servicio de vigilancia y seguridad privada, empleando para ello cualquier medio humano, animal; armas de fuego, tecnológico tales como centrales de monitoreo y alarmas, circuitos cerrados, equipos de visión o escucha remotos, equipo de detección, como rayos x o scanner, controles de acceso perimétricos y similares | BD25: Prestación remunerada de servicios de vigilancia y seguridad privada de protección de bienes muebles e inmuebles de personas naturales o jurídicas de derecho publico o privado y demás entidades o personas que requieran el servicio, para operar con los medios y en las modalidades previamente autorizadas por la superintendencia de vigilancia y seguridad privada dentro del territorio nacional
C26: FECHA DE CONSTITUCIÓN: (apertura del proceso 21/10/2022) | D26: 36073 | E26: 40030 | F26: 41690 | G26: 34668 | H26: 41716 | I26: 32646 | J26: 40743 | K26: 27880 | L26: 34277 | M26: 37166 | N26: 29032 | O26: 30768 | P26: 39729 | Q26: 28642 | R26: 41591 | S26: 23470 | T26: 37062 | U26: 34243 | V26: 26228 | W26: 39748 | X26: 30 de mayo de 1.994 | Y26: 33961 | Z26: 31374 | AA26: 32654 | AB26: 33099 | AC26: 29006 | AD26: 42443 | AE26: 12 de mayo de 1992 | AF26: 11 de mayo de 1.992 | AG26: 25 de septiembre de 1984 | AH26: 26 de mayo de 1993 | AI26: 22 de febrero de 1.984 | AJ26: 05 de diciembre de 1994 | AK26: 40877 | AL26: 8 DE SEPTIEMBRE DE 1998 | AM26: 13 de noviembre de 2001 | AN26: 05 de agosto de 1994 | AO26: 5 DE DICIEMBRE DE 1.984 | AP26: 24 de febrero de 1995 | AQ26: 28 de abril de 1977 | AR26: 30768 | AS26: 36452 | AT26: 38805 | AU26: 27312 | AV26: 34978 | AW26: 33995 | AX26: 35298 | AY26: 36602 | AZ26: 23 de julio de 1.993 | BA26: 6 de junio de 2000 | BB26: 36622 | BC26: 28 de febrero de 1.972 | BD26: 10 de junio de 1988
C27: FECHA DE EXPEDICIÓN DEL CERTIFICADO: | D27: 2/11/222 | E27: 44865 | F27: 44858 | G27: 44848 | H27: 44846 | I27: 44839 | J27: 44845 | K27: 44858 | L27: 44840 | M27: 44841 | N27: 44862 | O27: 44841 | P27: 44846 | Q27: 44865 | R27: 44846 | S27: 44858 | T27: 44837 | U27: 44844 | V27: 44847 | W27: 44839 | X27: 31 de octubre de 2022 | Y27: 44844 | Z27: 44846 | AA27: 44867 | AB27: 44865 | AC27: 44838 | AD27: 44868 | AE27: 2 de noviembre de 2022 | AF27: 10 de octubre de 2022 | AG27: 13 de octubre de 2022 | AH27: 13 de octubre de 2022 | AI27: 10 de octubre de 2022 | AJ27: 44866 | AK27: 44861 | AL27: 12 DE OCTUBRE DE 2022 | AM27: 24 de octubre de 2022 | AN27: 44853 | AO27: 10 DE OCTUBRE DE 2022 | AP27: 2 de noviembre de 2022 | AQ27: 13 de octubre de 2022 | AR27: 44865 | AS27: 44865 | AT27: 44844 | AU27: 44866 | AV27: 44856 | AW27: 44845 | AX27: 44862 | AY27: 44866 | AZ27: 1 de noviembre de 2022 | BA27: 13 de octubre de 2022 | BB27: 44867 | BC27: 10 de octubre de 2022 | BD27: 44847
C28: DURACIÓN DE LA SOCIEDAD: (No sera inferior a la del plazo del contrato y un año mas) | D28: NO APLICA | E28: 47335 | F28: 45342 | G28: NO APLICA | H28: INDEFINIDA | I28: 50908 | J28: 51776 | K28: 54908 | L28: 51169 | M28: 47757 | N28: 54590 | O28: 63640 | P28: 48852 | Q28: 78289 | R28: 79670 | S28: 73143 | T28: 54877 | U28: 59810 | V28: 51796 | W28: 54789 | X28: 30 de mayo de 2034 | Y28: 67889 | Z28: 48572 | AA28: 62052 | AB28: 69624 | AC28: 50921 | AD28: 16875 | AE28: 12 de mayo de 2032 | AF28: 10 de abril de 2060. | AG28: 25 de septiembre de 2034 | AH28: 14 de septiembre de 2037 | AI28: 22 de febrero de 2034. | AJ28: 31 de diciembre de 2030 | AK28: 62274 | AL28: 8 DE SEPTIEMBRE DE 2040 | AM28: 14 de febrero de 2060 | AN28: 31 de diciembre de 2050. | AO28: 12 DE MARZO DE 2050 | AP28: 25 de octubre de 2130 | AQ28: 28 de abril de 2057 | AR28: 49485 | AS28: 55153 | AT28: 58529 | AU28: 55153 | AV28: 73415 | AW28: 51160 | AX28: 48081 | AY28: 55153 | AZ28: 16 de julio de 2033 | BA28: 24 de mayo de 2049 | BB28: 73146 | BC28: 31 de diciembre de 2050 | BD28: 10 de junio de 2060.
C29: FACULTADES DEL REPRESENTANTE LEGAL PARA CONTRATAR: (con limite o sin limite de cuantia) | D29: SIN LIMITE DE CUANTIA | E29: SIN LIMITE DE CUANTIA | F29: SIN LIMITE DE CUANTIA | G29: SIN LIMITE DE CUANTIA | H29: SIN LIMITE DE CUANTIA | I29: SIN LIMITE DE CUANTIA | J29: SIN LIMITE DE CUANTIA | K29: SIN LIMITE DE CUANTIA | L29: HASTA 3000 SMMLV | M29: ILIMITADA | N29: SIN LIMITE DE CUANTIA | O29: SIN LIMITACIONES | P29: SIN LIMITE DE CUANTIA | Q29: SIN LIMITE DE CUANTIA | R29: SIN LIMITE DE CUANTIA | S29: SIN LIMITE DE CUANTIA | T29: SIN LIMITE DE CUANTIA | U29: SIN LIMITE DE CUANTIA | V29: SIN LIMITE DE CUANTIA | W29: SIN LIMITE DE CUANTIA | X29: Sin limite de cuantia | Y29: SIN LIMITE DE CUANTIA | Z29: SIN LIMITE DE CUANTIA | AA29: SIN LIMITE DE CUANTIA | AB29: SIN LIMITE DE CUANTIA | AC29: SIN LIMITE DE CUANTIA | AD29: SIN LIMITE | AE29: Sin limite de cuantia | AF29: Sin limite de cuantia | AG29: Sin limite de cuantia | AH29: Sin limite de cuantia | AI29: Sin limite de cuantia | AJ29: Sin limite de cuantia | AK29: Sin limite de cuantia | AL29: Sin limite de cuantia | AM29: Limitacion | AN29: cuando las propuestas o contratos a celebrar en su cuantía excedan de cien mil (100.000) Salarios mínimos mensuales | AO29: Sin limite de cuantia | AP29: Sin limite de cuantia | AQ29: Sin limite de cuantia | AR29: SIN LIMITACIONES | AS29: SIN LIMITE DE CUANTIA | AT29: SIN LIMITE DE CUANTIA | AU29: SIN LIMITACIONES | AV29: SIN LIMITE DE CUANTIA | AW29: SIN LIMITE DE CUANTIA | AX29: AUTORIZACION MAS DE 2000 MILLONES | AY29: REQUIERE SI CUESTA MAS DE 100 MILLONES | AZ29: hasta por 30.000 salarios mínimos mensuales legales vigentes | BA29: Sin limite de cuantia | BB29: SIN LIMITE DE CUANTIA | BC29: Sin limite de cuantia | BD29: Sin limite de cuantia
C30: OBSERVACIONES: | D30: Ninguna | E30: Ninguna | F30: Ninguna | G30: Ninguna | H30: NINGUNA | I30: Ninguna | J30: Ninguna | K30: Ninguna | L30: Ninguna | M30: Ninguna | N30: NINGUNA | O30: Ninguna | P30: NINGUNA | Q30: Ninguna | R30: Ninguna | S30: Ninguna | T30: Ninguna | U30: Ninguna | V30: Ninguna | W30: Ninguna | X30: Ninguna | Y30: Ninguna | Z30: Ninguna | AA30: Ninguna | AB30: Ninguna | AC30: Ninguna | AD30: Ninguna | AE30: Ninguna | AF30: Ninguna | AG30: Ninguna | AH30: Ninguna | AI30: Ninguna | AJ30: Ninguna | AK30: Ninguna | AL30: Ninguna | AM30: Ninguna | AN30: Ninguna | AO30: Ninguna | AP30: Ninguna | AQ30: Ninguna | AR30: Ninguna | AS30: NINGUNA | AU30: Ninguna | AV30: NINGUNA | AW30: Ninguna | AX30: Ninguna | AY30: Ninguna | AZ30: Ninguna | BA30: Ninguna | BC30: Ninguna | BD30: Ninguna
A31: 7 | B31: ACTA DE AUTORIZACION DEL ÓRGANO SOCIETARIO AL REPRESENTANTE LEGAL, EN CASO DE LIMITACION A LA CONTRATACION | C31: APORTADO (SI O NO) | D31: NO APLICA | G31: NO APLICA | L31: NO APLICA | Q31: NA | R31: NA | S31: NA | T31: NA | U31: NA | V31: N.A | W31: N.A | X31: N/A | Y31: N.A | Z31: N.A | AA31: NA | AB31: NA | AC31: NA | AD31: NA | AE31: N/A | AF31: N/A | AG31: N/A | AH31: N/A | AI31: N/A | AJ31: N/A | AK31: N/A | AL31: N/A | AM31: APORTA | AN31: NO APLICA | AO31: N/A | AP31: N/A | AQ31: N/A | AW31: N/A | AX31: NA | AY31: SI | AZ31: N/A | BA31: N/A | BB31: N.A. | BC31: N/A | BD31: N/A
C32: TIENE LIMITACION (SI O NO) | D32: NO APLICA | G32: NO APLICA | L32: NO APLICA | Q32: NA | R32: NA | S32: NA | T32: NA | U32: NA | V32: N.A | W32: N.A | Y32: N.A | Z32: N.A | AA32: NA | AB32: NA | AC32: NA | AD32: NA | AM32: ACTA No 026 de 2022 | AW32: N/A | AX32: NA | AY32: SI MAS DE 100 MILLONES | BB32: N.A
C33: OBSERVACIONES: | D33: NO APLICA | G33: NO APLICA | L33: NO APLICA | Q33: NA | R33: NA | S33: NA | T33: NA | U33: NA | V33: N.A | W33: N.A | Y33: N.A | Z33: N.A | AA33: NA | AB33: NA | AC33: NA | AD33: NA | AE33: Ningua | AF33: Ningua | AG33: Ningua | AH33: Ningua | AI33: Ningua | AJ33: Ningua | AK33: Ningua | AL33: Ningua | AM33: Ninguna | AN33: Ninguna | AW33: N/A | AX33: NA | AY33: Ninguna | BB33: N.A
A34: 8 | B34: REGISTRO UNICO DE PROPONENTES RUP | C34: APORTADO (SI O NO) | D34: SI | E34: SI | F34: SI | G34: SI | H34: SI | I34: SI | J34: SI | K34: SI | L34: SI | M34: SI | N34: SI | O34: SI | P34: SI | Q34: SI | R34: SI | S34: SI | T34: SI | U34: SI | V34: SI | W34: SI | X34: SI | Y34: SI | Z34: SI | AA34: SI | AB34: SI | AC34: SI | AD34: SI | AE34: SI | AF34: SI | AG34: SI | AH34: SI | AI34: SI | AJ34: SI | AK34: SI | AL34: SI | AM34: SI | AN34: SI | AO34: SI | AP34: SI | AQ34: SI | AR34: SI | AS34: SI | AT34: SI | AU34: SI | AV34: SI | AW34: SI | AX34: SI | AY34: SI | AZ34: SI | BA34: SI | BB34: SI | BC34: SI | BD34: SI
C35: FECHA DE EXPEDICIÓN: (no mayor a treinta dias calendario anteriores a la fecha de cierre) | D35: 2/11/222 | E35: 44858 | F35: 44858 | G35: 44848 | H35: 44859 | I35: 44851 | J35: 44852 | K35: 44858 | L35: 44840 | M35: 44841 | N35: 44862 | O35: 44845 | P35: 44846 | Q35: 44846 | R35: 44854 | S35: 44841 | T35: 44847 | U35: 44844 | V35: 44848 | W35: 44848 | X35: 31 DE OCTUBRE DE 2022 | Y35: 44844 | Z35: 44846 | AA35: 44853 | AB35: 44865 | AC35: 44859 | AD35: 44868 | AE35: 2 DE NOVIEMBRE DE 2022 | AF35: 10 DE OCTUBRE DE 2022 | AG35: 13 DE OCTUBRE DE 2022 | AH35: 13 DE OCTUBRE DE 2022 | AI35: 10 DE OCTUBRE DE 2022 | AJ35: 44866 | AK35: 13 DE OCTUBRE DE 2022 | AL35: 14 DE OCTUBRE DE 2022 | AM35: 10 DE OCTUBRE DE 2022 | AN35: 44854 | AO35: 6 DE OCTUBRE DE 2022 | AP35: 12 DE OCTUBRE DE 2022 | AQ35: 13 DE OCTUBRE DE 2022 | AR35: 1410/2022 | AS35: 44852 | AT35: 44852 | AU35: 44841 | AV35: 44856 | AW35: 44845 | AX35: 44862 | AY35: 44866 | AZ35: 28 DE OCTUBRE DE 2022 | BA35: 13 DE OCTUBRE DE 2022 | BB35: 44867 | BC35: 6 DE OCTUBRE DE 2022 | BD35: 44847
C36: ACTIVIDAD DE INSCRIPCIÓN: 921215, 921217 | D36: 921215, 921217 | E36: 9221215 | F36: 9221215 | G36: 921215, 921217 | H36: 9221215 | I36: 9221215 | J36: 9221215 | K36: 9221215 | L36: 9221215 | M36: 9221215 | N36: 9221215 | O36: 9221215 | P36: 9221215 | Q36: 921215, 921217 | R36: 9221215, 921217 | S36: 921215, 921217 | T36: 9221215, 921217 | U36: 9221215, 921217 | V36: 9221215 | W36: 9221215 | X36: 921215 - 921217 | Y36: 9221215 | Z36: 9221215 | AA36: 921215, 921217 | AB36: 9221215, 921217 | AC36: 921215, 921217 | AD36: 9221215, 921217 | AE36: 921215 - 921217 | AF36: 921215 - 921217 | AG36: 921215 - 921217 | AH36: 921215 - 921217 | AI36: 921215 - 921217 | AJ36: 921215 - 921217 | AK36: 921215 - 921217 | AL36: 921215 - 921217 | AM36: 921215 - 921217 | AN36: 921215 - 921217 | AO36: 921215 - 921217 | AP36: 921215 - 921217 | AQ36: 921215 - 921217 | AR36: 9221215 | AS36: 9221215 | AT36: 9221215 | AU36: 9221215 | AV36: 9221215 | AW36: 921015,921215,921217 | AX36: 921215, 921217 | AY36: 9221215, 921217 | AZ36: 921215 - 921217 | BA36: 921215 - 921217 | BB36: 921215, 921217 | BC36: 921215 - 921217 | BD36: 921215 - 921217
C37: OBSERVACIONES: | D37: Ninguna | E37: Ninguna | F37: Ninguna | G37: Ninguna | H37: NINGUNA | I37: Ninguna | J37: Ninguna | K37: Ninguna | L37: Ninguna | M37: Ninguna | N37: Ninguna | O37: Ninguna | P37: Ninguna | Q37: Ninguna | R37: Ninguna | S37: Ninguna | T37: Ninguna | U37: Ninguna | V37: Ninguna | W37: Ninguna | X37: Ninguna | Y37: Ninguna | Z37: Ninguna | AA37: Ninguna | AB37: Ninguna | AC37: Ninguna | AD37: Ninguna | AE37: Ninguna | AF37: Ninguna | AG37: Ninguna | AH37: Ninguna | AI37: Ninguna | AJ37: Ninguna | AK37: Ninguna | AL37: Ninguna | AM37: Ninguna | AN37: Ninguna | AO37: Ninguna | AP37: Ninguna | AQ37: Ninguna | AR37: Ninguna | AS37: Ninguna | AT37: Ninguna | AU37: Ninguna | AV37: Ninguna | AW37: Ninguna | AX37: Ninguna | AY37: Ninguna | AZ37: Ninguna | BA37: Ninguna | BB37: Ninguna | BC37: Ninguna | BD37: Ninguna
A38: 9 | B38: GARANTIA DE SERIEDAD DE LA OFERTA: (17.085.468,03) | C38: APORTADO (SI O NO) | D38: SI | E38: SI | G38: SI | H38: SI | I38: SI | K38: SI | M38: SI | O38: SI | Q38: SI | S38: SI | V38: SI | X38: SI | Y38: SI | AA38: SI | AC38: SI | AE38: SI | AG38: SI | AI38: SI | AK38: SI | AM38: SI | AO38: SI | AP38: SI | AR38: SI | AU38: SI | AW38: SI | AX38: SI | AZ38: SI | BB38: SI | BC38: SI
C39: No. DE POLIZA: | D39: CV-100026770 | E39: 15-44-101270203 | G39: CSC-100026287 | H39: 14-44-101166181 | I39: 15-44-101270379 | K39: 11-44-101193169 | M39: NB100230992 | O39: BCH 100022429 | Q39: 100026274 | S39: AB000274 | V39: 14-44-101166178 | X39: 21-44-101397625 | Y39: 14-44-101166013 | AA39: 62104 | AC39: 21-44-101397570 | AE39: BCH-100022479 | AG39: 14-44-101166030 | AI39: 62168 | AK39: 14-44-101166107 | AM39: CSC-100026197 | AO39: 14-44-101166056 | AP39: 15-44-101270207 | AR39: CSC 100026300 | AU39: 14-44101166306 | AW39: 600-47-994000066236 | AX39: 30-44-101049579 | AZ39: 14-44-101166132 | BB39: SEGUROS DEL ESTADO | BC39: 11-44-101193250
C40: ASEGURADORA: | D40: SEGUROS MUNDIAL | E40: SEGUROS DEL ESTADO | G40: SEGUROS MUNDIAL | H40: SEGUROS DEL ESTADO | I40: SEGUROS DEL ESTADO | K40: SEGUROS DEL ESTADO | M40: SEGUROS MUNDIAL | O40: SEGUROS MUNDIAL | Q40: SEGUROS MUNDIAL | S40: EQUIDAD SEGUROS | V40: SEGUROS DEL ESTADO | X40: SEGUROS DEL ESTADO | Y40: SEGUROS DEL ESTADO | AA40: BERKLEY COLOMBIA SEGUROS | AC40: SEGUROS DEL ESTADO | AE40: SEGUROS MUNDIAL | AG40: SEGUROS DEL ESTADO | AI40: BERKLEY INTERNATIONAL SEGUROS COLOMBIA | AK40: SEGUROS DEL ESTADO | AM40: SEGUROS MUNDIAL | AO40: SEGUROS DEL ESTADO | AP40: SEGUROS DEL ESTADO | AR40: SEGUROS MUNDIAL | AU40: SEGUROS DEL ESTADO | AW40: ASEGURADORA SOLIDARIA DE COLOMBIA | AX40: SEGUROS DEL ESTADO | AZ40: SEGUROS DEL ESTADO | BB40: 15-44-101270452 | BC40: SEGUROS DEL ESTADO
C41: NIT ASEGURADO: | D41: 800165804 | E41: 800165804 | G41: 800165804 | H41: 800165804 | I41: 800165804 | K41: 800165804 | M41: 800165804 | O41: 800165804 | Q41: 800165804 | S41: 800165804 | V41: 800165804 | X41: 800165804-5 | Y41: 800165804 | AA41: 800165804 | AC41: 800165804 | AE41: 800165804-5 | AG41: 800.165.804-5 | AI41: 800.165.804-5 | AK41: 800.165.804-5 | AM41: 800.165.804-5 | AO41: 800.165.804-5 | AP41: 800.165.804-5 | AR41: 800165804 | AU41: 800165804 | AW41: 800165804-5 | AX41: 800165804 | AZ41: 800.165.804-5 | BB41: 800165804 | BC41: 800.165.804-5
C42: VIGENCIA: | D42: 28/10/2022 A 04/02/2023 | E42: 04/11/2022 A 14/02/2023 | G42: 04/11/2022 A 15/02/2023 | H42: 04/11/2022 A 20/02/2023 | I42: 04/11/2022 A 14/02/2023 | K42: 04/11/2022 A 25/02/2023 | M42: 04/11/2022 A 12/02/2023 | O42: 04/11/2022 A 20/02/2023 | Q42: 04/11/2022 A 14/02/2023 | S42: 04/11/2022 A 04/03/2023 | V42: 04/11/2022 A 20/02/2023 | X42: 04/11/2022 A 04/02/2023 | Y42: 04/11/2022 A 18/02/2023 | AA42: 04/11/2022 A 15/02/2023 | AC42: 04/11/2022 A 28/02/2023 | AE42: 04/11/2022 A 10/02/2023 | AG42: 04/11/2022 A 20/02/2023 | AI42: 04/11/2022 A 12/02/2023 | AK42: 04/11/2022 A 15/02/2023 | AM42: 04/11/2022 A 12/02/2023 | AO42: 04/11/2022 A 04/02/2023 | AP42: 04/11/2022 A 14/02/2023 | AR42: 04/11/2022 A 22/02/2023 | AU42: 04/11/2022 A 15/02/2023 | AW42: 4/11/2022 A 10/02/2023 | AX42: 04/11/2022 A 04/03/2023 | AZ42: 04/11/2022 A 14/02/2023 | BB42: 04/11/2022 A 14/02/2022 | BC42: 04/11/2022 A 14/02/2023
C43: VALOR ASEGURADO: (10% del valor estimado 170.854.680) | D43: 170854680 | E43: 170854681 | G43: 170854680 | H43: 170854680 | I43: 170854681 | K43: 170854681 | M43: 170854681 | O43: 170854681 | Q43: 170855000 | S43: 1.7085468e+08 | V43: 170.854.680,30 | X43: 1.7085468e+08 | Y43: 170.854.680,30 | AA43: 170854681 | AC43: 170.854.680,30 | AE43: 1.7085468e+08 | AG43: 170,854,680.30 | AI43: 170854681 | AK43: 1.7085468e+08 | AM43: 1.7085468e+08 | AO43: 1.7085468e+08 | AP43: 1.7085468e+08 | AR43: 170854681 | AU43: 170854681 | AW43: 170,854,680,30 | AX43: 170.854.680,30 | AZ43: 1.7085468e+08 | BB43: 170854681 | BC43: 1.7085468e+08
C44: OBSERVACIONES: | D44: Ninguna | E44: Ninguna | G44: Ninguna | H44: CUMPLE | I44: Ninguna | K44: Ninguna | M44: Ninguna | O44: Ninguna | Q44: Ninguna | S44: Ninguna | V44: Ninguna | X44: Ninguna | Y44: Ninguna | AA44: Ninguna | AC44: Ninguna | AE44: Ninguna | AG44: Ninguna | AI44: Ninguna | AK44: Ninguna | AM44: Ninguna | AO44: Ninguna | AP44: Ninguna | AR44: Ninguna | AU44: Ninguna | AW44: Ninguna | AX44: Ninguna | AZ44: Ninguna | BB44: Ninguna | BC44: Ninguna
A45: 10 | B45: CONSTANCIA DE CUMPLIMIENTO DE APORTES LEY 789 DE 2002 | C45: APORTADO (SI O NO) | D45: SI | E45: SI | F45: SI | G45: SI | H45: SI | I45: SI | J45: SI | K45: SI | L45: SI | M45: SI | N45: SI | O45: SI | P45: SI | Q45: SI | R45: SI | S45: SI | T45: SI | U45: SI | V45: SI | W45: SI | X45: SI | Y45: SI | Z45: SI | AA45: SI | AB45: SI | AC45: SI | AD45: SI | AE45: SI | AF45: SI | AG45: SI | AH45: SI | AI45: SI | AJ45: SI | AK45: SI | AL45: SI | AM45: SI | AN45: SI | AO45: SI | AP45: SI | AQ45: SI | AR45: SI | AS45: SI | AU45: SI | AV45: SI | AW45: SI | AX45: SI | AY45: SI | AZ45: SI | BA45: SI | BB45: SI | BC45: SI | BD45: SI
C46: QUE CERTIFICAN: | D46: CERTIFICA QUE HA REALIZADO PAGOS DURANTE LOS ULTIMOS SEIS MESES POR CONCEPTO DE SALUD, PENSIONES, RIESGOS LABORALES, CAJAS DE COMPENSACION FAMILIAR, ICBF Y SENA | E46: CERTICA QUE HA CUMPLIDO CON LOS PAGOS DE SEGURIDAD SOCIAL Y APOTES PARAFISCALES DURNATE LOS ULTIMOS SEIS MESES | F46: CERTICA QUE HA CUMPLIDO CON LOS PAGOS DE SEGURIDAD SOCIAL Y APOTES PARAFISCALES DURNATE LOS ULTIMOS SEIS MESES | G46: CERTIFICA QUE HA REALIZADO PAGOS DURANTE LOS ULTIMOS SEIS MESES POR CONCEPTO DE SALUD, PENSIONES, RIESGOS LABORALES, CAJAS DE COMPENSACION FAMILIAR, ICBF Y SENA | H46: CERTICA QUE HA CUMPLIDO CON LOS PAGOS DE SEGURIDAD SOCIAL Y APOTES PARAFISCALES DURNATE LOS ULTIMOS SEIS MESES | I46: CERTICA QUE HA CUMPLIDO CON LOS PAGOS DE SEGURIDAD SOCIAL Y APOTES PARAFISCALES DURNATE LOS ULTIMOS SEIS MESES | J46: CERTICA QUE HA CUMPLIDO CON LOS PAGOS DE SEGURIDAD SOCIAL Y APOTES PARAFISCALES DURNATE LOS ULTIMOS SEIS MESES | K46: CERTICA QUE HA CUMPLIDO CON LOS PAGOS DE SEGURIDAD SOCIAL Y APOTES PARAFISCALES DURNATE LOS ULTIMOS SEIS MESES | L46: CERTICA QUE HA CUMPLIDO CON LOS PAGOS DE SEGURIDAD SOCIAL Y APOTES PARAFISCALES DURNATE LOS ULTIMOS SEIS MESES | M46: CERTICA QUE HA CUMPLIDO CON LOS PAGOS DE SEGURIDAD SOCIAL Y APOTES PARAFISCALES DURNATE LOS ULTIMOS SEIS MESES | N46: CERTICA QUE HA CUMPLIDO CON LOS PAGOS DE SEGURIDAD SOCIAL Y APOTES PARAFISCALES DURNATE LOS ULTIMOS SEIS MESES | O46: CERTICA QUE HA CUMPLIDO CON LOS PAGOS DE SEGURIDAD SOCIAL Y APOTES PARAFISCALES DURNATE LOS ULTIMOS SEIS MESES | P46: CERTICA QUE HA CUMPLIDO CON LOS PAGOS DE SEGURIDAD SOCIAL Y APOTES PARAFISCALES DURNATE LOS ULTIMOS SEIS MESES | Q46: CERTICA QUE HA CUMPLIDO CON LOS PAGOS DE SEGURIDAD SOCIAL Y APOTES PARAFISCALES DURNATE LOS ULTIMOS SEIS MESES | R46: CERTICA QUE HA CUMPLIDO CON LOS PAGOS DE SEGURIDAD SOCIAL Y APOTES PARAFISCALES DURNATE LOS ULTIMOS SEIS MESES | S46: CERTICA QUE HA CUMPLIDO CON LOS PAGOS DE SEGURIDAD SOCIAL Y APOTES PARAFISCALES DURANTE LOS ULTIMOS SEIS MESES. | T46: CERTICA QUE HA CUMPLIDO CON LOS PAGOS DE SEGURIDAD SOCIAL Y APOTES PARAFISCALES DURNATE LOS ULTIMOS SEIS MESES | U46: CERTICA QUE HA CUMPLIDO CON LOS PAGOS DE SEGURIDAD SOCIAL Y APOTES PARAFISCALES DURNATE LOS ULTIMOS SEIS MESES | V46: CERTICA QUE HA CUMPLIDO CON LOS PAGOS DE SEGURIDAD SOCIAL Y APOTES PARAFISCALES DURNATE LOS ULTIMOS SEIS MESES | W46: CERTICA QUE HA CUMPLIDO CON LOS PAGOS DE SEGURIDAD SOCIAL Y APORTES PARAFISCALES DURNATE LOS ULTIMOS SEIS MESES | X46: certifico el pago de los aportes realizados por la compañía durante los últimos seis (6) meses calendario legalmente exigibles a la fecha de presentación de la propuesta para el presente proceso de selección, por los conceptos de salud, pensiones, riesgos profesionales, cajas de compensación familiar, Instituto Colombiano de Bienestar familiar (ICBF) y Servicio Nacional de Aprendizaje (SENA) | Y46: CERTICA QUE HA CUMPLIDO CON LOS PAGOS DE SEGURIDAD SOCIAL Y APORTES PARAFISCALES DURNATE LOS ULTIMOS SEIS MESES | Z46: CERTICA QUE HA CUMPLIDO CON LOS PAGOS DE SEGURIDAD SOCIAL Y APORTES PARAFISCALES DURNATE LOS ULTIMOS SEIS MESES | AA46: CERTICA QUE HA CUMPLIDO CON LOS PAGOS DE SEGURIDAD SOCIAL Y APOTES PARAFISCALES DURANTE LOS ULTIMOS SEIS MESES. | AB46: CERTICA QUE HA CUMPLIDO CON LOS PAGOS DE SEGURIDAD SOCIAL Y APOTES PARAFISCALES DURNATE LOS ULTIMOS SEIS MESES | AC46: CERTICA QUE HA CUMPLIDO CON LOS PAGOS DE SEGURIDAD SOCIAL Y APOTES PARAFISCALES DURANTE LOS ULTIMOS SEIS MESES. | AD46: CERTICA QUE HA CUMPLIDO CON LOS PAGOS DE SEGURIDAD SOCIAL Y APOTES PARAFISCALES DURNATE LOS ULTIMOS SEIS MESES | AE46: Certifica el pago de los aportes realizados por la compañía durante los últimos seis (6) meses calendario legalmente exigibles a la fecha de presentación de la propuesta para el presente proceso de selección, por los conceptos de salud, pensiones, riesgos laborales, cajas de compensación familiar, Instituto Colombiano de Bienestar Familiar (ICBF) y Servicio Nacional de Aprendizaje (SENA) Estos pagos, corresponden a los montos contabilizados y pagados por la compañía durante dichos 6 meses. Lo anterior, en cumplimiento de lo dispuesto en el Artículo 50 de la Ley 789 de 2002. | AF46: Certifica el pago de los aportes realizados por la compañía durante los últimos seis (6) meses calendario legalmente exigibles a la fecha de presentación de nuestra propuesta para el presente proceso de selección, por los conceptos de salud, pensiones, riesgos laborales, cajas de compensación familiar, Caja de Retiro de las Fuerzas Militares (CREMIL) y Servicio Nacional de Aprendizaje (SENA). | AG46: Que he efectuado el pago por concepto de mis aportes y el de mis empleados (En caso de tener empleados a cargo) a temas de salud, pensiones, riesgos laborales, cajas de compensación familiar, Instituto Colombiano de Bienestar familiar (ICBF) y Servicio Nacional de Aprendizaje (SENA), durante los últimos seis (6) meses calendario legalmente exigibles a la fecha de presentación de nuestra propuesta para el presente proceso de selección | AH46: Que he efectuado el pago por concepto de mis aportes y el de mis empleados (En caso de tener empleados a cargo) a temas de salud, pensiones, riesgos laborales, cajas de compensación familiar, Instituto Colombiano de Bienestar familiar (ICBF) y Servicio Nacional de Aprendizaje (SENA), durante los últimos seis (6) meses calendario legalmente exigibles a la fecha de presentación de nuestra propuesta para el presente proceso de selección | AI46: Certifica el pago de los aportes realizados por la compañía durante los últimos seis (6) meses calendario legalmente exigibles a la fecha de presentación de la propuesta para el presente proceso de selección, por los conceptos de salud, pensiones, riesgos laborales, cajas de compensación familiar, Instituto Colombiano de Bienestar familiar (ICBF) y Servicio Nacional de Aprendizaje (SENA). | AJ46: Certifica el pago de los aportes realizados por la compañía durante los últimos seis (6) meses calendario legalmente exigibles a la fecha de presentación de la propuesta para el presente proceso de selección, por los conceptos de salud, pensiones, riesgos laborales, cajas de compensación familiar, Instituto Colombiano de Bienestar familiar (ICBF) y Servicio Nacional de Aprendizaje (SENA). | AK46: bajo la gravedad de juramento, certifico el pago de los aportes de salud, riesgos profesionales, pensiones y aportes a las Cajas de Compensación Familiar, al Instituto Colombiano de Bienestar Familiar, al Servicio Nacional de Aprendizaje y al Fondo Nacional de Formación Profesional para la Industria de Construcción (artículo 65 Ley 1819 de 2016 y artículo 3 Decreto 1047 de 1983), pagados por la compañía durante los últimos seis (6) meses contados a partir de la fecha de cierre del presente procedimiento de selección | AL46: certificar que la mencionada sociedad ha realizado los pagos de sistemas de salud, riesgos laborales, pensión y aportes a las Cajas de Compensación Familiar, Instituto Colombiano de Bienestar Familiar y Servicio Nacional de Aprendizaje, correspondientes a las nóminas de los últimos seis (6) meses anteriores a la fecha de presentación de la propuesta. | AM46: certifico el pago de los aportes de salud, riesgos laborales, pensiones y aportes a las Cajas de Compensación Familiar, al Instituto Colombiano de Bienestar Familiar, al Servicio Nacional de Aprendizaje y al Fondo Nacional de Formación Profesional para la Industria de Construcción (artículo 65 Ley 1819 de 2016 y artículo 3 Decreto 1047 de 1983), pagados por la compañía durante los últimos seis (6) meses contados a partir de la fecha de cierre del presente procedimiento de selección. Lo anterior, en cumplimiento de lo dispuesto en el artículo 50 de la Ley 789 de 2002. | AN46: certifico el pago de los aportes de seguridad social (pensión, salud y riesgos profesionales) y de los aportes parafiscales (Instituto Colombiano de Bienestar familiar ICBF, Servicio Nacional de Aprendizaje SENA y Caja de Compensación Familiar) pagados por la compañía durante los últimos seis (6) meses calendario legalmente exigibles a la fecha de presentación de la propuesta, dichos pagos corresponden a los montos contabilizados y cancelados por la compañía durante dichos 6 meses. Lo anterior, en cumplimiento de lo dispuesto en el artículo 50 de la Ley 789 de 2002. | AO46: certifico el pago de los aportes realizados por la compañía durante los últimos seis (6) meses calendario legalmente exigibles a la fecha de presentación de la propuesta para el presente proceso de selección, por los conceptos de salud, pensiones, riesgos laborales, cajas de compensación familiar, Instituto Colombiano de Bienestar familiar (ICBF) y Servicio Nacional de Aprendizaje (SENA) | AP46: certifico el pago de los aportes de seguridad social (pensión, salud y riesgos profesionales) y de los aportes parafiscales (Instituto Colombiano de Bienestar familiar ICBF, Servicio Nacional de Aprendizaje SENA y Caja de Compensación Familiar) pagados por la compañía durante los últimos seis (6) meses calendario legalmente exigibles a la fecha de presentación de la propuesta | AQ46: certifico el pago de los aportes de seguridad social (pensión, salud y riesgos profesionales) y de los aportes parafiscales (Instituto Colombiano de Bienestar familiar ICBF, Servicio Nacional de Aprendizaje SENA y Caja de Compensación Familiar) pagados por la compañía durante los últimos seis (6) meses calendario legalmente exigibles a la fecha de presentación de la propuesta | AR46: CERTICA QUE HA CUMPLIDO CON LOS PAGOS DE SEGURIDAD SOCIAL Y APOTES PARAFISCALES DURNATE LOS ULTIMOS SEIS MESES | AS46: CERTICA QUE HA CUMPLIDO CON LOS PAGOS DE SEGURIDAD SOCIAL Y APOTES PARAFISCALES DURNATE LOS ULTIMOS SEIS MESES | AT46: CERTICA QUE HA CUMPLIDO CON LOS PAGOS DE SEGURIDAD SOCIAL Y APOTES PARAFISCALES DURNATE LOS ULTIMOS SEIS MESES | AU46: CERTICA QUE HA CUMPLIDO CON LOS PAGOS DE SEGURIDAD SOCIAL Y APOTES PARAFISCALES DURNATE LOS ULTIMOS SEIS MESES | AV46: CERTICA QUE HA CUMPLIDO CON LOS PAGOS DE SEGURIDAD SOCIAL Y APOTES PARAFISCALES DURNATE LOS ULTIMOS SEIS MESES | AW46: CERTIFICA QUE HA CUMPLIDO CON LOS PAGOS DE SEGURIDAD SOCIAL Y APOTES PARAFISCALES DURNATE LOS ULTIMOS SEIS MESES | AX46: CERTICA QUE HA CUMPLIDO CON LOS PAGOS DE SEGURIDAD SOCIAL Y APOTES PARAFISCALES DURANTE LOS ULTIMOS SEIS MESES. | AY46: CERTICA QUE HA CUMPLIDO CON LOS PAGOS DE SEGURIDAD SOCIAL Y APOTES PARAFISCALES DURNATE LOS ULTIMOS SEIS MESES | AZ46: certifico el pago de los aportes de salud, administradora de riesgos laborales, pensiones y aportes a las Cajas de Compensación Familiar, al Instituto Colombiano de Bienestar Familiar, al Servicio Nacional de Aprendizaje y al Fondo Nacional de Formación Profesional para la Industria de Construcción (artículo 65 Ley 1819 de 2016 y artículo 3 Decreto 1047 de 1983), pagados por la compañía durante los últimos seis (6) meses contados a partir de la fecha de cierre del presente procedimiento de selección. | BA46: certifico el pago de los aportes de salud, administradora de riesgos laborales, pensiones y aportes a las Cajas de Compensación Familiar, al Instituto Colombiano de Bienestar Familiar, al Servicio Nacional de Aprendizaje y al Fondo Nacional de Formación Profesional para la Industria de Construcción (artículo 65 Ley 1819 de 2016 y artículo 3 Decreto 1047 de 1983), pagados por la compañía durante los últimos seis (6) meses contados a partir de la fecha de cierre del presente procedimiento de selección. | BB46: CERTICA QUE HA CUMPLIDO CON LOS PAGOS DE SEGURIDAD SOCIAL Y APOTES PARAFISCALES DURNATE LOS ULTIMOS SEIS MESES | BC46: certifico bajo la gravedad de juramento que mi representada se encuentra al día en el cumplimiento de las obligaciones laborales, pago de aportes al Sistema de Seguridad Social Integral y parafiscales, así como los aportes del Sena, ICBF y Cajas de compensación familiar, durante los últimos 6 meses anteriores a la fecha de cierre del proceso, de conformidad con lo señalado en el artículo 23 de la ley 1150 de 2007, artículo 50 de la Ley 789 de 2002. | BD46: manifiesto que la COMPAÑÍA DE VIGILANCIA PRIVADA VIGILISTA LTDA. ha cumplido, durante los seis (6) meses anteriores a la fecha de cierre del presente proceso, con los pagos al sistema de seguridad social en salud, pensiones y riesgos profesionales y con el pago de los aportes parafiscales de todos sus empleados vinculados por contrato de trabajo, a las Empresas Promotoras de Salud -EPS-, Fondos de Pensiones, Administradoras de Riesgos Laborales -ARL-, Caja de Compensación Familiar, Instituto Colombiano de Bienestar Familiar -ICBF- y Servicio Nacional de Aprendizaje -SENA
C47: FIRMA REPRESENTANTE LEGAL | D47: R.LEGAL. LUIS FERNANDO SERRANO TASCON | H47: NO | I47: NO | J47: NO | K47: NO | L47: NO | M47: NO | N47: NO | O47: NO | P47: NO | S47: REVISOR FISCAL | T47: REVISOR FISCAL | U47: REVISOR FISCAL | V47: REVISOR FISCAL | W47: REVISOR FISCAL | X47: N/A | Y47: REVISOR FISCAL | Z47: REVISOR FISCAL | AC47: REVISOR FISCAL | AD47: REPRESENTANTE LEGAL | AE47: N/A | AF47: DANIEL ANDRES HORMAZA PORTILLA | AG47: N/A | AH47: CARLOS ALFONSO ESPINOSA CASTILLO | AI47: N/A | AJ47: N/A | AK47: N/A | AL47: N/A | AM47: N/A | AN47: N/A | AO47: N/A | AP47: N/A | AQ47: N/A | AR47: NO | AS47: NO | AT47: NO | AU47: NO | AV47: NO | AX47: REVISOR FISCAL | AY47: REPRESENTANTE LEGAL | AZ47: N/A | BA47: N/A | BC47: N/A | BD47: N/A
C48: FIRMA REVISOR FISCAL: | D48: JESUS JAIRO MORA GOMEZ | E48: FERNEY CONGORA SALAS | F48: ANGELA YANETH RAMIREZ FORERO | G48: MERY JOHANNA CRISTANCHO CASTRO | H48: LIBIA ELENAACOSTA NIÑO | I48: MARTIN PATIÑO DUARTE | J48: FERNEY GONGORA SALAS | K48: CARLOS ALFONSO GARCIA | L48: CARLOS ALFONSO GARCIA | M48: CESAR GIOVANNY DIAZ ALVARADO | N48: DEISCY MILDRED VELASQUEZ CAMPUZANO | O48: ANGEL MARIA FONSECA ALONSO | P48: JESUS JOHAN GONZALEZ RIVERA | Q48: CLAUDIA MILENA FORERO QUIROGA | R48: ALBA LUCIA PARRAGA GUTIERREZ | S48: MARTHA PATRICIA SUAREZ MORA | T48: CINDY JOHANNA IBAÑEZ CELY | U48: JOSE ALEJANDRO ROMERO ROMERO | V48: LIRIS GIOMAR ALARCON PEREZ | W48: JOSE EDUARDO RODRIGUEZ VALERO | X48: ORLANDO MAYOR DOMINGUEZ | Y48: JOSE MIGUEL BUITRAGO | Z48: MARIA LIGIA RIVERA DE MORRIS | AA48: DIANA MARCELA CIFUENTES LINARES | AB48: EDILBERTO ZAMORA ESPEJO | AC48: JAIME HOMERO CORREDOR DUQUE | AD48: JULIAN ANDRES RODRIGUEZ CORAL | AE48: JAIRO ALBERTO RODRIGUEZ RIVERA | AF48: N/A | AG48: LUCILA GUAVITA CRISTANCHO | AH48: JOHANNA MAYERLY PEÑA HERNANDEZ | AI48: LEONARDO LOZANO LOZANO | AJ48: DIEGO OMAR CAMPOS PENAGOS | AK48: LUIS FERNANDO MALAGÓN ROCHA | AL48: JOSE NORBERTO GONZALEZ GONZALEZ | AM48: JUSTO PASTOR CHIPATECUA ESTRADA | AN48: MARIO CASANOVA DÍAZ | AO48: CARLOS ANDRES ALVAREZ LUNA | AP48: JINNA MARCELA CARREÑO | AQ48: HUGO HUSSEIN GOMEZ CASTRO | AR48: ARIEL AHUMEDO SIERRA | AS48: DORA LUCY VARGAS RODRIGUEZ | AT48: DEISCY MIEDRED VELASQUEZ | AU48: JORGE GUILLERMO LOZANO SOMERA | AV48: ARMANDO ANDRES QUINTERO LEON | AW48: JUAN CARLOS ACOSTA GUALTERO | AX48: RAMON OCTAVIO COLINA | AY48: ERIKA JOHANNA RODRIGUEZ UMBACIA | AZ48: EDITH ESPERANZACASTELLANOSBAUTISTA | BA48: FERNEY GONGORA SALAS | BB48: MARIA VICTORIA CRUZ TORRES | BC48: MARITZA PIEDAD ACEVEDO GONZALEZ | BD48: NELSON MIGUEL BAUTISTA NARANJO
C49: CERTIFICADO DE INSCRIPCION REVISOR FISCAL CERTIFICADO EXISTENCIA Y REPRESENTACION LEGAL | D49: NO APLICA | E49: INSCRITO | F49: INSCRITO | G49: SI | H49: INSCRITA | I49: INSCRITO | J49: INSCRITO | K49: INSCRITO | L49: INSCRITO | M49: INSCRITO | N49: INSCRITO | O49: INSCRITO | P49: INSCRITO | Q49: INSCRITO | R49: INSCRITO | S49: INSCRITO | T49: INSCRITO | U49: INSCRITO | V49: INSCRITO | W49: INSCRITO | X49: INSCRITO | Y49: INSCRITO | Z49: INSCRITO | AA49: INSCRITO | AB49: INSCRITO | AC49: INSCRITO | AD49: NO APORTA | AE49: INSCRITO | AF49: N/A | AG49: INSCRITA | AH49: INSCRITA | AI49: INSCRITO | AJ49: INSCRITA | AK49: INSCRITO | AL49: INSCRITO | AM49: INSCRITO | AN49: INSCRITO | AO49: INSCRITO | AP49: INSCRITO | AQ49: INSCRITO | AR49: INSCRITO | AS49: INSCRITO | AT49: INSCRITO | AU49: INSCRITO | AV49: INSCRITO | AW49: INSCRITO | AX49: INSCRITO | AY49: NO APORTA | AZ49: INSCRITO | BA49: INSCRITO | BB49: INSCRITO | BC49: INSCRITO | BD49: INSCRITO
C50: ANTECEDENTES DISCIPLINARIOS VIGENTES REVISOR FISCAL- EXPEDIDO JUNTA DE CONTADORES | D50: NO APLICA | E50: SIN ANTECEDENTES | F50: SIN ANTECEDENTES | G50: SI | H50: SIN ANTECEDENTES | I50: SIN ANTECEDENTES | J50: SIN ANTECEDENTES | K50: SIN ANTECEDENTES | L50: SIN ANTECEDENTES | M50: SIN ANTECEDENTES | N50: SIN ANTECEDENTES | O50: SIN ANTECEDENTES | P50: SIN ANTECEDENTES | Q50: SIN ANTECEDENTES | R50: SIN ANTECEDENTES | S50: SIN ANTECEDENTES | T50: SIN ANTECEDENTES | U50: SIN ANTECEDENTES | V50: SIN ANTECEDENTES | W50: SIN ANTECEDENTES | X50: NO REGISTRA ANTECEDENTES DISCIPLINARIOS | Y50: SIN ANTECEDENTES | Z50: SIN ANTECEDENTES | AA50: SIN ANTECEDENTES | AB50: SIN ANTECEDENTES | AC50: SIN ANTECEDENTES | AD50: NO APORTA | AE50: NO REGISTRA ANTECEDENTES DISCIPLINARIOS | AF50: N/A | AG50: NO REGISTRA ANTECEDENTES DISCIPLINARIOS | AH50: NO REGISTRA ANTECEDENTES DISCIPLINARIOS | AI50: NO REGISTRA ANTECEDENTES DISCIPLINARIOS | AJ50: NO REGISTRA ANTECEDENTES DISCIPLINARIOS | AK50: NO REGISTRA ANTECEDENTES DISCIPLINARIOS | AL50: NO REGISTRA ANTECEDENTES DISCIPLINARIOS | AM50: NO REGISTRA ANTECEDENTES DISCIPLINARIOS | AN50: NO REGISTRA ANTECEDENTES DISCIPLINARIOS | AO50: NO REGISTRA ANTECEDENTES DISCIPLINARIOS | AP50: NO REGISTRA ANTECEDENTES DISCIPLINARIOS | AQ50: NO REGISTRA ANTECEDENTES DISCIPLINARIOS | AR50: SIN ANTECEDENTES | AS50: SIN ANTECEDENTES | AT50: SIN ANTECEDENTES | AU50: SIN ANTECEDENTES | AV50: SIN ANTECEDENTES | AW50: SIN ANTECEDENTES | AX50: SIN ANTECEDENTES | AY50: NO APORTA | AZ50: NO REGISTRA ANTECEDENTES DISCIPLINARIOS | BA50: NO REGISTRA ANTECEDENTES DISCIPLINARIOS | BB50: SIN ANTECEDENTES | BC50: NO REGISTRA ANTECEDENTES DISCIPLINARIOS | BD50: NO REGISTRA ANTECEDENTES DISCIPLINARIOS
C51: COPIA DE LA TARJETA PROFESIONAL DE CONTADOR PUBLICO | D51: NO APLICA | E51: APORTA | F51: APORTA | G51: SI | H51: APORTA | I51: APORTA | J51: APORTA | K51: APORTA | L51: APORTA | M51: APORTA | N51: APORTA | O51: APORTA | P51: APORTA | Q51: APORTA | R51: APORTA | S51: APORTA | T51: APORTA | U51: APORTA | V51: APORTA | W51: APORTA | X51: APORTA | Y51: APORTA | Z51: APORTA | AA51: APORTA | AB51: APORTA | AC51: APORTA | AD51: NO APORTA | AE51: APORTA | AF51: N/A | AG51: APORTA | AH51: APORTA | AI51: APORTA | AJ51: APORTA | AK51: APORTA | AL51: APORTA | AM51: APORTA | AN51: APORTA | AO51: APORTA | AP51: APORTA | AQ51: APORTA | AR51: APORTA | AS51: APORTA | AT51: APORTA | AU51: APORTA | AV51: APORTA | AW51: APORTA | AX51: APORTA | AY51: NO APORTA | AZ51: APORTA | BA51: APORTA | BB51: APORTA | BC51: APORTA | BD51: APORTA
C52: FECHA DE CERTIFICACION DEL CUMPLIMIENTO: | D52: 44869 | E52: 44869 | F52: 44869 | G52: 44869 | H52: 44869 | I52: 27532-T | J52: 125865-T | K52: 16539-T | L52: 16539-T | M52: 130835-T | N52: 160101-T | O52: 71678-T | P52: 140579-T | Q52: 44869 | R52: 44869 | S52: 44869 | T52: 44869 | U52: 44869 | V52: 44869 | W52: 44869 | X52: (04) cuatro días del mes de noviembre de 2022 | Y52: 44869 | Z52: 44869 | AA52: 44869 | AB52: 44869 | AC52: 44848 | AD52: 44869 | AE52: (04) días del mes de noviembre de 2022 | AF52: (04) días del mes de noviembre de 2022. | AG52: (04) días del mes de Noviembre de dos mil veintidós (2022). | AH52: (04) días del mes de Noviembre de dos mil veintidós (2022). | AI52: (04) días del mes de noviembre de 2022. | AJ52: (04) días del mes de noviembre de 2022. | AK52: (04) días del mes de noviembre de 2022. | AL52: (04) días del mes de noviembre de 2022. | AM52: (4) días del mes de noviembre del 2022 | AN52: (4) días del mes de noviembre del 2022 | AO52: (04) cuatro días del mes de noviembre de 2022 | AP52: (4) días del mes de noviembre del 2022 | AQ52: (4) días del mes de noviembre del 2022 | AR52: 20665-T | AS52: 150242-T | AT52: 160101-T | AU52: 179881-T | AV52: 123559-T | AW52: 44859 | AX52: 44869 | AY52: 44869 | AZ52: (4) días del mes de noviembre del 2022 | BA52: (4) días del mes de noviembre del 2022 | BB52: 44869 | BC52: 1 de noviembre de 2021 | BD52: (03) días del mes de noviembre del 2022
C53: OBSERVACIONES: | D53: Ninguna | E53: Ninguna | F53: Ninguna | G53: Ninguna | H53: NINGUNA | I53: Ninguna | J53: Ninguna | K53: Ninguna | L53: Ninguna | M53: Ninguna | N53: Ninguna | O53: Ninguna | P53: Ninguna | Q53: Ninguna | R53: Ninguna | S53: Ninguna | T53: Ninguna | U53: Ninguna | V53: Ninguna | W53: Ninguna | X53: Ninguna | Y53: Ninguna | Z53: Ninguna | AA53: Ninguna | AB53: Ninguna | AC53: Ninguna | AD53: Ninguna | AE53: Ninguna | AF53: Ninguna | AG53: Ninguna | AH53: Ninguna | AI53: Ninguna | AJ53: Ninguna | AK53: Ninguna | AL53: Ninguna | AM53: Ninguna | AN53: Ninguna | AO53: Ninguna | AP53: Ninguna | AQ53: Ninguna | AR53: Ninguna | AS53: Ninguna | AT53: Ninguna | AU53: Ninguna | AV53: Ninguna | AW53: Ninguna | AX53: Ninguna | AY53: Ninguna | AZ53: Ninguna | BA53: Ninguna | BB53: Ninguna | BC53: Ninguna | BD53: Ninguna
A54: 11 | B54: REGISTRO UNICO TRIBUTARIO RUT | C54: APORTADO (SI O NO) | D54: SI | E54: SI | F54: SI | G54: SI | H54: SI | I54: SI | J54: SI | K54: SI | L54: SI | M54: SI | N54: SI | O54: SI | P54: SI | Q54: SI | R54: SI | S54: SI | T54: SI | U54: SI | V54: SI | W54: SI | X54: SI | Y54: SI | Z54: SI | AA54: SI | AB54: SI | AC54: SI | AD54: SI | AE54: SI | AF54: SI | AG54: SI | AH54: SI | AI54: SI | AJ54: SI | AK54: SI | AL54: SI | AM54: SI | AN54: SI | AO54: SI | AP54: SI | AQ54: SI | AR54: SI | AS54: SI | AT54: SI | AU54: SI | AV54: SI | AW54: SI | AX54: SI | AY54: SI | AZ54: SI | BA54: SI | BB54: SI | BC54: SI | BD54: SI
C55: REGIMEN: | D55: IMPUESTOS SOBRE LAS VENTAS | E55: RESPONSABLE DE IMPUESTOA LAS VENTAS | F55: RESPONSABLE DE IMPUESTOA LAS VENTAS | G55: IMPUESTOS SOBRE LAS VENTAS | H55: RESPONSABLE DE IMPUESTOA LAS VENTAS | I55: RESPONSABLE DE IMPUESTOA LAS VENTAS | J55: RESPONSABLE DE IMPUESTOA LAS VENTAS | K55: RESPONSABLE DE IMPUESTOA LAS VENTAS | L55: RESPONSABLE DE IMPUESTOA LAS VENTAS | M55: RESPONSABLE DE IMPUESTOA LAS VENTAS | N55: RESPONSABLE DE IMPUESTOA LAS VENTAS | O55: RESPONSABLE DE IMPUESTOA LAS VENTAS | P55: RESPONSABLE DE IMPUESTOA LAS VENTAS | Q55: RESPONSABLE DE IMPUESTOA LAS VENTAS | R55: RESPONSABLE DE IMPUESTOA LAS VENTAS | S55: RESPONSABLE DE IMPUESTO A LAS VENTAS | T55: RESPONSABLE DE IMPUESTO A LAS VENTAS | U55: RESPONSABLE DE IMPUESTO A LAS VENTAS | V55: RESPONSABLE DE IMPUESTOA LAS VENTAS | W55: RESPONSABLE DE IMPUESTOA LAS VENTAS | X55: RESPONSABLE DE IMPUESTOA LAS VENTAS | Y55: RESPONSABLE DE IMPUESTOA LAS VENTAS | Z55: RESPONSABLE DE IMPUESTOA LAS VENTAS | AA55: RESPONSABLE DE IMPUESTO A LAS VENTAS | AB55: RESPONSABLE DE IMPUESTO A LAS VENTAS | AC55: RESPONSABLE DE IMPUESTO A LAS VENTAS | AD55: RESPONSABLE DE IMPUESTO A LAS VENTAS | AE55: RESPONSABLE DE IMPUESTOA LAS VENTAS | AF55: RESPONSABLE DE IMPUESTOA LAS VENTAS | AG55: RESPONSABLE DE IMPUESTOA LAS VENTAS | AH55: RESPONSABLE DE IMPUESTOA LAS VENTAS | AI55: RESPONSABLE DE IMPUESTO A LAS VENTAS | AJ55: RESPONSABLE DE IMPUESTOA LAS VENTAS | AK55: RESPONSABLE DE IMPUESTOA LAS VENTAS | AL55: RESPONSABLE DE IMPUESTOA LAS VENTAS | AM55: RESPONSABLE DE IMPUESTOA LAS VENTAS | AN55: RESPONSABLE DE IMPUESTOA LAS VENTAS | AO55: RESPONSABLE DE IMPUESTOA LAS VENTAS | AP55: RESPONSABLE DE IMPUESTOA LAS VENTAS | AQ55: RESPONSABLE DE IMPUESTOA LAS VENTAS | AR55: RESPONSABLE DE IMPUESTOA LAS VENTAS | AS55: RESPONSABLE DE IMPUESTOA LAS VENTAS | AT55: RESPONSABLE DE IMPUESTOA LAS VENTAS | AU55: RESPONSABLE DE IMPUESTOA LAS VENTAS | AV55: RESPONSABLE DE IMPUESTOA LAS VENTAS | AW55: RESPONSABLE IMPUESTO A LAS VENTAS IVA | AX55: RESPONSABLE DE IMPUESTO A LAS VENTAS | AY55: RESPONSABLE DE IMPUESTO A LAS VENTAS | AZ55: RESPONSABLE DE IMPUESTOA LAS VENTAS | BA55: RESPONSABLE DE IMPUESTOA LAS VENTAS | BB55: RESPONSABLE DE IMPUESTO A LAS VENTAS | BC55: RESPONSABLE DE IMPUESTOA LAS VENTAS | BD55: RESPONSABLE DE IMPUESTOA LAS VENTAS
C56: OBSERVACIONES: | D56: Ninguna | E56: Ninguna | F56: Ninguna | G56: Ninguna | H56: Ninguna | I56: Ninguna | J56: Ninguna | K56: Ninguna | L56: Ninguna | M56: Ninguna | N56: Ninguna | O56: Ninguna | P56: Ninguna | Q56: Ninguna | R56: Ninguna | S56: Ninguna | T56: Ninguna | U56: Ninguna | V56: Ninguna | W56: Ninguna | X56: Ninguna | Y56: Ninguna | Z56: Ninguna | AA56: Ninguna | AB56: Ninguna | AC56: Ninguna | AD56: Ninguna | AE56: Ninguna | AF56: Ninguna | AG56: Ninguna | AH56: Ninguna | AI56: Ninguna | AJ56: Ninguna | AK56: Ninguna | AL56: Ninguna | AM56: Ninguna | AN56: Ninguna | AO56: Ninguna | AP56: Ninguna | AQ56: Ninguna | AR56: Ninguna | AS56: Ninguna | AT56: Ninguna | AU56: Ninguna | AV56: Ninguna | AW56: Ninguna | AX56: Ninguna | AY56: Ninguna | AZ56: Ninguna | BA56: Ninguna | BB56: Ninguna | BC56: Ninguna | BD56: Ninguna
A57: 12 | B57: COMPROMISO CON EL MEDIO AMBIENTE ( ANEXO ) | C57: APORTADO (SI O NO) | D57: SI | E57: SI | F57: SI | G57: SI | H57: SI | I57: SI | J57: SI | K57: SI | L57: SI | M57: SI | N57: SI | O57: SI | P57: SI | Q57: SI | R57: SI | S57: SI | T57: SI | U57: SI | V57: SI | W57: SI | X57: SI | Y57: SI | Z57: SI | AA57: SI | AB57: SI | AC57: SI | AD57: SI | AE57: SI | AF57: SI | AG57: SI | AH57: SI | AI57: SI | AJ57: SI | AK57: SI | AL57: SI | AM57: SI | AN57: SI | AO57: SI | AP57: SI | AQ57: SI | AR57: SI | AS57: SI | AU57: SI | AV57: SI | AW57: SI | AX57: SI | AY57: SI | AZ57: SI | BA57: SI | BB57: SI | BC57: SI | BD57: SI
C58: FIRMADO POR REPRESENTANTE LEGAL: | D58: R.LEGAL. LUIS FERNANDO SERRANO TASCON | E58: FIRMADO POR REPRESENTANTE LEGAL | F58: FIRMADO POR REPRESENTANTE LEGAL | G58: R. LEGAL. DENICE GARZON MALPICA | H58: FIRMADO POR REPRESENTANTE LEGAL | I58: FIRMADO POR REPRESENTANTE LEGAL | J58: FIRMADO POR REPRESENTANTE LEGAL | K58: FIRMADO POR REPRESENTANTE LEGAL | L58: FIRMADO POR REPRESENTANTE LEGAL | M58: FIRMADO POR REPRESENTANTE LEGAL | N58: FIRMADO POR REPRESENTANTE LEGAL | O58: FIRMADO POR REPRESENTANTE LEGAL | P58: FIRMADO POR REPRESENTANTE LEGAL | Q58: FIRMADO POR REPRESENTANTE LEGAL | R58: FIRMADO POR REPRESENTANTE LEGAL | S58: FIRMADO POR REPRESENTANTE LEGAL | T58: FIRMADO POR REPRESENTANTE LEGAL | U58: FIRMADO POR REPRESENTANTE LEGAL | V58: FIRMADO POR REPRESENTANTE LEGAL | W58: FIRMADO POR REPRESENTANTE LEGAL | X58: Representante Legal:HERIBERTO LOAIZA MARIN | Y58: FIRMADO POR REPRESENTANTE LEGAL | Z58: FIRMADO POR REPRESENTANTE LEGAL | AA58: FIRMADO POR REPRESENTANTE LEGAL | AB58: FIRMADO POR REPRESENTANTE LEGAL | AC58: FIRMADO POR REPRESENTANTE LEGAL | AD58: FIRMADO POR REPRESENTANTE LEGAL | AE58: FABIO HERNANDO PORTILLA SANCHEZ | AF58: DANIEL ANDRES HORMAZA PORTILLA | AG58: CAROL ANDREA GRANADA GOMEZ | AH58: CARLOS ALFONSO ESPINOSA CASTILLO | AI58: Representante Legal: MARTA LILIANA SAMBONI SEMANATE | AJ58: Representante Legal: ALVARO ORDOÑEZ ORTIZ | AK58: Representante Legal: JAIME LUIS MAHECHA PARADA | AL58: Representante Legal:GUILLERMO MAYORGA VALENZUELA | AM58: Representante Legal: HECTOR BAEZ MEDINA | AN58: Representante Legal: MARIA MONICA GONZALES RUIZ | AO58: Representante Legal: SONIA PATRICIA ANGARITA ABAUNZA | AP58: Representante Legal: PEDRO ELIAS SANCHEZ ANGARITA | AQ58: Representante Legal: ANGELICA BULLA CASTILLO | AR58: FIRMADO POR REPRESENTANTE LEGAL | AS58: FIRMADO POR REPRESENTANTE LEGAL | AU58: FIRMADO POR REPRESENTANTE LEGAL | AV58: FIRMADO POR REPRESENTANTE LEGAL | AW58: FIRMADO POR REPRESENTANTE LEGAL | AX58: FIRMADO POR REPRESENTANTE LEGAL SULMA SORAIDA RICO | AY58: FIRMADO POR REPRESENTANTE LEGAL ERIKA JOHANNA RODRIGUEZ UMBACIA | AZ58: Representante Legal: GERMAN HERNANDO PERILLA MEDRANO | BA58: Representante Legal: WILLIAM RESTREPO ESPINOSA | BB58: FIRMADO REPRESENTANTE LEGAL | BC58: Representante Legal: BERSELI MATEUS RUIZ | BD58: Representante Legal: ALFREDO REYES SANCHEZ
A59: 13 | B59: ANTECEDENTES FISCALES (CONTRALORIA) | C59: APORTADO (SI O NO) | D59: SI | E59: SI | F59: SI | G59: SI | H59: SI | I59: SI | J59: SI | K59: SI | L59: SI | M59: SI | N59: SI | O59: SI | P59: SI | Q59: SI | R59: SI | S59: SI | T59: SI | U59: SI | V59: SI | W59: SI | X59: SI | Y59: SI | Z59: SI | AA59: SI | AB59: SI | AC59: SI | AD59: SI | AE59: SI | AF59: SI | AG59: SI | AH59: SI | AI59: SI | AJ59: SI | AK59: SI | AL59: SI | AM59: SI | AN59: SI | AO59: SI | AP59: SI | AQ59: SI | AR59: SI | AS59: SI | AT59: SI | AU59: SI | AV59: SI | AW59: SI | AX59: SI | AY59: SI | AZ59: SI | BA59: SI | BB59: SI | BC59: SI | BD59: SI
C60: FECHA DE EXPEDICION NO MAYOR A TREINTA DIAS A LA FECHA DE CIERRE DEL PROCESO | D60: 44867 | E60: 44852 | F60: 44844 | G60: 44866 | H60: 44846 | I60: 44844 | J60: 44845 | K60: 44847 | L60: 44847 | M60: 44866 | N60: 27/10/(2022 | O60: 44847 | P60: 44847 | Q60: 44868 | R60: 44868 | S60: 44846 | T60: 44847 | U60: 44844 | V60: 44852 | W60: 44840 | X60: 44859 | Y60: 44857 | Z60: 44867 | AA60: 44852 | AB60: 44865 | AC60: 44862 | AD60: 44862 | AE60: 01 de noviembre de 2022 | AF60: 01 de noviembre de 2022 | AG60: 31 de octubre de 2022 | AH60: 31 de octubre de 2022 | AI60: (03) días del mes de noviembre de 2022. | AJ60: (01) días del mes de noviembre de 2022. | AK60: 44847 | AL60: 44854 | AM60: 44866 | AN60: 44853 | AO60: 44865 | AP60: 44867 | AQ60: 44853 | AR60: 44847 | AS60: 44866 | AT60: 44868 | AU60: 44867 | AV60: 44867 | AW60: 44865 | AX60: 44853 | AY60: 44853 | AZ60: 44867 | BA60: 44867 | BB60: 44854 | BC60: 44866 | BD60: 44857
C61: OBSERVACIONES: | D61: Ninguna | E61: ALLEGA EMPRESA Y REPRESENTANTE LEGAL | F61: ALLEGA EMPRESA Y REPRESENTANTE LEGAL | G61: Ninguna | H61: ALLEGA EMPRESA Y REPRESENTANTE LEGAL | I61: ALLEGA EMPRESA Y REPRESENTANTE LEGAL | J61: ALLEGA EMPRESA Y REPRESENTANTE LEGAL | K61: ALLEGA EMPRESA Y REPRESENTANTE LEGAL | L61: ALLEGA EMPRESA Y REPRESENTANTE LEGAL | M61: ALLEGA EMPRESA Y REPRESENTANTE LEGAL | N61: ALLEGA EMPRESA Y REPRESENTANTE LEGAL | O61: ALLEGA EMPRESA Y REPRESENTANTE LEGAL | P61: ALLEGA EMPRESA Y REPRESENTANTE LEGAL | Q61: ALLEGA EMPRESA Y REPRESENTANTE LEGAL | R61: ALLEGA EMPRESA Y REPRESENTANTE LEGAL | S61: ALLEGA EMPRESA Y REPRESENTANTE LEGAL | T61: ALLEGA EMPRESA Y REPRESENTANTE LEGAL | U61: ALLEGA EMPRESA Y REPRESENTANTE LEGAL | V61: ALLEGA EMPRESA Y REPRESENTANTE LEGAL | W61: ALLEGA EMPRESA Y REPRESENTANTE LEGAL | X61: ALLEGA EMPRESA - SE CONSULTA EL DEL REPRESENTANTE LEGAL 08/11/20222 | Y61: ALLEGA EMPRESA Y REPRESENTANTE LEGAL | Z61: ALLEGA EMPRESA Y REPRESENTANTE LEGAL | AA61: ALLEGA EMPRESA Y REPRESENTANTE LEGAL | AB61: ALLEGA EMPRESA Y REPRESENTANTE LEGAL | AC61: ALLEGA EMPRESA Y REPRESENTANTE LEGAL | AD61: ALLEGA EMPRESA Y REPRESENTANTE LEGAL | AE61: ALLEGA EMPRESA Y REPRESENTANTE LEGAL | AF61: ALLEGA EMPRESA Y REPRESENTANTE LEGAL | AG61: ALLEGA EMPRESA Y REPRESENTANTE LEGAL | AH61: ALLEGA EMPRESA Y REPRESENTANTE LEGAL | AI61: ALLEGA EMPRESA Y REPRESENTANTE LEGAL | AJ61: ALLEGA EMPRESA Y REPRESENTANTE LEGAL | AK61: ALLEGA EMPRESA Y REPRESENTANTE LEGAL | AL61: ALLEGA EMPRESA Y REPRESENTANTE LEGAL | AM61: ALLEGA EMPRESA Y REPRESENTANTE LEGAL | AN61: ALLEGA EMPRESA Y REPRESENTANTE LEGAL | AO61: ALLEGA EMPRESA Y REPRESENTANTE LEGAL | AP61: ALLEGA EMPRESA Y REPRESENTANTE LEGAL | AQ61: ALLEGA EMPRESA Y REPRESENTANTE LEGAL | AR61: ALLEGA EMPRESA Y REPRESENTANTE LEGAL | AS61: ALLEGA EMPRESA Y REPRESENTANTE LEGAL | AT61: ALLEGA EMPRESA Y REPRESENTANTE LEGAL | AU61: ALLEGA EMPRESA Y REPRESENTANTE LEGAL | AV61: ALLEGA EMPRESA Y REPRESENTANTE LEGAL | AW61: ALLEGA EMPRESA Y REPRESENTANTE LEGAL | AX61: ALLEGA EMPRESA Y REPRESENTANTE LEGAL | AY61: ALLEGA EMPRESA Y REPRESENTANTE LEGAL | AZ61: ALLEGA EMPRESA Y REPRESENTANTE LEGAL | BA61: ALLEGA EMPRESA Y REPRESENTANTE LEGAL | BB61: ALLEGA EMPRESA Y REPRESENTANTE LEGAL | BC61: ALLEGA EMPRESA Y REPRESENTANTE LEGAL | BD61: ALLEGA EMPRESA Y REPRESENTANTE LEGAL
A62: 14 | B62: ANTECEDENTES PENALES (POLICIA) | C62: APORTADO (SI O NO) | D62: SI | E62: SI | F62: SI | G62: SI | H62: SI | I62: SI | J62: SI | K62: SI | L62: SI | M62: SI | N62: SI | O62: SI | P62: SI | Q62: SI | R62: SI | S62: SI | T62: SI | U62: SI | V62: SI | W62: SI | X62: SI | Y62: SI | Z62: SI | AA62: SI | AB62: SI | AC62: SI | AD62: SI | AE62: SI | AF62: SI | AG62: SI | AH62: SI | AI62: SI | AJ62: SI | AK62: SI | AL62: SI | AM62: SI | AN62: SI | AO62: SI | AP62: SI | AQ62: SI | AR62: SI | AS62: SI | AU62: SI | AV62: SI | AW62: SI | AX62: SI | AY62: SI | AZ62: SI | BA62: SI | BB62: SI | BC62: SI | BD62: SI
C63: FECHA DE EXPEDICION NO MAYOR A TREINTA DIAS A LA FECHA DE CIERRE DEL PROCESO | D63: 44867 | E63: 44852 | F63: 44844 | G63: 44866 | H63: 44846 | I63: 44853 | J63: 44845 | K63: 44853 | L63: 44847 | M63: 44866 | N63: 27/10/(2022 | O63: 44847 | P63: 44847 | Q63: 44868 | R63: 44867 | S63: 44846 | T63: 44847 | U63: 44844 | V63: 44840 | W63: 44852 | X63: 44858 | Y63: 44857 | Z63: 44867 | AA63: 44852 | AB63: 44865 | AC63: 44862 | AD63: 44862 | AE63: 01 de noviembre de 2022 | AF63: 01 de noviembre de 2022 | AG63: 31 de octubre de 2022 | AH63: 31 de octubre de 2022 | AI63: 44868 | AJ63: 44866 | AK63: 44847 | AL63: 44854 | AM63: 44866 | AN63: 44853 | AO63: 44865 | AP63: 44867 | AQ63: 44853 | AR63: 44846 | AS63: 44866 | AT63: 44868 | AU63: 44847 | AV63: 44867 | AW63: 44865 | AX63: 44853 | AY63: 44853 | AZ63: 44867 | BA63: 44867 | BB63: 44854 | BC63: 44866 | BD63: 44857
C64: OBSERVACIONES: | D64: Ninguna | E64: Ninguna | F64: Ninguna | G64: Ninguna | H64: Ninguna | I64: Ninguna | J64: Ninguna | K64: Ninguna | L64: Ninguna | M64: Ninguna | N64: Ninguna | O64: Ninguna | P64: Ninguna | Q64: Ninguna | R64: Ninguna | S64: Ninguna | T64: Ninguna | U64: Ninguna | V64: Ninguna | W64: Ninguna | X64: Ninguna | Y64: Ninguna | Z64: Ninguna | AA64: Ninguna | AB64: Ninguna | AC64: Ninguna | AD64: Ninguna | AE64: Ninguna | AF64: Ninguna | AG64: Ninguna | AH64: Ninguna | AI64: Ninguna | AJ64: Ninguna | AK64: Ninguna | AL64: Ninguna | AM64: Ninguna | AN64: Ninguna | AO64: Ninguna | AP64: Ninguna | AQ64: Ninguna | AR64: Ninguna | AS64: Ninguna | AU64: Ninguna | AV64: Ninguna | AW64: ALLEGA EMPRESA Y REPRESENTANTE LEGAL | AX64: Ninguna | AY64: Ninguna | AZ64: Ninguna | BA64: Ninguna | BB64: Ninguna | BC64: Ninguna | BD64: Ninguna
A65: 15 | B65: ANTECEDENTES DISCIPLINARIOS (PROCURADURIA) | C65: APORTADO (SI O NO) | D65: SI | E65: SI | F65: SI | G65: SI | H65: SI | I65: SI | J65: SI | K65: SI | L65: SI | M65: SI | N65: SI | O65: SI | P65: SI | Q65: SI | R65: SI | S65: SI | T65: SI | U65: SI | V65: SI | W65: SI | X65: SI | Y65: SI | Z65: SI | AA65: SI | AB65: SI | AC65: SI | AD65: SI | AE65: SI | AF65: SI | AG65: SI | AH65: SI | AI65: SI | AJ65: SI | AK65: SI | AL65: SI | AM65: SI | AN65: SI | AO65: SI | AP65: SI | AQ65: SI | AR65: SI | AS65: SI | AT65: SI | AU65: SI | AV65: SI | AW65: SI | AX65: SI | AY65: SI | AZ65: SI | BA65: SI | BB65: SI | BC65: SI | BD65: SI
C66: FECHA DE EXPEDICION NO MAYOR A TREINTA DIAS A LA FECHA DE CIERRE DEL PROCESO | D66: 44867 | E66: 44852 | F66: 44844 | G66: 44866 | H66: 44846 | I66: 44844 | J66: 44845 | K66: 44847 | L66: 44847 | M66: 44866 | N66: 27/10/(2022 | O66: 44847 | P66: 44847 | Q66: 44868 | R66: 44867 | S66: 44846 | T66: 44847 | U66: 44844 | V66: 44840 | W66: 44852 | X66: 44858 | Y66: 44857 | Z66: 44867 | AA66: 44852 | AB66: 44858 | AC66: 44862 | AD66: 44862 | AE66: 01 de noviembre de 2022 | AF66: 01 de noviembre de 2022 | AG66: 31 de octubre de 2022 | AH66: 31 de octubre de 2022 | AI66: (03) días del mes de noviembre de 2022. | AJ66: (01) días del mes de noviembre de 2022. | AK66: 44847 | AL66: 44854 | AM66: 44866 | AN66: 44853 | AO66: 44865 | AP66: 44867 | AQ66: 44853 | AR66: 44846 | AS66: 44866 | AT66: 44868 | AU66: 44847 | AV66: 44867 | AW66: 44865 | AX66: 44853 | AY66: 44853 | AZ66: 44867 | BA66: 44867 | BB66: 44854 | BC66: 44866 | BD66: 44857
C67: OBSERVACIONES: | D67: Ninguna | E67: ALLEGA EMPRESA Y REPRESENTANTE LEGAL | F67: ALLEGA EMPRESA Y REPRESENTANTE LEGAL | G67: Ninguna | H67: ALLEGA EMPRESA Y REPRESENTANTE LEGAL | I67: ALLEGA EMPRESA Y REPRESENTANTE LEGAL | J67: ALLEGA EMPRESA Y REPRESENTANTE LEGAL | K67: ALLEGA EMPRESA Y REPRESENTANTE LEGAL | L67: ALLEGA EMPRESA Y REPRESENTANTE LEGAL | M67: ALLEGA EMPRESA Y REPRESENTANTE LEGAL | N67: ALLEGA EMPRESA Y REPRESENTANTE LEGAL | O67: ALLEGA EMPRESA Y REPRESENTANTE LEGAL | P67: ALLEGA EMPRESA Y REPRESENTANTE LEGAL | Q67: ALLEGA EMPRESA Y REPRESENTANTE LEGAL | R67: ALLEGA EMPRESA Y REPRESENTANTE LEGAL | S67: ALLEGA EMPRESA Y REPRESENTANTE LEGAL | T67: ALLEGA EMPRESA Y REPRESENTANTE LEGAL | U67: ALLEGA EMPRESA Y REPRESENTANTE LEGAL | V67: ALLEGA EMPRESA Y REPRESENTANTE LEGAL | W67: ALLEGA EMPRESA Y REPRESENTANTE LEGAL | X67: ALLEGA EMPRESA - SE CONSULTA EL DEL REPRESENTANTE LEGAL 08/11/20222 | Y67: ALLEGA EMPRESA Y REPRESENTANTE LEGAL | Z67: ALLEGA EMPRESA Y REPRESENTANTE LEGAL | AA67: ALLEGA EMPRESA Y REPRESENTANTE LEGAL | AB67: ALLEGA EMPRESA Y REPRESENTANTE LEGAL | AC67: ALLEGA EMPRESA Y REPRESENTANTE LEGAL | AD67: ALLEGA EMPRESA Y REPRESENTANTE LEGAL | AE67: ALLEGA EMPRESA Y REPRESENTANTE LEGAL | AF67: ALLEGA EMPRESA Y REPRESENTANTE LEGAL | AG67: ALLEGA EMPRESA Y REPRESENTANTE LEGAL | AH67: ALLEGA EMPRESA Y REPRESENTANTE LEGAL | AI67: ALLEGA EMPRESA Y REPRESENTANTE LEGAL | AJ67: ALLEGA EMPRESA Y REPRESENTANTE LEGAL | AK67: ALLEGA EMPRESA Y REPRESENTANTE LEGAL | AL67: ALLEGA EMPRESA Y REPRESENTANTE LEGAL | AM67: ALLEGA EMPRESA Y REPRESENTANTE LEGAL | AN67: ALLEGA EMPRESA Y REPRESENTANTE LEGAL | AO67: ALLEGA EMPRESA Y REPRESENTANTE LEGAL | AP67: ALLEGA EMPRESA Y REPRESENTANTE LEGAL | AQ67: ALLEGA EMPRESA Y REPRESENTANTE LEGAL | AR67: ALLEGA EMPRESA Y REPRESENTANTE LEGAL | AS67: ALLEGA EMPRESA Y REPRESENTANTE LEGAL | AT67: ALLEGA EMPRESA Y REPRESENTANTE LEGAL | AU67: ALLEGA EMPRESA Y REPRESENTANTE LEGAL | AV67: ALLEGA EMPRESA Y REPRESENTANTE LEGAL | AW67: ALLEGA EMPRESA Y REPRESENTANTE LEGAL | AX67: ALLEGA EMPRESA Y REPRESENTANTE LEGAL | AY67: ALLEGA EMPRESA Y REPRESENTANTE LEGAL | AZ67: ALLEGA EMPRESA Y REPRESENTANTE LEGAL | BA67: ALLEGA EMPRESA Y REPRESENTANTE LEGAL | BB67: ALLEGA EMPRESA Y REPRESENTANTE LEGAL | BC67: ALLEGA EMPRESA Y REPRESENTANTE LEGAL | BD67: ALLEGA EMPRESA Y REPRESENTANTE LEGAL
A68: 16 | B68: FORMATO BENEFICIARIO CUENTA (ANEXO) | C68: APORTADO (SI O NO) | D68: SI | E68: NO APLICA | G68: SI | H68: SI | I68: NO APLICA | K68: NO APLICA | M68: NO APLICA | O68: NO APLICA | Q68: NO APLICA - APORTA | S68: APORTA | V68: SI POR CADA EMPRESA | X68: SI | Y68: SI POR CADA EMPRESA | AA68: NO APLICA - APORTA | AC68: APORTA POR CADA EMPRESA | AE68: NO APLICA | AG68: NO APLICA | AI68: NO APLICA | AK68: NO APLICA | AM68: NO APLICA | AO68: SI | AP68: NO APLICA | AR68: NO APLICA | AU68: NO APLICA | AW68: APORTA | AX68: APORTA POR CADA EMPRESA | AZ68: NO APLICA | BB68: APORTA | BC68: NO APLICA
C69: COMPROMISO DE APORTAR DICHA CERTIFICACION EN CASO DE SER SELECCIONADO PARA FIGURAS ASOCIATIVAS | D69: NO APLICA | E69: NO APLICA | G69: NO APLICA | H69: DILIGENCIADO | I69: NO APLICA | K69: NO APLICA | M69: NO APLICA | O69: NO APLICA | Q69: NO APLICA | S69: APORTA | V69: APORTA | X69: NO APLICA | Y69: SI APORTA | AA69: NO APORTA | AC69: APORTA | AE69: no apliica | AG69: SI | AI69: SI | AK69: SI | AM69: SI | AO69: NO APLICA | AP69: SI | AR69: NO APLICA | AU69: NO APLICA | AW69: N/A | AX69: APORTA | AZ69: SI | BB69: NO APLICA | BC69: SI
C70: OBSERVACIONES: | D70: Ninguna | E70: NO APLICA | G70: Ninguna | I70: NO APLICA | K70: NO APLICA | M70: NO APLICA | O70: NO APLICA | Q70: NO APLICA | S70: APORTA | V70: APORTA | X70: Ninguna | Y70: SI APORTA | AA70: NO APORTA | AC70: APORTA | AE70: no aplica | AG70: Ninguna | AI70: Ninguna | AK70: Ninguna | AM70: Ninguna | AO70: Ninguna | AP70: Ninguna | AU70: NO APLICA | AW70: YEIMI ALEXANDRA ZANGUÑA BARON | AX70: APORTA | AZ70: Ninguna | BB70: APORTA | BC70: Ninguna
A71: 17 | B71: CERTIFICACION BANCARIA | C71: APORTADO (SI O NO) | D71: SI | E71: NO APLICA | G71: SI | H71: SI | I71: NO APLICA | K71: NO APLICA | M71: NO APLICA | O71: NO APLICA | Q71: NO APLICA | S71: SI, POR CADA EMPRESA | V71: NO APLICA | X71: SI | Y71: APORTA POR CADA EMPRESA | AA71: SI, POR CADA EMPRESA | AC71: SI, POR CADA EMPRESA | AE71: NO APLICA | AG71: NO APLICA | AI71: NO APLICA | AK71: NO APLICA | AM71: NO APLICA | AO71: SI | AP71: NO APLICA | AR71: NO APLICA | AU71: NO APLICA | AW71: APORTA | AX71: SI, POR CADA EMPRESA | AZ71: NO APLICA | BB71: SI | BC71: NO APLICA
C72: NOMBRE ENTIDAD BANCARIA | D72: BANCOLOMBIA | E72: NO APLICA | G72: AV VILLAS | H72: BBVA | I72: NO APLICA | K72: NO APLICA | M72: NO APLICA | O72: NO APLICA | Q72: NO APLICA | S72: AV VILLAS | V72: NO APLICA | X72: BBVA | Y72: BANCO CAJA SOCIAL - BANCO AV VILLAS | AA72: BANCO CAJA SOCIAL - BANCOLOMBIA | AC72: DAVIVIENDA | AE72: NO APLICA | AG72: NO APLICA | AI72: NO APLICA | AK72: NO APLICA | AM72: NO APLICA | AO72: BANCOLOMBIA | AP72: NO APLICA | AR72: NO APLICA | AU72: NO APLICA | AW72: BANCO DE BOGOTÁ | AX72: BANCO DE BOGOTA | AZ72: NO APLICA | BB72: BANCO AV VILLAS | BC72: NO APLICA
C73: COMPROMISO DE APORTAR DICHA CERTIFICACION EN CASO DE SER SELECCIONADO PARA FIGURAS ASOCIATIVAS | D73: NO APLICA | E73: NO APLICA | G73: NO APLICA | H73: NO APLICA | I73: NO APLICA | K73: NO APLICA | M73: NO APLICA | O73: NO APLICA | Q73: NO | S73: NO | V73: NO APORTA | X73: NO APLICA | Y73: APORTA | AA73: NO | AC73: NO | AE73: SUBSANAR SEGÚN NUMERAL 2,2,5,1 ITEM 17. | AG73: SI | AI73: SI | AK73: SI | AM73: SI | AO73: NO APLICA | AP73: SI | AR73: NO APLICA | AU73: NO APLICA | AW73: N/A | AX73: APORTA | AZ73: SI | BB73: N.A | BC73: SI
C74: OBSERVACIONES | D74: Ninguna | E74: NO APLICA | G74: Ninguna | H74: NINGUNA | I74: NO APLICA | K74: NO APLICA | M74: NO APLICA | O74: NO APLICA | Q74: NO APLICA | S74: NO APORTA COMPROMISO | V74: APORTA | X74: Ninguna | Y74: APORTA | AA74: NO APORTA COMPROMISO | AC74: APORTA | AE74: SUBSANAR | AG74: Ninguna | AI74: Ninguna | AK74: Ninguna | AM74: Ninguna | AO74: Ninguna | AP74: Ninguna | AR74: NO APLICA | AU74: NO APLICA | AW74: Ninguna | AX74: APORTA | AZ74: Ninguna | BB74: NIO APLICA | BC74: Ninguna
A75: 18 | B75: CARTA DE MANIFESTACIÓN DE CUMPLIMIENTO DE COMPROMISO ANTICORRUPCIÓN (ANEXO) | C75: APORTADO (SI O NO) | D75: SI | E75: SI | G75: SI | H75: SI | I75: SI | K75: SI | M75: SI | O75: SI | Q75: SI | S75: SI | V75: SI | X75: SI | Y75: SI | AA75: SI | AC75: SI | AE75: SI | AG75: SI | AI75: SI | AK75: SI | AM75: SI | AO75: SI | AP75: SI | AR75: SI | AU75: SI | AW75: SI | AX75: SI | AZ75: SI | BB75: SI | BC75: SI
C76: QUIEN FIRMA: REPRESENTANTE LEGAL | D76: R.LEGAL. LUIS FERNANDO SERRANO TASCON | E76: FIRMADO POR REPRESENTANTE LEGAL | G76: R. LEGAL. DENICE GARZON MALPICA | H76: REPRESENTANTE LEGAL | I76: FIRMADO POR REPRESENTANTE LEGAL | K76: FIRMADO POR REPRESENTANTE LEGAL | M76: FIRMADO POR REPRESENTANTE LEGAL | O76: FIRMADO POR REPRESENTANTE LEGAL | Q76: NO APORTAN | S76: SANDRA SOLEDAD PANTOJA ROSALES | V76: FIRMADO POR REPRESENTANTE LEGAL MIGUEL ANGEL DIAZ GARCIA | X76: Representante Legal:HERIBERTO LOAIZA MARIN | Y76: FIRMADO POR REPRESENTANTE LEGAL NUBIA STELLA QUINTERO RUBIO | AA76: JOSE LUIS MEJIA SARMIENTO | AC76: CARLOS ARTURO VELANDIA DIAZ | AE76: FABIO HERNANDO PORTILLA SANCHEZ | AG76: CARLOS ALFONSO ESPINOSA CASTILLO | AI76: MARTA LILIANA SAMBONI SEMANATE | AK76: GUILLERMO MAYORGA VALENZUELA | AM76: MARÍA MÓNICA GONZÁLEZ RUIZ | AO76: Representante Legal: SONIA PATRICIA ANGARITA ABAUNZA | AP76: ANGELICA BULLA CASTILLO | AR76: FIRMADO POR REPRESENTANTE LEGAL | AU76: FIRMADO POR REPRESENTANTE LEGAL | AW76: FIRMADO POR REPRESENTANTE LEGAL | AX76: SULMA SORAIDA RICO MORALES | AZ76: GERMAN HERNANDO PERILLA MEDRANO | BB76: NUBIA CONSUELO CASTRO SUESCA | BC76: BERSELI MATEUS RUIZ
C77: OBSERVACIONES: | D77: Ninguna | E77: Ninguna | G77: Ninguna | H77: NINGUNA | I77: Ninguna | K77: Ninguna | M77: Ninguna | O77: Ninguna | Q77: Ninguna | S77: Ninguna | V77: Ninguna | X77: Ninguna | Y77: Ninguna | AA77: Ninguna | AC77: Ninguna | AE77: Ninguna | AG77: Ninguna | AI77: Ninguna | AK77: Ninguna | AM77: Ninguna | AO77: Ninguna | AP77: Ninguna | AR77: Ninguna | AU77: Ninguna | AW77: Ninguna | AX77: Ninguna | AZ77: Ninguna | BB77: Ninguna | BC77: Ninguna
A78: 19 | B78: CERTIFICACION EXPEDIDA POR EL REPRESENTANTE LEGAL DONDE DETERMINE LA VIGENCIA FISCAL QUE LA ENTIDAD DEBE VERIFICAR PARA LOS INDICADORES FINANCIEROS | C78: APORTADO (SI O NO) | D78: SI | E78: SI | F78: SI | G78: SI | H78: SI | I78: SI | J78: SI | K78: SI | L78: SI | M78: SI | N78: SI | O78: SI | P78: SI | Q78: SI | R78: SI | S78: SI | T78: SI | U78: SI | V78: SI | W78: SI | X78: SI | Y78: SI | Z78: SI | AA78: SI | AB78: SI | AC78: SI | AD78: SI | AE78: SI | AF78: SI | AG78: SI | AH78: SI | AI78: SI | AJ78: SI | AK78: SI | AL78: SI | AM78: SI | AN78: SI | AO78: SI | AP78: SI | AQ78: SI | AR78: SI | AS78: SI | AT78: SI | AU78: SI | AV78: SI | AW78: SI | AX78: SI | AY78: SI | AZ78: SI | BA78: SI | BB78: SI | BC78: SI | BD78: SI
C79: AÑO A VERIFICAR | D79: 2019 | E79: 2020 | F79: 2020 | G79: 2021 | H79: 2021 | I79: 2021 | J79: 2021 | K79: 2021 | L79: 2021 | M79: 2021 | N79: 2021 | O79: 2020 | P79: 2021 | Q79: 2021 | R79: 2021 | S79: 2021 | T79: 2021 | U79: 2021 | V79: 2021 | W79: 2021 | X79: 2021 | Y79: 2020 | Z79: 2020 | AA79: 2021 | AB79: 2021 | AC79: 2020 | AD79: 2021 | AE79: 2021 | AF79: 2021 | AG79: 2021 | AH79: 2021 | AI79: 2021 | AJ79: 2021 | AK79: 2021 | AL79: 2021 | AM79: 2021 | AN79: 2021 | AO79: 2021 | AP79: 2019 | AQ79: 2019 | AR79: 2020 | AS79: 2020 | AT79: 2020 | AU79: 2020 | AV79: 2020 | AW79: 2021 | AX79: 2021 | AY79: 2021 | AZ79: 2021 | BA79: 2021 | BB79: 2020 | BC79: 2019 | BD79: 2021
C80: QUIEN FIRMA: REPRESENTANTE LEGAL | D80: R.LEGAL. LUIS FERNANDO SERRANO TASCON | E80: FIRMADO POR REPRESENTANTE LEGAL | F80: FIRMADO POR REPRESENTANTE LEGAL | G80: R. LEGAL. DENICE GARZON MALPICA | H80: FIRMADO POR REPRESENTANTE LEGAL | I80: FIRMADO POR REPRESENTANTE LEGAL | J80: FIRMADO POR REPRESENTANTE LEGAL | K80: FIRMADO POR REPRESENTANTE LEGAL | L80: FIRMADO POR REPRESENTANTE LEGAL | M80: FIRMADO POR REPRESENTANTE LEGAL | N80: FIRMADO POR REPRESENTANTE LEGAL | O80: FIRMADO POR REPRESENTANTE LEGAL | P80: FIRMADO POR REPRESENTANTE LEGAL | Q80: FIRMADO POR REPRESENTANTE LEGAL | R80: FIRMADO POR REPRESENTANTE LEGAL | S80: FIRMADO POR REPRESENTANTE LEGAL | T80: FIRMADO POR REPRESENTANTE LEGAL | U80: FIRMADO POR REPRESENTANTE LEGAL | V80: FIRMADO POR REPRESENTANTE LEGAL | W80: FIRMADO POR REPRESENTANTE LEGAL | X80: Representante Legal: BERSELI MATEUS RUIZ | Y80: FIRMADO POR REPRESENTANTE LEGAL | Z80: FIRMADO POR REPRESENTANTE LEGAL | AA80: FIRMADO POR REPRESENTANTE LEGAL | AB80: FIRMADO POR REPRESENTANTE LEGAL | AC80: FIRMADO POR REPRESENTANTE LEGAL | AD80: FIRMADO POR REPRESENTANTE LEGAL | AE80: FABIO HERNANDO PORTILLA SANCHEZ | AF80: DANIEL ANDRES HORMAZA PORTILLA | AG80: CARLOS ALFONSO ESPINOSA CASTILLO | AH80: CARLOS ALFONSO ESPINOSA CASTILLO | AI80: Representante Legal: MARTA LILIANA SAMBONI SEMANATE | AK80: GUILLERMO MAYORGA VALENZUELA | AL80: GUILLERMO MAYORGA VALENZUELA | AM80: Representante Legal: HECTOR BAEZ MEDINA | AN80: Representante Legal: MARIA MONICA GONZALES RUIZ | AO80: Representante Legal: SONIA PATRICIA ANGARITA ABAUNZA | AP80: Representante Legal: PEDRO ELIAS SANCHEZ ANGARITA | AQ80: Representante Legal: ANGELICA BULLA CASTILLO | AR80: FIRMADO POR REPRESENTANTE LEGAL | AS80: FIRMADO POR REPRESENTANTE LEGAL | AT80: FIRMADO POR REPRESENTANTE LEGAL | AU80: FIRMADO POR REPRESENTANTE LEGAL | AV80: FIRMADO POR REPRESENTANTE LEGAL | AW80: FIRMADO POR REPRESENTANTE LEGAL | AX80: FIRMADO POR REPRESENTANTE LEGAL | AY80: FIRMADO POR REPRESENTANTE LEGAL | AZ80: Representante Legal: GERMAN HERNANDO PERILLA MEDRANO | BA80: Representante Legal: WILLIAM RESTREPO ESPINOSA | BB80: R.P. NUBIA CONSUELO CASTRO SUESCA | BC80: Representante Legal: BERSELI MATEUS RUIZ | BD80: Representante Legal: ALFREDO REYES SANCHEZ
C81: OBSERVACIONES: | D81: Ninguna | E81: Ninguna | F81: Ninguna | G81: Ninguna | H81: Ninguna | I81: Ninguna | J81: Ninguna | K81: Ninguna | L81: Ninguna | M81: Ninguna | N81: Ninguna | O81: Ninguna | P81: Ninguna | Q81: Ninguna | R81: Ninguna | S81: Ninguna | T81: Ninguna | U81: Ninguna | V81: Ninguna | W81: Ninguna | X81: Ninguna | Y81: Ninguna | Z81: Ninguna | AA81: Ninguna | AB81: Ninguna | AC81: Ninguna | AD81: Ninguna | AE81: Ninguna | AF81: Ninguna | AG81: Ninguna | AH81: Ninguna | AI81: Ninguna | AJ81: Ninguna | AK81: Ninguna | AL81: Ninguna | AM81: Ninguna | AN81: Ninguna | AO81: Ninguna | AP81: Ninguna | AQ81: Ninguna | AR81: EL REPERESENTANTE LEGAL DE LA UT PIDE PARA TODAS SUS EMPRESAS EL AÑO 2021 | AU81: Ninguna | AV81: Ninguna | AW81: Ninguna | AX81: Ninguna | AY81: Ninguna | AZ81: Ninguna | BA81: Ninguna | BB81: Ninguna | BC81: Ninguna | BD81: Ninguna
A82: 20 | B82: PÓLIZA SOBRE EL SEGURO DE VIDA COLECTIVO DE QUE TRATA EL ARTÍCULO 5 DE LA LEY 1920 DE 2018 Y EL DECRETO 1588 DEL 26 DE NOVIEMBRE DE 2021 | C82: ASEGURADORA: | D82: SEGUROS MUNDIAL | E82: SEGUROS DEL ESTADO | F82: SEGUROS DEL ESTADO | G82: AXA COLPATRIA | H82: SEGUROS MUNDIAL | I82: SEGUROS BOLIVAR | J82: SEGUROS DEL ESTADO | K82: SEGUROS MUNDIAL | L82: SEGUROS DEL ESTADO | M82: AXXA COLPATRIA | N82: SEGUROS DEL ESTADO | O82: SEGUROS DEL ESTADO | P82: SEGUROS DEL ESTADO | Q82: LIBERTY SEGUROS | R82: SEGUROS MUNDIAL | S82: NO APORTA | T82: SEGUROS MUNDIAL | U82: SEGUROS DE VIDA DEL ESTADO | V82: EQUIDAD SEGUROS | W82: SEGUROS MUNDIAL | X82: SEGUROS MUNDIAL | Y82: SEGUROS MUNDIAL | Z82: SEGUROS MUNDIAL | AA82: SEGUROS MUNDIAL | AB82: SEGUROS DE VIDA DEL ESTADO | AC82: SEGUROS DE VIDA DEL ESTADO | AD82: SEGUROS DE VIDA DEL ESTADO | AE82: SEGUROS MUNDIAL | AF82: SEGUROS MUNDIAL | AG82: SEGUROS MUNDIAL | AH82: SEGUROS MUNDIAL | AI82: COMPAÑÍA MUNDIAL DE SEGUROS S.A. | AJ82: COMPAÑÍA MUNDIAL DE SEGUROS S.A. | AK82: AXA COLPATRIA | AL82: SEGUROS MUNDIAL | AM82: SEGUROS DE VIDA DEL ESTADO | AN82: SEGUROS MUNDIAL | AO82: ASEGURADORA SOLIDARIA | AP82: SEGUROS MUNDIAL | AQ82: SEGUROS MUNDIAL | AR82: SEGUROS MUNDIAL | AS82: SEGUROS DEL ESTADO | AT82: AXXA COLPATRIA | AU82: EQUIDAD SEGUROS | AV82: SEGUROS MUNDIAL | AW82: POSITIVA COMPAÑÍA DE SEGUROS | AX82: AXXA COLPATRIA | AY82: AXXA COLPATRIA | AZ82: SEGUROS MUNDIAL | BA82: SEGUROS MUNDIAL | BB82: SEGUROS DE VIDA DEL ESTADO | BC82: SEGUROS MUNDIAL | BD82: ASEGURADORA SOLIDARIA
C83: No. POLIZA | D83: CV-2000257022 | E83: 15-85-1000000244 | F83: 15-85-1000000250 | G83: 5-582489 | H83: CSC2000235636 | I83: 6500-0008415-01 | J83: 21-74-1000000010 | K83: CSF2000259152 | L83: CSF2000259811 | M83: 2478 | N83: CSF2000241570 | O83: 15-85-100000045 | P83: CSC2000214170 | Q83: 495878 | R83: CSC 2000259802 | S83: NO APORTA | T83: 2000237429 | U83: 15-85-1000000232 | V83: AA074303 | W83: CSC 20000235674 | X83: CSC2000234386 | Y83: 2000235545 | Z83: CSC 2000231836 | AA83: CSC 2000248102 | AB83: 21-85-1000000556 | AC83: 21-85-1000000548 | AD83: 21-85-1000000550 | AE83: BCH 2000261519 | AF83: BCH 2000276435 | AG83: CSC 2000255017 | AH83: CSC 2000232587 | AI83: 2000259879 | AJ83: 2000259198 | AK83: 2416 | AL83: CSC 2000202745 | AM83: 15-85-1000000231 | AN83: C 2000245051 | AO83: 376-80-994000000117 | AP83: NB 2000235615 | AQ83: NB 2000235619 | AR83: 2000202745 | AS83: 14-85-1000000199 | AT83: 2503 | AU83: AA009683 | AV83: CSC2000236189 | AW83: 3400004318-0 | AX83: 2227 | AY83: 2228 | AZ83: BCH 2000262077 | BA83: CSC 2000256589 | BB83: 15-85-1000000237 | BC83: BCH 2000257768 | BD83: 310·15·994000000185
C84: COMPROMISO SUSCRITO POR REPRESENTANTE LEGAL DONDE MANIFIESTE QUE DE SER ADJUDICADO EL CONTRATO, INCLUIRÁ DE MANERA INMEDIATA AL PERSONAL DE VIGILANCIA QUE PRESTARA EL SERVICIO DURANTE EL TERMINO DE EJECUCIÓN DEL CONTRATO. | D84: APORTA COMPROMISO DE INCLUSION AL PERSONAL DE SEGURIDAD A LA POLIZA | E84: APORTA COMPROMISO DE INCLUSION AL PERSONAL DE SEGURIDAD A LA POLIZA | F84: APORTA COMPROMISO DE INCLUSION AL PERSONAL DE SEGURIDAD A LA POLIZA | G84: APORTA COMPROMISO DE INCLUSION AL PERSONAL DE SEGURIDAD A LA POLIZA | H84: APORTA COMPROMISO DE INCLUSION AL PERSONAL DE SEGURIDAD A LA POLIZA | I84: APORTA COMPROMISO DE INCLUSION AL PERSONAL DE SEGURIDAD A LA POLIZA | J84: APORTA COMPROMISO DE INCLUSION AL PERSONAL DE SEGURIDAD A LA POLIZA | K84: APORTA COMPROMISO DE INCLUSION AL PERSONAL DE SEGURIDAD A LA POLIZA | L84: APORTA COMPROMISO DE INCLUSION AL PERSONAL DE SEGURIDAD A LA POLIZA | M84: APORTA COMPROMISO DE INCLUSION AL PERSONAL DE SEGURIDAD A LA POLIZA | N84: APORTA COMPROMISO DE INCLUSION AL PERSONAL DE SEGURIDAD A LA POLIZA | O84: APORTA COMPROMISO DE INCLUSION AL PERSONAL DE SEGURIDAD A LA POLIZA | P84: APORTA COMPROMISO DE INCLUSION AL PERSONAL DE SEGURIDAD A LA POLIZA | Q84: NO APORTA | R84: NO APORTA | S84: APORTA | T84: APORTA | U84: NO APORTA | V84: APORTA COMPROMISO DE INCLUSION AL PERSONAL DE SEGURIDAD A LA POLIZA | W84: APORTA COMPROMISO DE INCLUSION AL PERSONAL DE SEGURIDAD A LA POLIZA | X84: me permito manifestar que me comprometo, a que, en caso de resultar adjudicatario del presente proceso, incluiremos de manera inmediata al personal de vigilancia que prestará el servicio durante el término de ejecución del contrato. | Y84: APORTA COMPROMISO DE INCLUSION AL PERSONAL DE SEGURIDAD A LA POLIZA | Z84: APORTA COMPROMISO DE INCLUSION AL PERSONAL DE SEGURIDAD A LA POLIZA | AA84: APORTA | AB84: APORTA | AC84: APORTA | AD84: APORTA | AE84: Manifiesta que, en caso de ser adjudicatarios del presente proceso, nos comprometemos a incluir de manera inmediata al personal de vigilancia que prestara el servicio durante el termino de ejecución del contrato en nuestra Póliza de seguro de vida colectivo. | AF84: Manifiesto que, en caso de ser adjudicatarios del presente proceso, nos comprometemos a incluir de manera inmediata al personal de vigilancia que prestara el servicio durante el termino de ejecución del contrato en nuestra Póliza de seguro de vida colectivo. | AG84: Manifiesta que teniendo en cuenta que la Póliza sobre el Seguro de Vida Colectivo de que trata el artículo 5 de la Ley 1920 de 2018 y el Decreto 1588 del 26 de noviembre de 2021, su Obligatoriedad y reporte de cumplimiento, me comprometo y manifiesto que de ser adjudicado el contrato a la UNIÓN TEMPORAL TUNJA SC, incluiremos de manera inmediata al personal de vigilancia que prestara el servicio durante el termino de ejecución del contrato. | AH84: Manifiesta que teniendo en cuenta que la Póliza sobre el Seguro de Vida Colectivo de que trata el artículo 5 de la Ley 1920 de 2018 y el Decreto 1588 del 26 de noviembre de 2021, su Obligatoriedad y reporte de cumplimiento, me comprometo y manifiesto que de ser adjudicado el contrato a la UNIÓN TEMPORAL TUNJA SC, incluiremos de manera inmediata al personal de vigilancia que prestara el servicio durante el termino de ejecución del contrato. | AI84: Manifiesto bajo la gravedad de juramento que ser el futuro adjudicatario incluiremos de manera inmediata al personal de vigilancia que prestará el servicio durante el término de ejecución del contrato | AJ84: CERTIFICO bajo la gravedad de juramento de ser adjudicatarios del contrato que resulte del presente proceso, incluiremos de manera inmediata al personal de vigilancia que prestará el servicio durante el termino de ejecución del contrato. | AK84: manifiesto que, de ser adjudicado el contrato, incluirá de manera inmediata al personal de vigilancia que prestará el servicio durante el termino de ejecución del contrato | AL84: manifiesto que, de ser adjudicado el contrato, incluirá de manera inmediata al personal de vigilancia que prestará el servicio durante el termino de ejecución del contrato | AM84: Se comprometo bajo la gravedad de juramento que, de ser adjudicado el contrato, incluirá de manera inmediata al personal de vigilancia que prestará el servicio durante el termino de ejecución del contrato | AN84: Se comprometo bajo la gravedad de juramento que, de ser adjudicado el contrato, incluirá de manera inmediata al personal de vigilancia que prestará el servicio durante el termino de ejecución del contrato | AO84: manifiesto bajo la gravedad de juramento queencaso de ser adjudicado el contrato, me comprometo a incluir de manera inmediata al personal devigilancia que prestara el servicio durante el termino de ejecución del contrato | AP84: Manifiesta bajo gravedad de juramento que de ser adjudicado el contrato a la Unión Temporal que represento, se incluirá de manera inmediata al personal de vigilancia que prestará el servicio durante el termino de ejecución del contrato. | AQ84: Manifiesta bajo gravedad de juramento que de ser adjudicado el contrato a la Unión Temporal que represento, se incluirá de manera inmediata al personal de vigilancia que prestará el servicio durante el termino de ejecución del contrato. | AR84: APORTA COMPROMISO DE INCLUSION AL PERSONAL DE SEGURIDAD A LA POLIZA | AS84: APORTA COMPROMISO DE INCLUSION AL PERSONAL DE SEGURIDAD A LA POLIZA | AT84: APORTA COMPROMISO DE INCLUSION AL PERSONAL DE SEGURIDAD A LA POLIZA | AU84: APORTA COMPROMISO DE INCLUSION AL PERSONAL DE SEGURIDAD A LA POLIZA | AV84: APORTA COMPROMISO DE INCLUSION AL PERSONAL DE SEGURIDAD A LA POLIZA | AW84: APORTA COMPROMISO DE INCLUSION AL PERSONAL DE SEGURIDAD A LA POLIZA | AX84: APORTA | AY84: APORTA | AZ84: Manifiesta compromiso que, de ser seleccionados en el presente proceso, procederemos a incluir de manera inmediata al personal de vigilancia que prestara el servicio durante el termino de ejecución del contrato. | BA84: Manifiesta compromiso que, de ser seleccionados en el presente proceso, procederemos a incluir de manera inmediata al personal de vigilancia que prestara el servicio durante el termino de ejecución del contrato. | BB84: incluiré de manera inmediata al personal de vigilancia que prestara el servicio durante el término de ejecución del contrato en la Póliza sobre el Seguro de Vida Colectivo de que trata el artículo 5 de la Ley 1920 de 2018 y el Decreto 1588 del 26 de noviembre de 2021, su Obligatoriedad y reporte de cumplimiento. | BC84: incluiremos de manera inmediata al personal de vigilantes que prestara el servicio durante el termino de ejecución del contrato a la Póliza sobre el Seguro de Vida Colectivo de que trata el artículo 5 de la Ley 1920 de 2018 y el Decreto 1588 del 26 de noviembre de 2021, así mismo garantizaré su Obligatoriedad y reporte de cumplimiento | BD84: certificar mi compromiso y manifiesto que, de ser adjudicado el contrato, incluiré de manera inmediata al personal de vigilancia que prestara el servicio durante el termino de ejecución del contrato, a la Póliza sobre el Seguro de Vida Colectivo de que trata el artículo 5 de la Ley 1920 de 2018 y el Decreto 1588 del 26 de noviembre de 2021, así mismo garantizaré su Obligatoriedad y reporte de cumplimiento.
C85: QUIEN FIRMA: REPRESENTANTE LEGAL | D85: R.LEGAL. LUIS FERNANDO SERRANO TASCON | E85: FIRMADO POR REPRESENTANTE LEGAL | F85: FIRMADO POR REPRESENTANTE LEGAL | G85: R. LEGAL. DENICE GARZON MALPICA | H85: FIRMADO POR REPRESENTANTE LEGAL | I85: FIRMADO POR REPRESENTANTE LEGAL | J85: FIRMADO POR REPRESENTANTE LEGAL | K85: FIRMADO POR REPRESENTANTE LEGAL | L85: FIRMADO POR REPRESENTANTE LEGAL | M85: FIRMADO POR REPRESENTANTE LEGAL | N85: FIRMADO POR REPRESENTANTE LEGAL | O85: FIRMADO POR REPRESENTANTE LEGAL | P85: FIRMADO POR REPRESENTANTE LEGAL | Q85: NO APORTA | R85: NO APORTA | S85: FRANKLIN MORENO CARVAJAL | T85: OSCAR ANDRES ROMERO CELIS | U85: NO APORTA | V85: FIRMADO POR REPRESENTANTE LEGAL | W85: FIRMADO POR REPRESENTANTE LEGAL | X85: Representante Legal: BERSELI MATEUS RUIZ | Y85: FIRMADO POR REPRESENTANTE LEGAL | Z85: FIRMADO POR REPRESENTANTE LEGAL | AA85: SEBASTIAN ALEJANDRO MORENO TRUJILLO | AB85: HERNEY GALLEGO GALLEGO | AC85: CARLOS ARTURO VELANDIA DIAZ | AD85: JULIAN ANDRES RODRIGUEZ CORAL | AE85: FABIO HERNANDO PORTILLA SANCHEZ | AF85: DANIEL ANDRES HORMAZA PORTILLA | AG85: Representante Legal: CAROL ANDREA GRANADA GOMEZ | AH85: Representante Legal: CARLOS ALFONSO ESPINOSA CASTILLO | AI85: Representante Legal: MARTA LILIANA SAMBONI SEMANATE | AJ85: Representante Legal: ALVARO ORDOÑEZ ORTIZ | AK85: Representante Legal:GUILLERMO MAYORGA VALENZUELA | AL85: Representante Legal:GUILLERMO MAYORGA VALENZUELA | AM85: Representante Legal: HECTOR BAEZ MEDINA | AN85: Representante Legal: MARIA MONICA GONZALES RUIZ | AO85: Representante Legal: SONIA PATRICIA ANGARITA ABAUNZA | AP85: Representante Legal: ANGELICA BULLA CASTILLO | AQ85: Representante Legal: ANGELICA BULLA CASTILLO | AR85: FIRMADO POR REPRESENTANTE LEGAL | AS85: FIRMADO POR REPRESENTANTE LEGAL | AT85: FIRMADO POR REPRESENTANTE LEGAL | AU85: FIRMADO POR REPRESENTANTE LEGAL | AV85: FIRMADO POR REPRESENTANTE LEGAL | AW85: FIRMADO POR REPRESENTANTE LEGAL | AX85: FIRMADO POR EL REPRESENTANTE LEGAL | AY85: FIRMADO POR EL REPRESENTANTE LEGAL | AZ85: Representante Legal: GERMAN HERNANDO PERILLA MEDRANO | BA85: Representante Legal: WILLIAM RESTREPO ESPINOSA | BB85: Representante Legal: NUBIA CONSUELO CASTRO SUESCA | BC85: Representante Legal: BERSELI MATEUS RUIZ | BD85: Representante Legal: ALFREDO REYES SANCHEZ
A86: 21 | B86: DOCUMENTOS PARA DIRIMIR DESEMPATES: EN EL CIERRE DEL PROCESO, CADA OFERENTE ANEXARA ADICIONALMENTE EN UNA CARPETA .ZIP LOS DOCUMENTOS QUE VALIDEN CADA PUNTO DE DESEMPATE EN EL PUNTO 3.7.6 CRITERIOS PARA DESEMPATE. | C86: APORTADO (SI O NO) | D86: NO | E86: ANEXA CARPETA DE DESEMPATE | F86: ANEXA CARPETA DE DESEMPATE | G86: SI | H86: NO ALLEGA CARPETA DE DESEMPATE | I86: NO ALLEGA | J86: NO ALLEGA | K86: NO ALLEGA | L86: NO ALLEGA | M86: ALLEGA CARPETA .ZIP | N86: ALLEGA CARPETA .ZIP | O86: ALLEGA CARPETA .ZIP | P86: ALLEGA CARPETA .ZIP | Q86: ANEXA CARPETA DE DESEMPATE | R86: ANEXA CARPETA DE DESEMPATE | S86: ANEXA CARPETA DE DESEMPATE | T86: ANEXA CARPETA DE DESEMPATE | U86: ANEXA CARPETA DE DESEMPATE | V86: ANEXA CARPETA DE DESEMPATE | W86: ANEXA CARPETA DE DESEMPATE | X86: NO | Y86: ANEXA CARPETA DE DESEMPATE | Z86: ANEXA CARPETA DE DESEMPATE | AA86: ANEXA CARPETA DE DESEMPATE | AB86: ANEXA CARPETA DE DESEMPATE | AC86: ANEXA CARPETA DE DESEMPATE | AD86: ANEXA CARPETA DE DESEMPATE | AE86: NO | AF86: NO | AG86: NO | AH86: NO | AI86: NO | AJ86: NO | AK86: NO | AL86: NO | AM86: NO | AN86: NO | AO86: NO | AP86: NO | AQ86: NO | AR86: NO ALLEGA | AS86: NO ALLEGA | AT86: NO ALLEGA | AU86: ALLEGA CARPETA .ZIP | AV86: ALLEGA CARPETA .ZIP | AW86: ANEXA CARPETA DE DESEMPATE | AX86: ANEXA CARPETA DE DESEMPATE | AY86: ANEXA CARPETA DE DESEMPATE | AZ86: NO | BA86: NO | BB86: NO | BC86: NO | BD86: NO
A87: EVALUACIÓN CAPACIDAD JURIDICA: (cumple/no cumple/subsana) | D87: CUMPLE | E87: CUMPLE | G87: CUMPLE | H87: cumple | I87: CUMPLE | K87: CUMPLE | M87: CUMPLE | O87: CUMPLE | Q87: CUMPLE | S87: SUBSANAR | V87: CUMPLE | X87: CUMPLE | Y87: CUMPLE | AA87: CUMPLE | AC87: CUMPLE | AE87: SUBSANAR | AG87: CUMPLE | AI87: CUMPLE | AK87: CUMPLE | AM87: CUMPLE | AO87: CUMPLE | AP87: CUMPLE | AR87: CUMPLE | AU87: CUMPLE | AW87: CUMPLE | AX87: CUMPLE | AZ87: CUMPLE | BB87: CUMPLE | BC87: CUMPLE
A88: 2.2.5.2 DOCUMENTOS QUE ACREDITEN LA CAPACIDAD TECNICA | AN88: 20194100124557 DE 27/12/2019
A89: 22 | B89: LICENCIA DE FUNCIONAMIENTO | C89: APORTADO (SI O NO) | D89: SI | E89: SI | F89: SI | G89: SI | H89: SI | I89: SI | J89: SI | K89: SI | L89: SI | M89: SI | N89: SI | O89: SI | P89: SI | Q89: SI | R89: SI | S89: SI | T89: SI | U89: SI | V89: SI | W89: SI | X89: SI | Y89: SI | Z89: SI | AA89: SI | AB89: SI | AC89: SI | AD89: SI | AE89: SI | AF89: SI | AG89: SI | AH89: SI | AI89: SI | AJ89: SI | AK89: SI | AL89: SI | AM89: SI | AN89: SI | AO89: SI | AP89: SI | AQ89: SI | AR89: SI | AS89: SI | AT89: SI | AU89: SI | AV89: SI | AW89: SI | AX89: SI | AY89: SI | AZ89: SI | BA89: SI | BB89: SI | BC89: SI | BD89: SI
C90: No DE RESOLUCIÓN Y FECHA: | D90: 20204100020507 DE 11/05/2020 | E90: 20204100016027 DE 23/04/2020 | F90: 20194100114627 DE 09/12/2019 | G90: 201994100091637 DE 27/09/2019 | H90: 20204440021057 DE 11/05/2020 | I90: 20194100020307 DE 28/02/2019 | J90: 20204100055927 DE 09/09/2020 | K90: 20204100100357 DE 31/12/2020 | L90: 20204100045777 DE 13/08/2020 | M90: 20204100015347 DE 23/04/2020 | N90: 20204100016327 DE 24/04/2020 | O90: 2020410009827 DE 26/02/2020 | P90: 20204100016917 DE 24/04/2020 | Q90: 20184100001517 | R90: 20204100009427 | S90: 20204100096237 DE 28/12/2020 | T90: 20204100021007 DE 11/05/2020 | U90: 20204100041887 DE 29/07/2020 | V90: 20184100000157 DE 23/02/2018 | W90: 20204100009857 DE 26/02/2020 | X90: 20204100016197 DE 23/04/2020 | Y90: 20194100087537 DE 23/09/2019 | Z90: 20204100015337 DE 23/04/2020 | AA90: 20204100005457 DE 10/02/2020 | AB90: 20184100109487 DE 20/12/2018 | AC90: 20211300004737 DE 3/2/2021 | AD90: 20201300073727 DE 30/10/2020 | AE90: 20204100099977 DE 30/12/2020 | AF90: 20204100031667 | AG90: 20204100016137 DE 23/04/2020 | AH90: 20204100016117 DE 23/04/2020 | AI90: 20201310035167 DE 13/07/2020 | AJ90: 20204100089847 DE 14/12/2020 | AK90: 20194100069567 DE 19/07/2019 | AL90: 20204100009617 DE 26/02/2020 | AM90: 20204100015577 DE 23/04/2020 | AN90: 20194100124557 DE 27/12/2019 | AO90: 20204100057907 DE 16/09/2020 | AP90: 20204100055427 DE 09/09/2020 | AQ90: 20203700020537 DE 24/12/2021 | AR90: 20204100018967 DE 01/05/2020 | AS90: 20204100009847 DE 25/02/2020 | AT90: 20194100008027 DE 31/01/2019 | AU90: 20204100026087 DE 08/06/2020 | AV90: 20204100008737 DE 25/09/2020 | AW90: 20184100016907 DE 9/03/2018 | AX90: 20194100027407 DE 21/03/2019 | AY90: 20184100106387 DE 12/12/2018 | AZ90: 20204100017917 DE 29/2020 | BA90: 20204100009297 DE 26/02/2020 | BB90: 20194100081417 DE 22/08/2019 | BC90: 20204100016707 DE 24/04/2020 | BD90: 20204100019147 DE 04/05/2020
C91: FECHA DE VENCIMIENTO: DEBE CUBRIR LA EJECUCION DEL CONTRATO Y 4 MESES MAS | D91: VENCE 24/04/2027 | E91: VENCE EN 2029 | F91: VENCE 2029 | G91: 46657 | H91: VENCE 2028 | I91: VENCE 2024 | J91: VENCE 2028 | K91: VENCE 2027 | L91: VENCE 2028 | M91: VENCE 2030 | N91: VENCE 2028 | O91: VENCE 2029 | P91: VENCE EN 2027 | Q91: VENCE EN 2023 | R91: VENCE 20/09/2027 | S91: VENCE EN 2030 | T91: VENCE 10/04/2029 | U91: VENCE 28/07/2030 | V91: 2023 (5 AÑOS) | W91: 46524 | X91: 15 de enero de 2029 | Y91: 45193 | Z91: 47597 | AA91: VENCE EN 2030 | AB91: VENCE 19/12/2023 | AC91: VENCE EN 2031 | AD91: VENCE 2030 | AE91: 47127 | AF91: 21 de diciembre de 2028 | AG91: 27 de junio de 2029 | AH91: 05 de marzo de 2029 | AI91: 47677 | AJ91: 05 de junio de 2028 | AK91: 45492 | AL91: 47078 | AM91: 47596 | AN91: 47479 | AO91: 17 de septiembre de 2028 | AP91: 17 de mayo de 2028 | AQ91: 04 de marzo DE 2029 | AR91: VENCE 2028 | AS91: VENCE EN 2028 | AT91: VENCE EN 2019 | AU91: VENCE EN 2029 | AV91: VENCE 2029 | AW91: VENCE 2028 | AX91: VENCE EN 2029 | AY91: VENCE 2029 | AZ91: 47458 | BA91: 47359 | BB91: 45161 | BC91: 19 de julio de 2029 | BD91: 13 de junio de 2029
C92: COMPROMISO DE RENOVACION EN CASO DE VENCIMIENTO DURANTE LA EJECUCION DEL CONTRATO | D92: NO APLICA | E92: NO APLICA | F92: NO APLICA | G92: NO APLICA | H92: NO APLICA | I92: NO APLICA | J92: NO APLICA | K92: NO APLICA | L92: NO APLICA | M92: NO APLICA | N92: NO APLICA | O92: NO APLICA | P92: NO APLICA | Q92: NO APLICA | R92: NO APLICA | S92: APORTA | T92: APORTA | U92: NO APLICA | V92: NO APLICA | W92: NO APLICA | X92: NO APLICA | Y92: NO APLICA | Z92: NO APLICA | AA92: NO APLICA | AB92: NO APLICA | AC92: NO APLICA | AD92: NO APLICA | AE92: NO APLICA | AF92: NO APLICA | AG92: NO APLICA | AH92: NO APLICA | AI92: NO APLICA | AJ92: NO APLICA | AK92: NO APLICA | AL92: NO APLICA | AM92: NO APLICA | AN92: NO APLICA | AO92: NO APLICA | AP92: NO APLICA | AQ92: NO APLICA | AR92: NO APLICA | AS92: NO APLICA | AT92: NO APLICA | AU92: NO APLICA | AV92: NO APLICA | AW92: NO APLICA | AX92: NO APLICA | AY92: NO APLICA | AZ92: NO APLICA | BA92: NO APLICA | BB92: NO APLICA | BC92: me comprometo a mantener vigente la licencia de funcionamiento, renovada y vigente por el término de duración del contrato y cinco (5) años más. | BD92: NO APLICA
C93: RADICADO DE LA SOLICITUD DE RENOVACION DE LA LICENCIA DE FUNCIONAMIENTO ANTE LA SUPERINTENDENCIA DE VIGILANCIA MINIMO 60 DIAS DE ANTELACION AL VENCIMIENTO | D93: NO APLICA | E93: NO APLICA | F93: NO APLICA | G93: NO APLICA | H93: NO APLICA | I93: NO APLICA | J93: NO APLICA | K93: NO APLICA | L93: NO APLICA | M93: NO APLICA | N93: NO APLICA | O93: NO APLICA | P93: NO APLICA | Q93: NO APLICA | R93: NO APLICA | S93: NO APLICA | T93: NO APLICA | U93: NO APLICA | V93: NO APLICA | W93: NO APLICA | X93: NO APLICA | Y93: NO APLICA | Z93: NO APLICA | AA93: NO APLICA | AB93: NO APLICA | AC93: NO APLICA | AD93: NO APLICA | AE93: NO APLICA | AF93: NO APLICA | AG93: NO APLICA | AH93: NO APLICA | AI93: NO APLICA | AJ93: NO APLICA | AK93: NO APLICA | AL93: NO APLICA | AM93: NO APLICA | AN93: NO APLICA | AO93: NO APLICA | AP93: NO APLICA | AQ93: NO APLICA | AR93: NO APLICA | AS93: NO APLICA | AT93: NO APLICA | AU93: NO APLICA | AV93: NO APLICA | AW93: NO APLICA | AX93: NO APLICA | AY93: NO APLICA | AZ93: NO APLICA | BA93: NO APLICA | BB93: NO APLICA | BC93: NO APLICA | BD93: NO APLICA
C94: USO DE MEDIOS TECNOLOGICOS | D94: AUTORIZA MEDIOS TECNOLOGICOS | E94: AUTORIZA MEDIOS TECNOLOGICOS | F94: AUTORIZA MEDIOS TECNOLOGICOS | G94: AUTORIZA MEDIOS TECNOLOGICOS | H94: AUTORIZA MEDIOS TECNOLOGICOS | I94: AUTORIZA MEDIOS TECNOLOGICOS | J94: AUTORIZA MEDIOS TECNOLOGICOS | K94: AUTORIZA MEDIOS TECNOLOGICOS | L94: AUTORIZA MEDIOS TECNOLOGICOS | M94: AUTORIZA MEDIOS TECNOLOGICOS | N94: AUTORIZA MEDIOS TECNOLOGICOS | O94: AUTORIZA MEDIOS TECNOLOGICOS | P94: AUTORIZA MEDIOS TECNOLOGICOS | Q94: AUTORIZA MEDIOS TECNOLOGICOS | R94: AUTORIZA MEDIOS TECNOLOGICOS | S94: AUTORIZA MEDIOS TECNOLOGICOS | T94: AUTORIZA MEDIOS TECNOLOGICOS | U94: AUTORIZA MEDIOS TECNOLOGICOS | V94: AUTORIZA MEDIOS TECNOLOGICOS | W94: AUTORIZA MEDIOS TECNOLOGICOS | X94: AUTORIZA MEDIOS TECNOLOGICOS | Y94: AUTORIZA MEDIOS TECNOLOGICOS | Z94: AUTORIZA MEDIOS TECNOLOGICOS | AA94: AUTORIZA MEDIOS TECNOLOGICOS | AB94: AUTORIZA MEDIOS TECNOLOGICOS | AC94: AUTORIZA MEDIOS TECNOLOGICOS | AD94: AUTORIZA MEDIOS TECNOLOGICOS | AE94: AUTORIZA MEDIOS TECNOLOGICOS | AF94: AUTORIZA MEDIOS TECNOLOGICOS | AG94: AUTORIZA MEDIOS TECNOLOGICOS | AH94: AUTORIZA MEDIOS TECNOLOGICOS | AI94: AUTORIZA MEDIOS TECNOLOGICOS | AJ94: AUTORIZA MEDIOS TECNOLOGICOS | AK94: AUTORIZA MEDIOS TECNOLOGICOS | AL94: AUTORIZA MEDIOS TECNOLOGICOS | AM94: AUTORIZA MEDIOS TECNOLOGICOS | AN94: AUTORIZA MEDIOS TECNOLOGICOS | AO94: AUTORIZA MEDIOS TECNOLOGICOS | AP94: AUTORIZA MEDIOS TECNOLOGICOS | AQ94: AUTORIZA MEDIOS TECNOLOGICOS | AR94: AUTORIZA MEDIOS TECNOLOGICOS | AS94: AUTORIZA MEDIOS TECNOLOGICOS | AT94: AUTORIZA MEDIOS TECNOLOGICOS | AU94: AUTORIZA MEDIOS TECNOLOGICOS | AV94: AUTORIZA MEDIOS TECNOLOGICOS | AW94: AUTORIZA MEDIOS TECNOLÓGICOS | AX94: AUTORIZA MEDIOS TECNOLOGICOS | AY94: AUTORIZA MEDIOS TECNOLOGICOS | AZ94: AUTORIZA MEDIOS TECNOLOGICOS | BA94: AUTORIZA MEDIOS TECNOLOGICOS | BB94: AUTORIZA MEDIOS TECNOLOGICOS | BC94: AUTORIZA MEDIOS TECNOLOGICOS | BD94: AUTORIZA MEDIOS TECNOLOGICOS
C95: OBSERVACIONES: | D95: Ninguna | E95: NNGUNA | F95: Ninguna | G95: Ninguna | H95: Ninguna | I95: NNGUNA | J95: Ninguna | K95: NNGUNA | L95: Ninguna | M95: NNGUNA | N95: Ninguna | O95: NNGUNA | P95: Ninguna | Q95: NNGUNA | R95: Ninguna | S95: NNGUNA | T95: Ninguna | U95: Ninguna | V95: NNGUNA | W95: Ninguna | X95: Ninguna | Y95: NNGUNA | Z95: Ninguna | AA95: NNGUNA | AB95: Ninguna | AC95: NNGUNA | AD95: Ninguna | AE95: Ninguna | AF95: Ninguna | AG95: Ninguna | AH95: Ninguna | AI95: Ninguna | AJ95: Ninguna | AK95: Ninguna | AL95: Ninguna | AM95: Ninguna | AN95: Ninguna | AO95: Ninguna | AP95: Ninguna | AQ95: Ninguna | AR95: NNGUNA | AS95: Ninguna | AT95: Ninguna | AU95: NNGUNA | AV95: Ninguna | AW95: Ninguna | AX95: NNGUNA | AY95: Ninguna | AZ95: Ninguna | BA95: Ninguna | BB95: Ninguna | BC95: Ninguna | BD95: Ninguna
A96: 23 | B96: LICENCIA DE COMUNICACIONES | C96: APORTA SI/NO | D96: SI | E96: SI | F96: SI | G96: SI | H96: SI | I96: SI | J96: SI | K96: SI | L96: SI | M96: SI | N96: SI | O96: SI | P96: SI | Q96: SI | R96: SI | S96: NO | T96: SI | U96: NO APORTA | V96: SI | W96: SI | X96: SI | Y96: SI | Z96: SI | AA96: NO APORTA | AB96: SI | AC96: SI | AD96: SI | AE96: SI | AF96: SI | AG96: SI | AH96: NO | AI96: SI | AJ96: SI | AK96: SI | AL96: SI | AM96: SI | AN96: SI | AO96: SI | AP96: SI | AQ96: SI | AR96: SI | AS96: SI | AT96: SI | AU96: SI | AV96: SI | AW96: SI | AX96: SI | AY96: SI | AZ96: SI | BA96: SI | BB96: SI | BC96: SI | BD96: SI
C97: FECHA DE VENCIMIENTO: | D97: 51867 | E97: 44926 | F97: NO APLICA | G97: 45808 | H97: 45293 | I97: 46520 | J97: NO APLICA | K97: 46022 | L97: NO APLICA | M97: 46752 | N97: NO APLICA | O97: 51501 | P97: NO APLICA | Q97: 45291 | R97: NO APLICA | S97: 46022 | T97: 2029 | U97: NO APORTA | V97: 47848 | W97: 51135 | X97: 46022 | Y97: NO MENCIONA | Z97: 52794 | AA97: NO APORTA | AB97: 2029 | AC97: NO SEÑALA | AD97: NO SEÑALA | AE97: 46752 | AF97: NO APLICA | AG97: 48214 | AH97: NO APLICA | AI97: 46022 | AJ97: 48196 | AK97: 45526 | AL97: 47992 | AM97: 45525 | AN97: 44926 | AO97: 01/012030 | AP97: 45291 | AQ97: 51867 | AR97: 48213 | AS97: NO APLICA | AT97: NO APLICA | AU97: 47848 | AV97: NO APLICA | AW97: 48580 | AX97: 20 AÑOS | AY97: 16 DE JUNIO DE 2028 | AZ97: 48214 | BA97: 48214 | BB97: 47849 | BC97: 47433
C98: No. DE RESOLUCION Y FECHA | D98: 03863 DEL 30/12/2021 | E98: 2454 DE 2013 | G98: 01785 DEL 26/05/2022 | H98: RESOLUCION 001811 DE 23 DE JULIO DE 2019 | I98: 1102 DE 14/05/2017 | K98: 1108 DE 05 DE ABRIL DE 2022 | M98: 000360 DE 2018 | O98: 002747 DE 24/10/2021 | Q98: 912 DE 30/04/2014 | R98: NA | S98: 108 de 28/01/2016 | T98: 03268 DE 14 DE SEPTIEMBRE DE 2022 | U98: NO APORTA | V98: 00333 de 2021 | W98: 01744 DE 2022 | X98: 733 DE 2 DE MAYO DE 2016 | Y98: 02863 DE 2021 | Z98: 02456 DE 2022 | AA98: NO APORTA | AB98: 00202 DE 2019 | AC98: 02040 DE 10 JUNIO DE 2022 | AD98: 02872 DE 25 DE OCTUBRE DE 2021 | AE98: 0000348 DE 12/01/2018 | AF98: NO APLICA | AG98: 03949 de 31/12/2021 | AH98: NO APLICA | AI98: 02505 DEL 1 DE DICIEMBRE DE 2020 | AJ98: 03506 DE 14 DE DICIEMBRE DEL 2021 | AK98: 002086 DE 22 AGOSTO DE 2019 | AL98: 01199 DE 24 DE MAYO DEL 2021 | AM98: 2074 DE 21/08/2019 | AN98: 2401 DE 24/07/2013 | AO98: 2836 DE 24 DE OCTUBRE DE 2019 | AP98: 5287 DE 27/12/2013 | AQ98: 3980 DE 31/12/2021 | AR98: 03691 DE 22 DE DICIEMBRE DE 2021 | AU98: 00152 DE 27 DE ENERO DE 2021 | AW98: 01531 DE 29/06/2021 | AX98: 00224 DE 2/02/2021 | AY98: 01231 DE 26/5/2021 | AZ98: 03862 DEL 30 DE DICIEMBRE DE 2021 | BA98: 03843 DE 29 DE DICIEMBRE DEL 2021 | BB98: 01467 de 24 DE JUNIO DE 2021 | BC98: 3180 DE 3 DE DICIEMBRE DE 2019
C99: CUBRIMIENTO | D99: BOYACA Y CASANARE | E99: Boyaca y casanare | G99: BOYACA Y CASANARE | H99: NACIONAL | I99: NACIONAL | K99: NACIONAL | M99: NACIONAL | O99: NACIONAL | Q99: Boyaca y casanare | R99: NA | S99: Boyaca y Casanare | T99: Boyaca y Casanare | U99: NO APORTA | V99: Boyaca y casanare | W99: Boyaca y casanare | X99: NACIONAL | Y99: Boyaca y casanare | Z99: Boyaca y casanare | AA99: NO APORTA | AB99: Boyaca y Casanare | AC99: BOYACA Y CASANARE | AD99: Boyaca y Casanare | AE99: NACIONAL | AF99: NO APLICA | AG99: NACIONAL | AH99: NO APLICA | AI99: NACIONAL | AJ99: NACIONAL | AK99: NACIONAL | AL99: NACIONAL | AN99: NACIONAL | AO99: NACIONAL | AP99: NACIONAL | AR99: NACIONAL | AU99: NACIONAL | AW99: BOYACA Y CASANARE | AX99: Boyaca y Casanare | AY99: Boyaca y Casanare | AZ99: NACIONAL | BA99: NACIONAL | BB99: BOYACA Y CASANARE | BC99: NACIONAL
C100: COMPROMISO DE RENOVACION EN CASO DE VENCIMIENTO DURANTE LA EJECUCION DEL CONTRATO | D100: NO | E100: ALLEGA COMPROMISO | G100: NO | I100: ALLEGA COMPROMISO | K100: ALLEGA COMPROMISO | M100: ALLEGA COMPROMISO | O100: ALLEGA COMPROMISO | Q100: NO ALLEGA | S100: NO APORTA | T100: APORTA | U100: APORTA | V100: N.A | W100: N.A | X100: NO APLICA | Y100: APORTA | Z100: N.A | AA100: NO APORTA | AB100: NO ALLEGA | AC100: NO APORTA | AD100: NO APORTA | AE100: Declaro bajo la gravedad de juramento que se compromete a que, en caso de vencimiento de la Licencia de Comunicaciones, procederemos a la renovación oportuna y en los términos señalados y que por lo tanto mantendremos vigente la licencia durante todo el plazo de ejecución del contrato. | AF100: NO APLICA | AG100: Manifiesto que la Licencia de Comunicaciones se encuentra vigente a la fecha de cierre del presente proceso en referencia, así mismo me comprometo a mantenerla vigente por el termino de ejecución del contrato. | AH100: NO APLICA | AI100: Maanifesta bajo la gravedad del juramento que nos comprometemos a renovar las diferentes licencias si las mismas vencen durante el plazo de ejecución e informar a la entidad y presentar el debido radicado | AJ100: NO APLICA | AK100: NO APLICA | AL100: NO APLICA | AM100: NO APLICA | AN100: NO APLICA | AO100: NO APLICA | AP100: NO APLICA | AQ100: NO APLICA | AR100: ALLEGA COMPROMISO | AU100: ALLEGA COMPROMISO | AW100: NO APLICA | AX100: NO APORTA | AY100: NO APORTA | AZ100: NO APLICA | BA100: NO APLICA | BB100: NO APLICA | BC100: NO APLICA | BD100: NO APLICA
C101: PARA EL CASO EN EL CUAL LOS OFERENTES TENGAN VENCIDA ESTA LICENCIA AL MOMENTO DE PRESENTACIÓN DE LA PROPUESTA Y CON FUNDAMENTO EN EL ARTÍCULO 35 DEL DECRETO 019 DE 2012, SE DEBE ANEXAR A LA LICENCIA DE COMUNICACIONES VENCIDA, APORTA (SI/NO) | D101: NO ESTA VENCIDA | E101: NO ESTA VENCIDA | G101: NO ESTA VENCIDA | H101: NO ESTA VENCIDA | I101: NO ESTA VENCIDA | K101: NO ESTA VENCIDA | M101: NO ESTA VENCIDA | O101: NO ESTA VENCIDA | Q101: NO ESTA VENCIDA | S101: NO APORTA | T101: NO ESTA VENCIDA | U101: NO ESTA VENCIDA | V101: VIGENTE | W101: VIGENTE | X101: NO APLICA | Y101: VIGENTE | Z101: VIGENTE | AA101: NO APORTA | AB101: NO ESTA VENCIDA | AC101: NO APORTA | AD101: NO APORTA | AE101: NO APLICA | AF101: NO APLICA | AG101: NO APLICA | AH101: NO APLICA | AI101: NO APLICA | AJ101: NO APLICA | AK101: NO APLICA | AL101: NO APLICA | AM101: NO APLICA | AN101: NO APLICA | AO101: NO APLICA | AP101: NO APLICA | AQ101: NO APLICA | AR101: NO ESTA VENCIDA | AU101: NO ESTA VENCIDA | AW101: NO APLICA | AX101: APORTA | AY101: APORTA | AZ101: NO APLICA | BA101: NO APLICA | BB101: NO ESTA VENCIDA | BC101: NO APLICA | BD101: NO APLICA
...

Sheet consolidado
A1: NO | B1: NOMBRE DE OFERENTE | C1: PARTICIPANTES DE UNION TEMPORAL | D1: 3.2.1 EVALUACIÓN SOBRE LA CAPACIDAD JURÍDICA | E1: EVALUACIÓN SOBRE LA CAPACIDAD TECNICA | F1: 3.2.2. EVALUACIÓN SOBRE LA CAPACIDAD FINANCIERA Y ORGANIZACIONAL | G1: 3.2.3 EVALUACION DE EXPERIENCIA | H1: 3.2.4 EVALUACIÓN CRITERIOS TÉCNICOS – CALIDAD DEL SUPERVISOR (100 PUNTOS) | I1: 3.2.5 EVALUACIÓN CRITERIOS TÉCNICOS – CALIDAD DEL COORDINADOR U OPERADOR DE MEDIOS TECNOLÓGICOS U COORDINADOR O DIRECTOR DE PROYECTOS (100 PUNTOS). | J1: 3.2.6 APOYO A LA INDUSTRIA NACIONAL (200 PUNTOS) | K1: 3.2.7 VINCULACIÓN DE TRABAJADORES CON DISCAPACIDAD (10 PUNTOS) | L1: 3.2.9 PUNTAJE POR DECRETO 1860 DE 2021 EN OCASIÓN ARTÍCULO 2.2.1.2.4.2.14. (02 PUNTOS) | M1: 3.2.10 PUNTAJE POR DECRETO 1860 DE 2021 EN OCASIÓN ARTÍCULO 2.2.1.2.4.2.18. (02 PUNTOS) | N1: PERSONAL CONTRATADO MAYO A 45 AÑOS | R1: MUJERES CONTRATADAS | V1: PERSONAS EN DISCAPACIDAD | Z1: TOTAL PUNTAJES
N2: ABSOLUTO PERSONAL MAYORES A 45 AÑOS | O2: PUNTAJE | P2: PORCENTAJE PERSONAL MAYOR A 45 AÑOS | Q2: PUNTAJE | R2: ABSOLUTO MUJERES CONTRATADAS | S2: PUNTAJE | T2: PORCENTAJE MUJERES CONTRATADAS | U2: PUNTAJE | V2: ABSOLUTO PERSONAS EN DISCAPACIDAD | W2: PUNTAJE | X2: PORCENTAJE PERSONA EN DISCAPACIDAD | Y2: PUNTAJE | AA2: OFERTA ECONOMICA
A3: 1 | B3: SEGURIDAD JANO LTDA | D3: CUMPLE | E3: CUMPLE | F3: CUMPLE | G3: CUMPLE | H3: 100 | I3: 100 | J3: 200 | K3: 10 | L3: 2 | M3: 0 | N3: 302 | O3: =+(N3*$O$55)/$N$55 -> 0.64026459 | P3: 0.22453532 | Q3: =+(P3*$Q$55)/$P$55 -> 1.4119745 | R3: 311 | S3: =+(R3*$S$55)/$R$55 -> 0.98473814 | T3: 0.23122677 | U3: =+(T3*$U$55)/$T$55 -> 1.8167061 | V3: 5 | W3: =+(V3*$W$55)/$V$55 -> 0.45703839 | X3: 0.0037174721 | Y3: =+(X3*$Y$55)/$X$55 -> 0.058085502 | Z3: =+H3+I3+J3+K3+L3+M3+O3+Q3+S3+U3+W3+Y3 -> 417.36881 | AA3: =+'oferta economica'!C1 -> 1649812599
A4: 2 | B4: UT RAMA JUDICIAL 2023 | C4: ZONA DE SEGURIDAD LTDA | D4: CUMPLE | E4: CUMPLE | F4: CUMPLE | G4: CUMPLE | H4: 100 | I4: 100 | J4: 200 | K4: 10 | L4: 2 | M4: 2 | N4: 91.8 | O4: =+(N4*$O$55)/$N$55 -> 0.19462347 | P4: 0.27068182 | Q4: =+(P4*$Q$55)/$P$55 -> 1.7021635 | R4: 46.1 | S4: =+(R4*$S$55)/$R$55 -> 0.14596922 | T4: 0.17988038 | U4: =+(T4*$U$55)/$T$55 -> 1.413287 | V4: 4.1 | W4: =+(V4*$W$55)/$V$55 -> 0.37477148 | X4: 0.015849282 | Y4: =+(X4*$Y$55)/$X$55 -> 0.24764504 | Z4: =+Y4+W4+U4+S4+Q4+O4+M4+L4+K4+J4+I4+H4 -> 418.07846 | AA4: =+'oferta economica'!C2 -> 1681746615
C5: SEGURIDAD MONTEVIDEO LTDA
A6: 3 | B6: SEGURIDAD DIGITAL LTDA | D6: CUMPLE | E6: CUMPLE | F6: CUMPLE | G6: CUMPLE | H6: 100 | I6: 100 | J6: 200 | K6: 10 | L6: 2 | M6: 2 | N6: 131 | O6: =+(N6*$O$55)/$N$55 -> 0.27773066 | P6: 0.30184332 | Q6: =+(P6*$Q$55)/$P$55 -> 1.8981204 | R6: 160 | S6: =+(R6*$S$55)/$R$55 -> 0.50661769 | T6: 0.36866359 | U6: =+(T6*$U$55)/$T$55 -> 2.896522 | V6: 3 | W6: =+(V6*$W$55)/$V$55 -> 0.27422303 | X6: 0.0069124424 | Y6: =+(X6*$Y$55)/$X$55 -> 0.10800691 | Z6: =+H6+I6+J6+K6+L6+M6+O6+Q6+S6+U6+W6+Y6 -> 419.96122 | AA6: =+'oferta economica'!C3 -> 1686862162
A7: 4 | B7: COOVIAM | D7: CUMPLE | E7: CUMPLE | F7: CUMPLE | G7: CUMPLE | H7: 100 | I7: 100 | J7: 200 | K7: 10 | L7: 2 | M7: 0 | N7: 490 | O7: =+(N7*$O$55)/$N$55 -> 1.0388399 | P7: 0.26301664 | Q7: =+(P7*$Q$55)/$P$55 -> 1.6539615 | R7: 447 | S7: =+(R7*$S$55)/$R$55 -> 1.4153632 | T7: 0.23993559 | U7: =+(T7*$U$55)/$T$55 -> 1.8851297 | V7: 7 | W7: =+(V7*$W$55)/$V$55 -> 0.63985375 | X7: 0.0037573806 | Y7: =+(X7*$Y$55)/$X$55 -> 0.058709071 | Z7: =+H7+I7+J7+K7+L7+M7+O7+Q7+S7+U7+W7+Y7 -> 418.69186 | AA7: =+'oferta economica'!C4 -> 1537532051
A8: 5 | B8: UT L& D | C8: SEGURIDAD LASER LTDA | D8: CUMPLE | E8: CUMPLE | F8: CUMPLE | G8: CUMPLE | H8: 90 | I8: 100 | J8: 200 | K8: 10 | L8: 2 | M8: 2 | N8: 157.5 | O8: =+(N8*$O$55)/$N$55 -> 0.33391282 | P8: 0.3578 | Q8: =+(P8*$Q$55)/$P$55 -> 2.25 | R8: 104 | S8: =+(R8*$S$55)/$R$55 -> 0.3293015 | T8: 0.23 | U8: =+(T8*$U$55)/$T$55 -> 1.8070676 | V8: 5.5 | W8: =+(V8*$W$55)/$V$55 -> 0.50274223 | X8: 0.0125 | Y8: =+(X8*$Y$55)/$X$55 -> 0.1953125 | Z8: =+Y8+W8+U8+S8+Q8+O8+M8+L8+K8+J8+I8+H8 -> 409.41834 | AA8: =+'oferta economica'!C5 -> 1675200172
C9: VIGILANCAI Y SEGURIDAD DINA POWER LTDA
A10: 6 | B10: UT VIGISER 2022 | C10: VIGIAS DE COLOMBIA SRL LTDA | D10: CUMPLE | E10: CUMPLE | F10: CUMPLE | G10: CUMPLE | H10: 100 | I10: 100 | J10: 200 | K10: 10 | L10: 2 | M10: 2 | N10: =+CALIFICACION!K203 -> 365.2 | O10: =+(N10*$O$55)/$N$55 -> 0.77425373 | P10: =+CALIFICACION!K206 -> 0.46174716 | Q10: =+(P10*$Q$55)/$P$55 -> 2.9036644 | R10: =+CALIFICACION!K211 -> 355.7 | S10: =+(R10*$S$55)/$R$55 -> 1.1262745 | T10: =+CALIFICACION!K214 -> 0.44075891 | U10: =+(T10*$U$55)/$T$55 -> 3.4629616 | V10: =+CALIFICACION!K219 -> 17.7 | W10: =+(V10*$W$55)/$V$55 -> 1.6179159 | X10: =+CALIFICACION!K222 -> 0.023277643 | Y10: =+(X10*$Y$55)/$X$55 -> 0.36371317 | Z10: =+Y10+W10+U10+S10+Q10+O10+M10+L10+K10+J10+I10+H10 -> 424.24878 | AA10: =+'oferta economica'!C6 -> 1708546803
C11: COMPAÑÍA DE VIGILANCIA PRIVADA LTDA SERSECOL
A12: 7 | B12: UT OLICTEC | C12: SEGURIDAD PRIVADA Y VIGILANCIAOLIMPOSEGURIDAD | D12: CUMPLE | E12: CUMPLE | F12: CUMPLE | G12: CUMPLE | H12: 100 | I12: 100 | J12: 200 | K12: 10 | L12: 2 | M12: 2 | N12: 153.7 | O12: =+(N12*$O$55)/$N$55 -> 0.32585651 | P12: 0.64270066 | Q12: =+(P12*$Q$55)/$P$55 -> 4.0415777 | R12: 84.1 | S12: =+(R12*$S$55)/$R$55 -> 0.26629093 | T12: 0.34456131 | U12: =+(T12*$U$55)/$T$55 -> 2.7071548 | V12: 16.4 | W12: =+(V12*$W$55)/$V$55 -> 1.4990859 | X12: 0.068927496 | Y12: =+(X12*$Y$55)/$X$55 -> 1.0769921 | Z12: =+Y12+W12+U12+S12+Q12+O12+M12+L12+K12+J12+I12+H12 -> 423.91696 | AA12: =+'oferta economica'!C7 -> 1689008468
C13: SERVICIO DE VIGILANCAI TECNICO LTDA
A14: 8 | B14: UT RAMA SC 2022 | C14: SEGURIDAD LAS AMERICAS | D14: CUMPLE | E14: CUMPLE | F14: CUMPLE | G14: CUMPLE | H14: 100 | I14: 100 | J14: 200 | K14: 10 | L14: 2 | M14: 2 | N14: =+CALIFICACION!O203 -> 180 | O14: =+(N14*$O$55)/$N$55 -> 0.38161465 | P14: =+CALIFICACION!O206 -> 0.23742077 | Q14: =+(P14*$Q$55)/$P$55 -> 1.4930037 | R14: =+CALIFICACION!O211 -> 139.5 | S14: =+(R14*$S$55)/$R$55 -> 0.4417073 | T14: =+CALIFICACION!O214 -> 0.13874681 | U14: =+(T14*$U$55)/$T$55 -> 1.0901082 | V14: =+CALIFICACION!O219 -> 6 | W14: =+(V14*$W$55)/$V$55 -> 0.54844607 | X14: =+CALIFICACION!O222 -> 0.0099417122 | Y14: =+(X14*$Y$55)/$X$55 -> 0.15533925 | Z14: =+Y14+W14+U14+S14+Q14+O14+M14+L14+K14+J14+I14+H14 -> 418.11022 | AA14: =+'oferta economica'!C8 -> 1667468329
C15: EMPRESA DE VIGILANCIA CARIMAR
A16: 9 | B16: UNIÓN TEMPORAL SUPVA | C16: SEGURIDAD SUPERIOR LTDA | D16: CUMPLE | E16: CUMPLE | F16: CUMPLE | G16: CUMPLE | H16: 100 | I16: 100 | J16: 200 | K16: 10 | L16: 2 | M16: 2 | N16: =+CALIFICACION!Q203 -> 1346.4 | O16: =+(N16*$O$55)/$N$55 -> 2.8544776 | P16: =+CALIFICACION!Q206 -> 0.18142407 | Q16: =+(P16*$Q$55)/$P$55 -> 1.1408724 | R16: =+CALIFICACION!Q211 -> 1579.1 | S16: =+(R16*$S$55)/$R$55 -> 5 | T16: =+CALIFICACION!Q214 -> 0.25415913 | U16: =+(T16*$U$55)/$T$55 -> 1.9968815 | V16: =+CALIFICACION!Q219 -> 39 | W16: =+(V16*$W$55)/$V$55 -> 3.5648995 | X16: =+CALIFICACION!Q222 -> 0.0053512814 | Y16: =+(X16*$Y$55)/$X$55 -> 0.083613773 | Z16: =+Y16+W16+U16+S16+Q16+O16+M16+L16+K16+J16+I16+H16 -> 428.64074 | AA16: =+'oferta economica'!C9 -> 1708546744
C17: VASCO SEGURITY GROUP
A18: 10 | B18: UNION TEMPORAL SEGURIDAD HUNZA | C18: AMCOVIT LTDA | D18: CUMPLE | E18: CUMPLE | F18: CUMPLE | G18: CUMPLE | H18: 100 | I18: 100 | J18: 200 | K18: 10 | L18: 2 | M18: 2 | N18: =+CALIFICACION!S203 -> 127 | O18: 0.19462347 | P18: =+CALIFICACION!S206 -> 0.43905424 | Q18: 1.4975831 | R18: =+CALIFICACION!S211 -> 157.79 | S18: 0.14596922 | T18: =+CALIFICACION!S214 -> 0.55111333 | U18: 1.0944582 | V18: =+CALIFICACION!S219 -> 51.4 | W18: 0.35018791 | X18: =+CALIFICACION!S222 -> 0.18760961 | Y18: 0.24764504 | Z18: 417.53047 | AA18: =+'oferta economica'!C10 -> 1649816449
C19: ADPORT LTDA
C20: SEGURIDAD FENIX DE COLOMBIA LTDA
A21: 11 | B21: UNION TEMPORAL TUNJA 2022 | C21: COMPAÑÍA ANDINA DE SEGURIDAD PRIVADA BIC LTDA | D21: CUMPLE | E21: CUMPLE | F21: CUMPLE | G21: CUMPLE | H21: 100 | I21: 100 | J21: 200 | K21: 10 | L21: 2 | M21: 2 | N21: =+CALIFICACION!V203 -> 548.6 | O21: =+(N21*$O$55)/$N$55 -> 1.1630767 | P21: =+CALIFICACION!V206 -> 0.2068767 | Q21: =+(P21*$Q$55)/$P$55 -> 1.3009295 | R21: =+CALIFICACION!V211 -> 578.4 | S21: =+(R21*$S$55)/$R$55 -> 1.831423 | T21: =+CALIFICACION!V214 -> 0.19743236 | U21: =+(T21*$U$55)/$T$55 -> 1.5511897 | V21: =+CALIFICACION!V219 -> 28 | W21: =+(V21*$W$55)/$V$55 -> 2.559415 | X21: =+CALIFICACION!V222 -> 0.0087160513 | Y21: =+(X21*$Y$55)/$X$55 -> 0.1361883 | Z21: =+Y21+W21+U21+S21+Q21+O21+M21+L21+K21+J21+I21+H21 -> 422.54222 | AA21: =+'oferta economica'!C11 -> 1688450539
C22: SEGURIDAD SAN CARLOS LTDA
A23: 12 | B23: ÁGUILA DE ORO DE COLOMBIA LTDA. | D23: CUMPLE | E23: CUMPLE | F23: CUMPLE | G23: CUMPLE | H23: 100 | I23: 100 | J23: 200 | K23: 10 | L23: 2 | M23: 0 | N23: 704 | O23: =+(N23*$O$55)/$N$55 -> 1.4925373 | P23: 0.3900277 | Q23: =+(P23*$Q$55)/$P$55 -> 2.4526616 | R23: 661 | S23: =+(R23*$S$55)/$R$55 -> 2.0929643 | T23: 0.36620499 | U23: =+(T23*$U$55)/$T$55 -> 2.8772051 | V23: 22 | W23: =+(V23*$W$55)/$V$55 -> 2.0109689 | X23: 0.012188366 | Y23: =+(X23*$Y$55)/$X$55 -> 0.19044321 | Z23: =+H23+I23+J23+K23+L23+M23+O23+Q23+S23+U23+W23+Y23 -> 423.11678 | AA23: =+'oferta economica'!C12 -> 1668719638
A24: 13 | B24: UNION TEMPORALRONDA - SECANCOL | C24: SEGURIDAD CANINA DE COLOMBIA LTDA - SECANCOL LTDA | D24: CUMPLE | E24: CUMPLE | F24: CUMPLE | G24: CUMPLE | H24: 100 | I24: 100 | J24: 200 | K24: 10 | L24: 2 | M24: 2 | N24: =+CALIFICACION!Y203 -> 86 | O24: =+(N24*$O$55)/$N$55 -> 0.182327 | P24: =+CALIFICACION!Y206 -> 0.12312426 | Q24: =+(P24*$Q$55)/$P$55 -> 0.77425822 | R24: =+CALIFICACION!Y211 -> 251 | S24: =+(R24*$S$55)/$R$55 -> 0.79475651 | T24: =+CALIFICACION!Y214 -> 0.31657024 | U24: =+(T24*$U$55)/$T$55 -> 2.4872341 | V24: =+CALIFICACION!Y219 -> 1 | W24: =+(V24*$W$55)/$V$55 -> 0.091407678 | X24: =+CALIFICACION!Y222 -> 0.0014316775 | Y24: =+(X24*$Y$55)/$X$55 -> 0.022369961 | Z24: =+Y24+W24+U24+S24+Q24+O24+M24+L24+K24+J24+I24+H24 -> 418.35235 | AA24: =+'oferta economica'!C13 -> 1649760680 | AB24: RECHAZADA OFERTA ECONOMICA
C25: RONDA DE COLOMBIA PROTECCION Y SEGURIDAD LTDA- RONDACOL LTDA
A26: 14 | B26: UNION TEMPORAL C&T SEGURIDAD 741 | C26: TOP GUARD LTDA | D26: CUMPLE | E26: CUMPLE | F26: CUMPLE | G26: CUMPLE | H26: 100 | I26: 100 | J26: 200 | K26: 10 | L26: 2 | M26: 2 | N26: =+CALIFICACION!AA203 -> 177.57 | O26: =+(N26*$O$55)/$N$55 -> 0.37646286 | P26: =+CALIFICACION!AA206 -> 0.59502826 | Q26: =+(P26*$Q$55)/$P$55 -> 3.7417932 | R26: =+CALIFICACION!AA211 -> 145.32 | S26: =+(R26*$S$55)/$R$55 -> 0.46013552 | T26: =+CALIFICACION!AA214 -> 0.48726194 | U26: =+(T26*$U$55)/$T$55 -> 3.8283273 | V26: 0 | W26: =+(V26*$W$55)/$V$55 -> 0 | X26: =+CALIFICACION!AA222 -> 0.19749969 | Y26: =+(X26*$Y$55)/$X$55 -> 3.0859327 | Z26: =+Y26+W26+U26+S26+Q26+O26+M26+L26+K26+J26+I26+H26 -> 425.49265 | AA26: =+'oferta economica'!C14 -> 1649711725 | AB26: RECHAZADA POR OFERTA ECONOMICA
C27: CUSTODIAR LTDA
A28: 15 | B28: UNION TEMPORAL MEGAMETRO | C28: MEGASEGURIDAD LTDA | D28: CUMPLE | E28: CUMPLE | F28: CUMPLE | G28: CUMPLE | H28: 100 | I28: 100 | J28: 200 | K28: 10 | L28: 2 | M28: 2 | N28: 2 | O28: =+(N28*$O$55)/$N$55 -> 0.0042401628 | P28: 0.4 | Q28: =+(P28*$Q$55)/$P$55 -> 2.5153717 | R28: 2 | S28: =+(R28*$S$55)/$R$55 -> 0.0063327212 | T28: 0.4 | U28: =+(T28*$U$55)/$T$55 -> 3.1427263 | V28: 1.6 | W28: =+(V28*$W$55)/$V$55 -> 0.14625229 | X28: 0.32 | Y28: =+(X28*$Y$55)/$X$55 -> 5 | Z28: =+Y28+W28+U28+S28+Q28+O28+M28+L28+K28+J28+I28+H28 -> 424.81492 | AA28: =+'oferta economica'!C15 -> 1676602649
C29: METROPOLITAN SECURITY CORPORATION LTDA
A30: 17 | B30: UNIÓN TEMPORALTUNJA SC | C30: COMPAÑÍA DE VIGILANCIA COVISUR DE COLOMBIA LTDA | D30: CUMPLE | E30: CUMPLE | F30: CUMPLE | G30: CUMPLE | H30: 100 | I30: 100 | J30: 200 | K30: 10 | L30: 2 | M30: 2 | N30: 21.06 | O30: =+(N30*$O$55)/$N$55 -> 0.044648915 | P30: 0.79511111 | Q30: =+(P30*$Q$55)/$P$55 -> 5 | R30: 16.97 | S30: =+(R30*$S$55)/$R$55 -> 0.053733139 | T30: 0.63639012 | U30: =+(T30*$U$55)/$T$55 -> 5 | V30: 6 | W30: =+(V30*$W$55)/$V$55 -> 0.54844607 | X30: 0.23774815 | Y30: =+(X30*$Y$55)/$X$55 -> 3.7148148 | Z30: =+Y30+W30+U30+S30+Q30+O30+M30+L30+K30+J30+I30+H30 -> 428.36164 | AA30: =+'oferta economica'!C16 -> 1708544845
C31: SEGURITEL LTDA
A32: 18 | B32: UNION TEMPORAL SERVILAOS 2022 | C32: EMPRESA DE SEGURIDAD Y VIGILANCIA PRIVADA SERVICONFOR LTDA | D32: CUMPLE | E32: CUMPLE | F32: CUMPLE | G32: CUMPLE | H32: 100 | I32: 100 | J32: 200 | K32: 10 | L32: 2 | M32: 0 | N32: 224.6 | O32: =+(N32*$O$55)/$N$55 -> 0.47617028 | P32: 0.26064709 | Q32: =+(P32*$Q$55)/$P$55 -> 1.6390608 | R32: 164.5 | S32: =+(R32*$S$55)/$R$55 -> 0.52086632 | T32: 0.19281229 | U32: =+(T32*$U$55)/$T$55 -> 1.5148906 | V32: 5.3 | W32: =+(V32*$W$55)/$V$55 -> 0.48446069 | X32: 0.006092583 | Y32: =+(X32*$Y$55)/$X$55 -> 0.095196609 | Z32: =+Y32+W32+U32+S32+Q32+O32+M32+L32+K32+J32+I32+H32 -> 416.73065 | AA32: =+'oferta economica'!C17 -> 1665733115 | AB32: RECHAZADA POR OFERTA ECONOMICA
C33: LAOS SEGURIDAD LTDA
A34: 19 | B34: UNION TEMPORAL FS TUNJA | C34: FIDELITY SECURITY COMPANY LTDA | D34: CUMPLE | E34: CUMPLE | F34: CUMPLE | G34: CUMPLE | H34: 100 | I34: 100 | J34: 200 | K34: 10 | L34: 2 | M34: 2 | N34: 139 | O34: =+(N34*$O$55)/$N$55 -> 0.29469132 | P34: 0.39476367 | Q34: =+(P34*$Q$55)/$P$55 -> 2.4824434 | R34: 240.5 | S34: =+(R34*$S$55)/$R$55 -> 0.76150972 | T34: 0.43948045 | U34: =+(T34*$U$55)/$T$55 -> 3.4529169 | V34: 2 | W34: =+(V34*$W$55)/$V$55 -> 0.18281536 | X34: 0.0042004812 | Y34: =+(X34*$Y$55)/$X$55 -> 0.065632519 | Z34: =+Y34+W34+U34+S34+Q34+O34+M34+L34+K34+J34+I34+H34 -> 421.24001 | AA34: =+'oferta economica'!C18 -> 1699259474
C35: SEGURIDAD Y VIGILANCIA SERVICONCEL LTDA.
A36: 20 | B36: TP-PROTECCIÓN UNIÓN TEMPORAL | C36: SEGURIDAD EL PROGRESO LTDA | D36: CUMPLE | E36: CUMPLE | F36: CUMPLE | G36: CUMPLE | H36: 100 | I36: 100 | J36: 200 | K36: 10 | L36: 2 | M36: 2 | N36: =+CALIFICACION!AM203 -> 58.33 | O36: =+(N36*$O$55)/$N$55 -> 0.12366435 | P36: =+CALIFICACION!AM206 -> 0.64645385 | Q36: =+(P36*$Q$55)/$P$55 -> 4.0651793 | R36: =+CALIFICACION!AM211 -> 35.9 | S36: =+(R36*$S$55)/$R$55 -> 0.11367235 | T36: =+CALIFICACION!AM214 -> 0.40081667 | U36: =+(T36*$U$55)/$T$55 -> 3.1491428 | V36: =+CALIFICACION!AM219 -> 7.99 | W36: =+(V36*$W$55)/$V$55 -> 0.73034735 | X36: =+CALIFICACION!AM222 -> 0.089087634 | Y36: =+(X36*$Y$55)/$X$55 -> 1.3919943 | Z36: =+Y36+W36+U36+S36+Q36+O36+M36+L36+K36+J36+I36+H36 -> 423.574 | AA36: =+'oferta economica'!C19 -> 1694843286
C37: TELEVIGILANCIA LTDA "PROTECCION Y SEGURIDAD"
A38: 21 | B38: SEGURIDAD NAPOLES | D38: CUMPLE | E38: CUMPLE | F38: CUMPLE | G38: CUMPLE | H38: 100 | I38: 100 | J38: 200 | K38: 10 | L38: 2 | M38: 0 | N38: =+CALIFICACION!AO203 -> 1546 | O38: =+(N38*$O$55)/$N$55 -> 3.2776459 | P38: =+CALIFICACION!AO206 -> 0.23332327 | Q38: =+(P38*$Q$55)/$P$55 -> 1.4672369 | R38: =+CALIFICACION!AO211 -> 937 | S38: =+(R38*$S$55)/$R$55 -> 2.9668799 | T38: =+CALIFICACION!AO214 -> 0.14141262 | U38: =+(T38*$U$55)/$T$55 -> 1.1110529 | V38: =+CALIFICACION!AO217 -> 46 | W38: =+(V38*$W$55)/$V$55 -> 4.2047532 | X38: =+CALIFICACION!AO222 -> 0.0069423483 | Y38: =+(X38*$Y$55)/$X$55 -> 0.10847419 | Z38: =+H38+I38+J38+K38+L38+M38+O38+Q38+S38+U38+W38+Y38 -> 425.13604 | AA38: =+'oferta economica'!C20 -> 1681995466
A39: 22 | B39: UNIÓN TEMPORAL CODEL 2022 | C39: DELTHAC 1 SEGURIDAD LTDA | D39: CUMPLE | E39: CUMPLE | F39: CUMPLE | G39: CUMPLE | H39: 100 | I39: 100 | J39: 200 | K39: 10 | L39: 2 | M39: 2 | N39: 624.06 | O39: =+(N39*$O$55)/$N$55 -> 1.323058 | P39: 0.29425817 | Q39: =+(P39*$Q$55)/$P$55 -> 1.8504217 | R39: 302.93 | S39: =+(R39*$S$55)/$R$55 -> 0.95918561 | T39: 0.14334216 | U39: =+(T39*$U$55)/$T$55 -> 1.1262129 | V39: 13.89 | W39: =+(V39*$W$55)/$V$55 -> 1.2696527 | X39: 0.0065493701 | Y39: =+(X39*$Y$55)/$X$55 -> 0.10233391 | Z39: =+Y39+W39+U39+S39+Q39+O39+M39+L39+K39+J39+I39+H39 -> 420.63086 | AA39: =+'oferta economica'!C21 -> 1675138834
C40: COSEQUIN LTDA
A41: 23 | B41: UT SEPETEDAC RM TUNJA | C41: SEGURIDAD EL PENTAGONO COLOMBIANO LTDA SEPECOL | D41: CUMPLE | E41: CUMPLE | F41: CUMPLE | G41: CUMPLE | H41: 100 | I41: 100 | J41: 200 | K41: 10 | L41: 2 | M41: 2 | N41: =+CALIFICACION!AR203 -> 375.1 | O41: 0.19462347 | P41: =+CALIFICACION!AR206 -> 0.23764406 | Q41: 1.4975831 | R41: =+CALIFICACION!AR211 -> 349.95 | S41: 0.76150972 | T41: =+CALIFICACION!AR214 -> 0.23836579 | U41: 1.0944582 | V41: =+CALIFICACION!AR219 -> 18.85 | W41: 0.35018791 | X41: =+CALIFICACION!AR222 -> 0.059051956 | Y41: 0.24764504 | Z41: 421.94911 | AA41: =+'oferta economica'!C22 -> 1688879396
C42: TECNOLOGIAS INTEGRALES DE SEGUIRIDAD
C43: SEGURIDAD DECAPOLIS LTDA
A44: 24 | B44: UT PA 2022 | C44: SEGURIDAD ATLAS LTDA | D44: CUMPLE | E44: CUMPLE | F44: CUMPLE | G44: CUMPLE | H44: 100 | I44: 100 | J44: 200 | K44: 10 | L44: 2 | M44: 2 | N44: 2358.4 | O44: =+(N44*$O$55)/$N$55 -> 5 | P44: 0.28973491 | Q44: =+(P44*$Q$55)/$P$55 -> 1.8219775 | R44: 698 | S44: 0.76150972 | T44: 0.097214652 | U44: =+(T44*$U$55)/$T$55 -> 0.76379762 | V44: 54.7 | W44: =+(V44*$W$55)/$V$55 -> 5 | X44: 0.0094439209 | Y44: =+(X44*$Y$55)/$X$55 -> 0.14756126 | Z44: =+Y44+W44+U44+S44+Q44+O44+M44+L44+K44+J44+I44+H44 -> 427.49485 | AA44: =+'oferta economica'!C23 -> 1687677708
C45: SEGURIDAD PENTA LTDA
A46: 25 | B46: SEGURIDAD TREBOL LTDA | D46: CUMPLE | E46: CUMPLE | F46: cumple | G46: CUMPLE | H46: 100 | I46: 100 | J46: 200 | K46: 10 | L46: 2 | M46: 0 | N46: 305 | O46: =+(N46*$O$55)/$N$55 -> 0.64662483 | P46: 0.30019685 | Q46: =+(P46*$Q$55)/$P$55 -> 1.8877667 | R46: 238 | S46: =+(R46*$S$55)/$R$55 -> 0.75359382 | T46: 0.23425197 | U46: =+(T46*$U$55)/$T$55 -> 1.8404746 | V46: 4 | W46: =+(V46*$W$55)/$V$55 -> 0.36563071 | X46: 0.0039370079 | Y46: =+(X46*$Y$55)/$X$55 -> 0.061515748 | Z46: =+H46+I46+J46+K46+L46+M46+O46+Q46+S46+U46+W46+Y46 -> 417.55561 | AA46: =+'oferta economica'!C24 -> 1676205638
A47: 26 | B47: UNION TEMPORAL UT AM SEGURIDAD | C47: AVIZOR SEGURIDAD LTDA | D47: CUMPLE | E47: CUMPLE | F47: CUMPLE | G47: CUMPLE | H47: 100 | I47: 100 | J47: 200 | K47: 10 | L47: 2 | M47: 2 | N47: =+CALIFICACION!AX203 -> 111.4 | O47: =+(N47*$O$55)/$N$55 -> 0.23617707 | P47: =+CALIFICACION!AX206 -> 0.17703013 | Q47: =+(P47*$Q$55)/$P$55 -> 1.1132415 | R47: =+CALIFICACION!AX211 -> 213.8 | S47: 0.76150972 | T47: =+CALIFICACION!AX214 -> 0.49206027 | U47: =+(T47*$U$55)/$T$55 -> 3.8660269 | V47: =+CALIFICACION!AX219 -> 5.4 | W47: =+(V47*$W$55)/$V$55 -> 0.49360146 | X47: =+CALIFICACION!AX222 -> 0.075951626 | Y47: =+(X47*$Y$55)/$X$55 -> 1.1867442 | Z47: =+Y47+W47+U47+S47+Q47+O47+M47+L47+K47+J47+I47+H47 -> 421.6573 | AA47: =+'oferta economica'!C25 -> 1651139329
C48: MAGAL VIGILANCIA Y SEGURIDAD PRIVADA LTDA
A49: 27 | B49: UNION TEMPORAL 2022 OB | C49: SEGURIDAD ONCOR LTDA | D49: CUMPLE | E49: CUMPLE | F49: CUMPLE | G49: CUMPLE | H49: 100 | I49: 100 | J49: 200 | K49: 10 | L49: 0 | M49: 2 | N49: 594.5 | O49: =+(N49*$O$55)/$N$55 -> 1.2603884 | P49: 0.32419641 | Q49: =+(P49*$Q$55)/$P$55 -> 2.0386862 | R49: 407.5 | S49: 0.76150972 | T49: 0.19539969 | U49: =+(T49*$U$55)/$T$55 -> 1.5352194 | V49: 5.5 | W49: =+(V49*$W$55)/$V$55 -> 0.50274223 | X49: 0.0092138732 | Y49: =+(X49*$Y$55)/$X$55 -> 0.14396677 | Z49: =+Y49+W49+U49+S49+Q49+O49+M49+L49+K49+J49+I49+H49 -> 418.24251 | AA49: =+'oferta economica'!C26 -> 1708546803
C50: COMPAÑIA DE SEGURIDAD Y VIGILANCIA PRIVADA SIMON BOLIVAR LTDA EN REORGANIZACIÓN
A51: 28 | B51: SEGURIDAD NUEVA ERA | C51: SEGURIDAD NUEVA ERA | D51: CUMPLE | E51: CUMPLE | F51: cumple | G51: CUMPLE | H51: 100 | I51: 100 | J51: 200 | K51: 10 | L51: 2 | M51: 0 | N51: =+CALIFICACION!BB203 -> 272 | O51: =+(N51*$O$55)/$N$55 -> 0.57666214 | P51: =+CALIFICACION!BB206 -> 0.21777422 | Q51: =+(P51*$Q$55)/$P$55 -> 1.3694578 | R51: =+CALIFICACION!BB211 -> 263 | S51: =+(R51*$S$55)/$R$55 -> 0.83275283 | T51: =+CALIFICACION!BB214 -> 0.21056845 | U51: =+(T51*$U$55)/$T$55 -> 1.6543976 | V51: =+CALIFICACION!BB219 -> 13 | W51: =+(V51*$W$55)/$V$55 -> 1.1882998 | X51: 0.0024019215 | Y51: =+(X51*$Y$55)/$X$55 -> 0.037530024 | Z51: =+H51+I51+J51+K51+L51+M51+O51+Q51+S51+U51+W51+Y51 -> 417.6591 | AA51: =+'oferta economica'!C27 -> 1437082748 | AB51: RECHAZADA POR OFERTA ECONOMICA
A52: 29 | B52: UNION TEMPORAL A1V 2022 | C52: ATALAYA 1 SECURITY GROUP LTDA EN REORGANIZACIÓN | D52: CUMPLE | E52: CUMPLE | F52: CUMPLE | G52: CUMPLE | H52: 100 | I52: 100 | J52: 200 | K52: 10 | L52: 2 | M52: 2 | N52: 54 | O52: =+(N52*$O$55)/$N$55 -> 0.1144844 | P52: 0.2755102 | Q52: =+(P52*$Q$55)/$P$55 -> 1.7325264 | R52: 15.3 | S52: 0.76150972 | T52: 0.078061224 | U52: =+(T52*$U$55)/$T$55 -> 0.61331266 | V52: 4.5 | W52: =+(V52*$W$55)/$V$55 -> 0.41133455 | X52: 0.022959184 | Y52: =+(X52*$Y$55)/$X$55 -> 0.35873724 | Z52: =+Y52+W52+U52+S52+Q52+O52+M52+L52+K52+J52+I52+H52 -> 417.99191 | AA52: =+'oferta economica'!C28 -> 1684137648
C53: COMPAÑIA DE VIGILANCIA PRIVADA VIGILISTA LTDA
N55: =+LARGE(N3:N53,1) -> 2358.4 | O55: 5 | P55: =+LARGE(P3:P53,1) -> 0.79511111 | Q55: 5 | R55: =+LARGE(R3:R53,1) -> 1579.1 | S55: 5 | T55: =+LARGE(T3:T53,1) -> 0.63639012 | U55: 5 | V55: =+LARGE(V3:V53,1) -> 54.7 | W55: 5 | X55: =+LARGE(X3:X53,1) -> 0.32 | Y55: 5

Sheet oferta economica
A1: 1 | B1: SEGURIDAD JANO LTDA | C1: 1649812599 | D1: =+'oferta 1'!F25 -> 1649812599 | E1: =+C1-D1 -> 0
A2: 2 | B2: UT RAMA TUNJA 2023 | C2: 1681746615 | D2: =+'oferta 2'!F25 -> 1.6817466e+09 | E2: =+C2-D2 -> 0.31604338
A3: 3 | B3: SEGURIDAD DIGITAL LTDA | C3: 1686862162 | D3: =+'oferta 3'!F25 -> 1686862162 | E3: =+C3-D3 -> 0
A4: 4 | B4: COOVIAM CTA | C4: 1537532051 | D4: =+'oferta 4'!F25 -> 1537532081 | E4: =+C4-D4 -> -30
A5: 5 | B5: UT L&D | C5: 1675200172 | D5: =+'oferta 5'!F25 -> 1675200172 | E5: =+C5-D5 -> 0
A6: 6 | B6: UNION TEMPORAL VIGISER 2022 | C6: 1708546803 | D6: =+'oferta 6'!F25 -> 1708546803 | E6: =+C6-D6 -> 0
A7: 7 | B7: UNION TEMPORAL OLICTEC | C7: 1689008468 | D7: =+'oferta 7'!F25 -> 1.6890085e+09 | E7: =+C7-D7 -> 0.32465196
A8: 8 | B8: UNIÓN TEMPORAL RAMA SC 2022 | C8: 1667468329 | D8: =+'oferta 8'!F26 -> 1.6674683e+09 | E8: =+C8-D8 -> -0.2931838
A9: 9 | B9: UNION TEMPORAL SUPVA 2022 | C9: 1708546744 | D9: =+'oferta 9'!F25 -> 1708546744 | E9: =+C9-D9 -> 0
A10: 10 | B10: UT SEGURIDAD HUNZA | C10: 1649816449 | D10: =+'oferta 10'!F25 -> 1649816449 | E10: =+C10-D10 -> 0
A11: 11 | B11: UNION TEMPORAL TUNJA 2022 | C11: 1688450539 | D11: =+'oferta 11'!F25 -> 1688450603 | E11: =+C11-D11 -> -64
A12: 12 | B12: AGUILA DE ORO DE COLOMBIA LTDA | C12: 1668719638 | D12: =+'oferta 12'!F25 -> 1.6687196e+09 | E12: =+C12-D12 -> -1.3199999
A13: 13 | B13: UNION TEMPORAL RONDA-SECANCOL | C13: 1649760680 | D13: =+'oferta 13'!F25 -> 1649760237 | E13: =+C13-D13 -> 443
A14: 14 | B14: UNIÓN TEMPORAL C&T SEGURIDAD 741 | C14: 1649711725 | D14: =+'oferta 14'!F25 -> 1649711725 | E14: =+C14-D14 -> 0
A15: 15 | B15: UT MEGAMETRO | C15: 1676602649 | D15: =+'oferta 15'!F25 -> 1.6766026e+09 | E15: =+C15-D15 -> 25.6
A16: 17 | B16: UNIÓN TEMPORAL TUNJA SC | C16: 1708544845 | D16: =+'oferta 17'!F25 -> 1.7085449e+09 | E16: =+C16-D16 -> -53.24
A17: 18 | B17: UNIÓN TEMPORAL SERVILAOS 2022 | C17: 1665733115 | D17: =+'oferta 18'!F25 -> 1.6657331e+09 | E17: =+C17-D17 -> 0.12900496
A18: 19 | B18: UNION TEMPORAL FS TUNJA | C18: 1699259474 | D18: =+'oferta 19'!F25 -> 1.6992595e+09 | E18: =+C18-D18 -> -0.36950016
A19: 20 | B19: TP - PROTECCIÓN UNION TEMPORAL | C19: 1694843286 | D19: =+'oferta 20'!F25 -> 1694843286 | E19: =+C19-D19 -> 0
A20: 21 | B20: SEGURIDAD NAPOLES LTDA. | C20: 1681995466 | D20: =+'oferta 21'!F25 -> 1.6819955e+09 | E20: =+C20-D20 -> 0.039999962
A21: 22 | B21: UNIÓN TEMPORAL CODEL 2022 | C21: 1675138834 | D21: =+'oferta 22'!F25 -> 1.6751388e+09 | E21: =+C21-D21 -> 1.1999998
A22: 23 | B22: UNIÓN TEMPORAL SEPETEDAC RM TUNJA | C22: 1688879396 | D22: =+'oferta 23'!F25 -> 1.6888794e+09 | E22: =+C22-D22 -> 0.11999989
A23: 24 | B23: UT PA 2022 | C23: 1687677708 | D23: =+'oferta 24'!E35 -> 1687677708 | E23: =+C23-D23 -> 0
A24: 25 | B24: SEGURIDAD TREBOL LTDA. | C24: 1676205638 | D24: =+'oferta 25'!F25 -> 1.6762056e+09 | E24: =+C24-D24 -> 25.28896
A25: 26 | B25: UT AM SEGURIDAD | C25: 1651139329 | D25: =+'oferta 26'!F25 -> 1.6511393e+09 | E25: =+C25-D25 -> 0.2731998
A26: 27 | B26: UNION TEMPORAL 2022 OB | C26: 1708546803 | D26: =+'oferta 27'!F25 -> 1.7085468e+09 | E26: =+C26-D26 -> -0.045600176
A27: 28 | B27: SEGURIDAD NUEVA ERA LTDA | C27: 1437082748 | D27: =+'oferta 28 r'!F25 -> 1.4665169e+09 | E27: =+C27-D27 -> -29434198
A28: 29 | B28: UNION TEMPORAL A1V 2022 | C28: 1684137648 | D28: =+'oferta 29'!F25 -> 1.6841377e+09 | E28: =+C28-D28 -> -50.27328

Sheet oferta 1
A1: VIGENCIA 2022
A2: ÍTEM | B2: DESCRIPCION DEL SERVICIO A CONTRATAR | C2: No. DE SERVICIOS A CONTRATAR | D2: VALOR UNITARIO POR MES, INCLUIDO AYS E IMPUESTOS | E2: TIEMPO DE EJECUCION AÑO 2022 | F2: VALOR SUB TOTAL AÑO 2022 SERVICIOS
A3: 1 | B3: ( A ) | C3: ( B ) | D3: ( C ) | E3: ( D ) | F3: ( E ) = ( B ) * ( C ) * ( D )
A4: 2 | B4: Servicio de vigilancia física con medio humano, con arma y medio de comunicación, con jornada laboral 24 horas, permanente de Lunes a Domingo | C4: 19 | D4: 9864633 | E4: 1 | F4: =C4*D4*E4 -> 187428027
A5: 3 | B5: Servicio de vigilancia física con medio humano, con arma y medio de comunicación, con jornada laboral 12 horas diurnas de lunes a viernes sin incluir festivos | C5: 12 | D5: 2944683 | E5: 1 | F5: =C5*D5*E5 -> 35336196
A6: 4 | B6: Servicio de vigilancia física con medio humano, sin arma y medio de comunicación, con jornada laboral 12 horas diurnas de lunes a viernes sin incluir festivos | C6: 6 | D6: 2891148 | E6: 1 | F6: =C6*D6*E6 -> 17346888
A7: 5 | B7: VALOR SUB TOTAL VIGENCIA 2022 (Sumatoria Ítems 2, 3 y 4) | F7: =SUM(F4:F6) -> 240111111 | G7: =+IF(GESTEP(F7,240102770),"cumple","no cumple") -> cumple
A8: 6 | B8: Elementos Adicionales y Servicios Tecnológicos año 2022 | C8: VALOR POR MES | E8: TIEMPO DE EJECUCION AÑO 2022 (Noviembre y Diciembre) | F8: VALOR SUB TOTAL AÑO 2022 SERVICIOS ADICIONALES
A9: 7 | B9: ( F ) | C9: ( G ) | E9: ( H ) | F9: ( I ) = ( G ) * ( H )
A10: 8 | B10: Elementos Adicionales y Servicios Tecnológicos según anexo | C10: 7350000 | E10: 1 | F10: =C10*E10 -> 7350000
A11: 9 | B11: VALOR SUB TOTAL SERVICIOS ADICIONALES VIGENCIA 2022 (Ítem 8) | F11: 7350000 | G11: =+IF(GESTEP(F11,7350000),"cumple","no cumple") -> cumple
A12: 10 | B12: TOTAL, VIGENCIA 2022 (Sumatoria Ítems 5 y 9) | F12: =F7+F11 -> 247461111 | G12: =+IF(F12<256580747,"cumple","no cumple") -> cumple
A13: VIGENCIA 2023
A14: 11 | B14: DESCRIPCION DEL SERVICIO A CONTRATAR | C14: No. DE SERVICIOS A CONTRATAR | D14: VALOR UNITARIO POR MES, INCLUIDO AYS E IMPUESTOS (Tener en cuenta incremento del 4.3% para el año 2023) | E14: TIEMPO DE EJECUCION AÑO 2023 (Enero a 13 de mayo) | F14: VALOR SUB TOTAL AÑO 2023 SERVICIOS
A15: 12 | B15: ( J ) | C15: ( K ) | D15: ( L ) | E15: ( M ) | F15: ( N ) = ( K ) * ( L ) * ( M )
A16: 13 | B16: Servicio de vigilancia física con medio humano, con arma y medio de comunicación, con jornada laboral 24 horas, permanente de Lunes a Domingo | C16: 19 | D16: 10288800 | E16: 5.44 | F16: =C16*D16*E16 -> 1.0634504e+09
A17: 14 | B17: Servicio de vigilancia física con medio humano, con arma y medio de comunicación, con jornada laboral 12 horas diurnas de lunes a viernes sin incluir festivos | C17: 12 | D17: 3071300 | E17: 5.44 | F17: =C17*D17*E17 -> 200494464
A18: 15 | B18: Servicio de vigilancia física con medio humano, sin arma y medio de comunicación, con jornada laboral 12 horas diurnas de lunes a viernes sin incluir festivos | C18: 6 | D18: 3015400 | E18: 5.44 | F18: =C18*D18*E18 -> 98422656
A19: 16 | B19: VALOR SUB TOTAL VIGENCIA 2023 (Sumatoria Ítems 13, 14 y 15) | F19: =SUM(F16:F18) -> 1362367488 | G19: =+IF(F19<1451966056,"cumple","no cumple") -> cumple
A20: 17 | B20: Elementos Adicionales y Servicios Tecnológicos año 2023 | C20: VALOR POR MES | E20: TIEMPO DE EJECUCION AÑO 2023 (Enero a 13 de mayo) | F20: VALOR SUB TOTAL AÑO 2023 SERVICIOS ADICIONALES
A21: 18 | B21: ( O ) | C21: ( P ) | E21: ( Q ) | F21: ( R ) = ( P ) * ( Q )
A22: 19 | B22: Elementos Adicionales y Servicios Tecnológicos | C22: 7350000 | E22: 5.44 | F22: =C22*E22 -> 39984000 | G22: =+IF(GESTEP(F22,39984000),"cumple","no cumple") -> cumple
A23: 20 | B23: VALOR SUB TOTAL SERVICIOS ADICIONALES VIGENCIA 2023 (Ítem 19) | F23: =F22 -> 39984000
A24: 21 | B24: TOTAL, VIGENCIA 2023 (Sumatoria Ítems 16 y 20) | F24: =F19+F23 -> 1402351488
A25: 22 | B25: TOTAL, PROPUESTA ECONOMICA VIGENCIAS 2022 Y 2023 (Sumatoria Ítems 10 y 21) | F25: =F12+F24 -> 1649812599

Sheet oferta 2
A1: VIGENCIA 2022
A2: ÍTEM | B2: DESCRIPCION DEL SERVICIO A CONTRATAR | C2: No. DE SERVICIOS A CONTRATAR | D2: VALOR UNITARIO POR MES, INCLUIDO AYS E IMPUESTOS | E2: TIEMPO DE EJECUCION AÑO 2022 | F2: VALOR SUB TOTAL AÑO 2022 SERVICIOS
A3: 1 | B3: ( A ) | C3: ( B ) | D3: ( C ) | E3: ( D ) | F3: ( E ) = ( B ) * ( C ) * ( D )
A4: 2 | B4: Servicio de vigilancia física con medio humano, con arma y medio de comunicación, con jornada laboral 24 horas, permanente de Lunes a Domingo | C4: 19 | D4: =((8800000*1.1)*1.019)+700 -> 9864620 | E4: 1 | F4: =C4*D4*E4 -> 187427780
A5: 3 | B5: Servicio de vigilancia física con medio humano, con arma y medio de comunicación, con jornada laboral 12 horas diurnas de lunes a viernes sin incluir festivos | C5: 12 | D5: =(((((((8800000*1.1)*1.019)+700)*55.97%)/15)*12)/30)*20 -> 2944654.8 | E5: 1 | F5: =C5*D5*E5 -> 35335858
A6: 4 | B6: Servicio de vigilancia física con medio humano, sin arma y medio de comunicación, con jornada laboral 12 horas diurnas de lunes a viernes sin incluir festivos | C6: 6 | D6: =(((((((8800000*1.08)*1.019)+700)*55.97%)/15)*12)/30)*20 -> 2891119.5 | E6: 1 | F6: =C6*D6*E6 -> 17346717
A7: 5 | B7: VALOR SUB TOTAL VIGENCIA 2022 (Sumatoria Ítems 2, 3 y 4) | F7: =SUM(F4:F6) -> 2.4011035e+08 | G7: =+IF(GESTEP(F7,240102770),"cumple","no cumple") -> cumple
A8: 6 | B8: Elementos Adicionales y Servicios Tecnológicos año 2022 | C8: VALOR POR MES | E8: TIEMPO DE EJECUCION AÑO 2022 (Noviembre y Diciembre) | F8: VALOR SUB TOTAL AÑO 2022 SERVICIOS ADICIONALES
A9: 7 | B9: ( F ) | C9: ( G ) | E9: ( H ) | F9: ( I ) = ( G ) * ( H )
A10: 8 | B10: Elementos Adicionales y Servicios Tecnológicos según anexo | C10: ='[1]ANEXO 3,1,'!E17 -> 12308900 | E10: 1 | F10: =C10*E10 -> 12308900 | G10: =+IF(GESTEP(F10,7350000),"cumple","no cumple") -> cumple
A11: 9 | B11: VALOR SUB TOTAL SERVICIOS ADICIONALES VIGENCIA 2022 (Ítem 8) | F11: =F10 -> 12308900
A12: 10 | B12: TOTAL, VIGENCIA 2022 (Sumatoria Ítems 5 y 9) | F12: =F7+F11 -> 2.5241925e+08 | G12: =+IF(F12<256580747,"cumple","no cumple") -> cumple
A13: VIGENCIA 2023
A14: 11 | B14: DESCRIPCION DEL SERVICIO A CONTRATAR | C14: No. DE SERVICIOS A CONTRATAR | D14: VALOR UNITARIO POR MES, INCLUIDO AYS E IMPUESTOS (Tener en cuenta incremento del 4.3% para el año 2023) | E14: TIEMPO DE EJECUCION AÑO 2023 (Enero a 13 de mayo) | F14: VALOR SUB TOTAL AÑO 2023 SERVICIOS
A15: 12 | B15: ( J ) | C15: ( K ) | D15: ( L ) | E15: ( M ) | F15: ( N ) = ( K ) * ( L ) * ( M )
A16: 13 | B16: Servicio de vigilancia física con medio humano, con arma y medio de comunicación, con jornada laboral 24 horas, permanente de Lunes a Domingo | C16: 19 | D16: =(((8800000*1.1)*1.019)+700)*1.043 -> 10288799 | E16: 5.44 | F16: =C16*D16*E16 -> 1.0634502e+09
A17: 14 | B17: Servicio de vigilancia física con medio humano, con arma y medio de comunicación, con jornada laboral 12 horas diurnas de lunes a viernes sin incluir festivos | C17: 12 | D17: =((((((((8800000*1.1)*1.019)+700)*55.97%)/15)*12)/30)*20)*1.043 -> 3071275 | E17: 5.44 | F17: =C17*D17*E17 -> 2.0049283e+08
A18: 15 | B18: Servicio de vigilancia física con medio humano, sin arma y medio de comunicación, con jornada laboral 12 horas diurnas de lunes a viernes sin incluir festivos | C18: 6 | D18: =((((((((8800000*1.08)*1.019)+700)*55.97%)/15)*12)/30)*20)*1.043 -> 3015437.6 | E18: 5.44 | F18: =C18*D18*E18 -> 98423883
A19: 16 | B19: VALOR SUB TOTAL VIGENCIA 2023 (Sumatoria Ítems 13, 14 y 15) | F19: =SUM(F16:F18) -> 1.3623669e+09 | G19: =+IF(F19<1451966056,"cumple","no cumple") -> cumple
A20: 17 | B20: Elementos Adicionales y Servicios Tecnológicos año 2023 | C20: VALOR POR MES | E20: TIEMPO DE EJECUCION AÑO 2023 (Enero a 13 de mayo) | F20: VALOR SUB TOTAL AÑO 2023 SERVICIOS ADICIONALES
A21: 18 | B21: ( O ) | C21: ( P ) | E21: ( Q ) | F21: ( R ) = ( P ) * ( Q )
A22: 19 | B22: Elementos Adicionales y Servicios Tecnológicos | C22: ='[1]ANEXO 3,1,'!I17/5.44 -> 12308900 | E22: 5.44 | F22: =C22*E22 -> 66960416 | G22: =+IF(GESTEP(F22,39984000),"cumple","no cumple") -> cumple
A23: 20 | B23: VALOR SUB TOTAL SERVICIOS ADICIONALES VIGENCIA 2023 (Ítem 19) | F23: =F22 -> 66960416
A24: 21 | B24: TOTAL, VIGENCIA 2023 (Sumatoria Ítems 16 y 20) | F24: =F19+F23 -> 1.4293274e+09
A25: 22 | B25: TOTAL, PROPUESTA ECONOMICA VIGENCIAS 2022 Y 2023 (Sumatoria Ítems 10 y 21) | F25: =F12+F24 -> 1.6817466e+09

Sheet oferta 3
A1: VIGENCIA 2022
A2: ÍTEM | B2: DESCRIPCION DEL SERVICIO A CONTRATAR | C2: No. DE SERVICIOS A CONTRATAR | D2: VALOR UNITARIO POR MES, INCLUIDO AYS E IMPUESTOS | E2: TIEMPO DE EJECUCION AÑO 2022 | F2: VALOR SUB TOTAL AÑO 2022 SERVICIOS
A3: 1 | B3: ( A ) | C3: ( B ) | D3: ( C ) | E3: ( D ) | F3: ( E ) = ( B ) * ( C ) * ( D )
A4: 2 | B4: Servicio de vigilancia física con medio humano, con arma y medio de comunicación, con jornada laboral 24 horas, permanente de Lunes a Domingo | C4: 19 | D4: 9864200 | E4: 1 | F4: =D4*C4 -> 187419800
A5: 3 | B5: Servicio de vigilancia física con medio humano, con arma y medio de comunicación, con jornada laboral 12 horas diurnas de lunes a viernes sin incluir festivos | C5: 12 | D5: =2944684 -> 2944684 | E5: 1 | F5: =D5*C5 -> 35336208
A6: 4 | B6: Servicio de vigilancia física con medio humano, sin arma y medio de comunicación, con jornada laboral 12 horas diurnas de lunes a viernes sin incluir festivos | C6: 6 | D6: 2891149 | E6: 1 | F6: =D6*C6 -> 17346894
A7: 5 | B7: VALOR SUB TOTAL VIGENCIA 2022 (Sumatoria Ítems 2, 3 y 4) | F7: =SUM(F4:F6) -> 240102902 | G7: =+IF(GESTEP(F7,240102770),"cumple","no cumple") -> cumple
A8: 6 | B8: Elementos Adicionales y Servicios Tecnológicos año 2022 | C8: VALOR POR MES | E8: TIEMPO DE EJECUCION AÑO 2022 (Noviembre y Diciembre) | F8: VALOR SUB TOTAL AÑO 2022 SERVICIOS ADICIONALES
A9: 7 | B9: ( F ) | C9: ( G ) | E9: ( H ) | F9: ( I ) = ( G ) * ( H )
A10: 8 | B10: Elementos Adicionales y Servicios Tecnológicos según anexo | C10: ='[2]ANEXO 3,1,'!E17 -> 13110963 | E10: 1 | F10: =C10*E10 -> 13110963 | G10: =+IF(GESTEP(F10,7350000),"cumple","no cumple") -> cumple
A11: 9 | B11: VALOR SUB TOTAL SERVICIOS ADICIONALES VIGENCIA 2022 (Ítem 8) | F11: =F10 -> 13110963
A12: 10 | B12: TOTAL, VIGENCIA 2022 (Sumatoria Ítems 5 y 9) | F12: =F11+F7 -> 253213865 | G12: =+IF(F12<256580747,"cumple","no cumple") -> cumple
A13: VIGENCIA 2023
A14: 11 | B14: DESCRIPCION DEL SERVICIO A CONTRATAR | C14: No. DE SERVICIOS A CONTRATAR | D14: VALOR UNITARIO POR MES, INCLUIDO AYS E IMPUESTOS (Tener en cuenta incremento del 4.3% para el año 2023) | E14: TIEMPO DE EJECUCION AÑO 2023 (Enero a 13 de mayo) | F14: VALOR SUB TOTAL AÑO 2023 SERVICIOS
A15: 12 | B15: ( J ) | C15: ( K ) | D15: ( L ) | E15: ( M ) | F15: ( N ) = ( K ) * ( L ) * ( M )
A16: 13 | B16: Servicio de vigilancia física con medio humano, con arma y medio de comunicación, con jornada laboral 24 horas, permanente de Lunes a Domingo | C16: 19 | D16: =D4*1.043 -> 10288361 | E16: 5.44 | F16: =ROUND((C16*D16*E16),0) -> 1063404952
A17: 14 | B17: Servicio de vigilancia física con medio humano, con arma y medio de comunicación, con jornada laboral 12 horas diurnas de lunes a viernes sin incluir festivos | C17: 12 | D17: =D5*1.043 -> 3071305.4 | E17: 5.44 | F17: =ROUND((C17*D17*E17),0) -> 200494817
A18: 15 | B18: Servicio de vigilancia física con medio humano, sin arma y medio de comunicación, con jornada laboral 12 horas diurnas de lunes a viernes sin incluir festivos | C18: 6 | D18: =D6*1.043 -> 3015468.4 | E18: 5.44 | F18: =ROUND((C18*D18*E18),0) -> 98424889
A19: 16 | B19: VALOR SUB TOTAL VIGENCIA 2023 (Sumatoria Ítems 13, 14 y 15) | F19: =SUM(F16:F18) -> 1362324658 | G19: =+IF(F19<1451966056,"cumple","no cumple") -> cumple
A20: 17 | B20: Elementos Adicionales y Servicios Tecnológicos año 2023 | C20: VALOR POR MES | E20: TIEMPO DE EJECUCION AÑO 2023 (Enero a 13 de mayo) | F20: VALOR SUB TOTAL AÑO 2023 SERVICIOS ADICIONALES
A21: 18 | B21: ( O ) | C21: ( P ) | E21: ( Q ) | F21: ( R ) = ( P ) * ( Q )
A22: 19 | B22: Elementos Adicionales y Servicios Tecnológicos | C22: =C10 -> 13110963 | E22: 5.44 | F22: =ROUND((C22*E22),0) -> 71323639 | G22: =+IF(GESTEP(F22,39984000),"cumple","no cumple") -> cumple
A23: 20 | B23: VALOR SUB TOTAL SERVICIOS ADICIONALES VIGENCIA 2023 (Ítem 19) | F23: =F22 -> 71323639
A24: 21 | B24: TOTAL, VIGENCIA 2023 (Sumatoria Ítems 16 y 20) | F24: =F23+F19 -> 1433648297
A25: 22 | B25: TOTAL, PROPUESTA ECONOMICA VIGENCIAS 2022 Y 2023 (Sumatoria Ítems 10 y 21) | F25: =F24+F12 -> 1686862162

Sheet oferta 4
A1: VIGENCIA 2022
A2: ÍTEM | B2: DESCRIPCION DEL SERVICIO A CONTRATAR | C2: No. DE SERVICIOS A CONTRATAR | D2: VALOR UNITARIO POR MES, INCLUIDO AYS E IMPUESTOS | E2: TIEMPO DE EJECUCION AÑO 2022 | F2: VALOR SUB TOTAL AÑO 2022 SERVICIOS
A3: 1 | B3: ( A ) | C3: ( B ) | D3: ( C ) | E3: ( D ) | F3: ( E ) = ( B ) * ( C ) * ( D )
A4: 2 | B4: Servicio de vigilancia física con medio humano, con arma y medio de comunicación, con jornada laboral 24 horas, permanente de Lunes a Domingo | C4: 19 | D4: 9173446 | E4: 1 | F4: =D4*C4 -> 174295474
A5: 3 | B5: Servicio de vigilancia física con medio humano, con arma y medio de comunicación, con jornada laboral 12 horas diurnas de lunes a viernes sin incluir festivos | C5: 12 | D5: 2738335 | E5: 1 | F5: =D5*C5 -> 32860020
A6: 4 | B6: Servicio de vigilancia física con medio humano, sin arma y medio de comunicación, con jornada laboral 12 horas diurnas de lunes a viernes sin incluir festivos | C6: 6 | D6: 2688547 | E6: 1 | F6: =D6*C6 -> 16131282
A7: 5 | B7: VALOR SUB TOTAL VIGENCIA 2022 (Sumatoria Ítems 2, 3 y 4) | F7: =SUM(F4:F6) -> 223286776 | G7: =+IF(GESTEP(F7,240102770),"cumple","no cumple") -> no cumple
A8: 6 | B8: Elementos Adicionales y Servicios Tecnológicos año 2022 | C8: VALOR POR MES | E8: TIEMPO DE EJECUCION AÑO 2022 (Noviembre y Diciembre) | F8: VALOR SUB TOTAL AÑO 2022 SERVICIOS ADICIONALES
A9: 7 | B9: ( F ) | C9: ( G ) | E9: ( H ) | F9: ( I ) = ( G ) * ( H )
A10: 8 | B10: Elementos Adicionales y Servicios Tecnológicos según anexo | C10: 7350000 | E10: 1 | F10: =C10*E10 -> 7350000 | G10: =+IF(GESTEP(F10,7350000),"cumple","no cumple") -> cumple
A11: 9 | B11: VALOR SUB TOTAL SERVICIOS ADICIONALES VIGENCIA 2022 (Ítem 8) | F11: =F10 -> 7350000
A12: 10 | B12: TOTAL, VIGENCIA 2022 (Sumatoria Ítems 5 y 9) | F12: =F11+F7 -> 230636776 | G12: =+IF(F12<256580747,"cumple","no cumple") -> cumple
A13: VIGENCIA 2023
A14: 11 | B14: DESCRIPCION DEL SERVICIO A CONTRATAR | C14: No. DE SERVICIOS A CONTRATAR | D14: VALOR UNITARIO POR MES, INCLUIDO AYS E IMPUESTOS (Tener en cuenta incremento del 4.3% para el año 2023) | E14: TIEMPO DE EJECUCION AÑO 2023 (Enero a 13 de mayo) | F14: VALOR SUB TOTAL AÑO 2023 SERVICIOS
A15: 12 | B15: ( J ) | C15: ( K ) | D15: ( L ) | E15: ( M ) | F15: ( N ) = ( K ) * ( L ) * ( M )
A16: 13 | B16: Servicio de vigilancia física con medio humano, con arma y medio de comunicación, con jornada laboral 24 horas, permanente de Lunes a Domingo | C16: 19 | D16: =D4*1.043 -> 9567904.2 | E16: 5.44 | F16: =ROUND((C16*D16*E16),0) -> 988938576
A17: 14 | B17: Servicio de vigilancia física con medio humano, con arma y medio de comunicación, con jornada laboral 12 horas diurnas de lunes a viernes sin incluir festivos | C17: 12 | D17: =D5*1.043 -> 2856083.4 | E17: 5.44 | F17: =ROUND((C17*D17*E17),0) -> 186445125
A18: 15 | B18: Servicio de vigilancia física con medio humano, sin arma y medio de comunicación, con jornada laboral 12 horas diurnas de lunes a viernes sin incluir festivos | C18: 6 | D18: =D6*1.043 -> 2804154.5 | E18: 5.44 | F18: =ROUND((C18*D18*E18),0) -> 91527604
A19: 16 | B19: VALOR SUB TOTAL VIGENCIA 2023 (Sumatoria Ítems 13, 14 y 15) | F19: =SUM(F16:F18) -> 1266911305 | G19: =+IF(F19<1451966056,"cumple","no cumple") -> cumple
A20: 17 | B20: Elementos Adicionales y Servicios Tecnológicos año 2023 | C20: VALOR POR MES | E20: TIEMPO DE EJECUCION AÑO 2023 (Enero a 13 de mayo) | F20: VALOR SUB TOTAL AÑO 2023 SERVICIOS ADICIONALES
A21: 18 | B21: ( O ) | C21: ( P ) | E21: ( Q ) | F21: ( R ) = ( P ) * ( Q )
A22: 19 | B22: Elementos Adicionales y Servicios Tecnológicos | C22: =C10 -> 7350000 | E22: 5.44 | F22: =ROUND((C22*E22),0) -> 39984000 | G22: =+IF(GESTEP(F22,39984000),"cumple","no cumple") -> cumple
A23: 20 | B23: VALOR SUB TOTAL SERVICIOS ADICIONALES VIGENCIA 2023 (Ítem 19) | F23: =F22 -> 39984000
A24: 21 | B24: TOTAL, VIGENCIA 2023 (Sumatoria Ítems 16 y 20) | F24: =F23+F19 -> 1306895305
A25: 22 | B25: TOTAL, PROPUESTA ECONOMICA VIGENCIAS 2022 Y 2023 (Sumatoria Ítems 10 y 21) | F25: =F24+F12 -> 1537532081

Sheet oferta 5
A1: VIGENCIA 2022
A2: ÍTEM | B2: DESCRIPCION DEL SERVICIO A CONTRATAR | C2: No. DE SERVICIOS A CONTRATAR | D2: VALOR UNITARIO POR MES, INCLUIDO AYS E IMPUESTOS | E2: TIEMPO DE EJECUCION AÑO 2022 | F2: VALOR SUB TOTAL AÑO 2022 SERVICIOS
A3: 1 | B3: ( A ) | C3: ( B ) | D3: ( C ) | E3: ( D ) | F3: ( E ) = ( B ) * ( C ) * ( D )
A4: 2 | B4: Servicio de vigilancia física con medio humano, con arma y medio de comunicación, con jornada laboral 24 horas, permanente de Lunes a Domingo | C4: 19 | D4: =ROUND(9864633.3,0) -> 9864633 | E4: 1 | F4: =(C4*D4)*E4 -> 187428027
A5: 3 | B5: Servicio de vigilancia física con medio humano, con arma y medio de comunicación, con jornada laboral 12 horas diurnas de lunes a viernes sin incluir festivos | C5: 12 | D5: =ROUND(2944684.67,0) -> 2944685 | E5: 1 | F5: =(C5*D5)*E5 -> 35336220
A6: 4 | B6: Servicio de vigilancia física con medio humano, sin arma y medio de comunicación, con jornada laboral 12 horas diurnas de lunes a viernes sin incluir festivos | C6: 6 | D6: =ROUND(2891148.27,0) -> 2891148 | E6: 1 | F6: =(C6*D6)*E6 -> 17346888
A7: 5 | B7: VALOR SUB TOTAL VIGENCIA 2022 (Sumatoria Ítems 2, 3 y 4) | F7: =SUM(F4:F6) -> 240111135 | G7: =+IF(GESTEP(F7,240102770),"cumple","no cumple") -> cumple
A8: 6 | B8: Elementos Adicionales y Servicios Tecnológicos año 2022 | C8: VALOR POR MES | E8: TIEMPO DE EJECUCION AÑO 2022 (Noviembre y Diciembre) | F8: VALOR SUB TOTAL AÑO 2022 SERVICIOS ADICIONALES
A9: 7 | B9: ( F ) | C9: ( G ) | E9: ( H ) | F9: ( I ) = ( G ) * ( H )
A10: 8 | B10: Elementos Adicionales y Servicios Tecnológicos según anexo | C10: ='[3]ANEXO 3,1,'!E17 -> 11291573 | E10: 1 | F10: =C10*E10 -> 11291573 | G10: =+IF(GESTEP(F10,7350000),"cumple","no cumple") -> cumple
A11: 9 | B11: VALOR SUB TOTAL SERVICIOS ADICIONALES VIGENCIA 2022 (Ítem 8) | F11: =SUM(F10) -> 11291573
A12: 10 | B12: TOTAL, VIGENCIA 2022 (Sumatoria Ítems 5 y 9) | F12: =F7+F11 -> 251402708 | G12: =+IF(F12<256580747,"cumple","no cumple") -> cumple
A13: VIGENCIA 2023
A14: 11 | B14: DESCRIPCION DEL SERVICIO A CONTRATAR | C14: No. DE SERVICIOS A CONTRATAR | D14: VALOR UNITARIO POR MES, INCLUIDO AYS E IMPUESTOS (Tener en cuenta incremento del 4.3% para el año 2023) | E14: TIEMPO DE EJECUCION AÑO 2023 (Enero a 13 de mayo) | F14: VALOR SUB TOTAL AÑO 2023 SERVICIOS
A15: 12 | B15: ( J ) | C15: ( K ) | D15: ( L ) | E15: ( M ) | F15: ( N ) = ( K ) * ( L ) * ( M )
A16: 13 | B16: Servicio de vigilancia física con medio humano, con arma y medio de comunicación, con jornada laboral 24 horas, permanente de Lunes a Domingo | C16: 19 | D16: =ROUND(D4*4.3%+D4,0) -> 10288812 | E16: 5.44 | F16: =ROUND((C16*D16)*E16,0) -> 1063451608
A17: 14 | B17: Servicio de vigilancia física con medio humano, con arma y medio de comunicación, con jornada laboral 12 horas diurnas de lunes a viernes sin incluir festivos | C17: 12 | D17: =ROUND(D5*4.3%+D5,0) -> 3071306 | E17: 5.44 | F17: =ROUND((C17*D17)*E17,0) -> 200494856
A18: 15 | B18: Servicio de vigilancia física con medio humano, sin arma y medio de comunicación, con jornada laboral 12 horas diurnas de lunes a viernes sin incluir festivos | C18: 6 | D18: =ROUND(D6*4.3%+D6,0) -> 3015467 | E18: 5.44 | F18: =ROUND((C18*D18)*E18,0) -> 98424843
A19: 16 | B19: VALOR SUB TOTAL VIGENCIA 2023 (Sumatoria Ítems 13, 14 y 15) | F19: =SUM(F16:F18) -> 1362371307 | G19: =+IF(F19<1451966056,"cumple","no cumple") -> cumple
A20: 17 | B20: Elementos Adicionales y Servicios Tecnológicos año 2023 | C20: VALOR POR MES | E20: TIEMPO DE EJECUCION AÑO 2023 (Enero a 13 de mayo) | F20: VALOR SUB TOTAL AÑO 2023 SERVICIOS ADICIONALES
A21: 18 | B21: ( O ) | C21: ( P ) | E21: ( Q ) | F21: ( R ) = ( P ) * ( Q )
A22: 19 | B22: Elementos Adicionales y Servicios Tecnológicos | C22: =C10 -> 11291573 | E22: 5.44 | F22: =ROUND(C22*E22,0) -> 61426157 | G22: =+IF(GESTEP(F22,39984000),"cumple","no cumple") -> cumple
A23: 20 | B23: VALOR SUB TOTAL SERVICIOS ADICIONALES VIGENCIA 2023 (Ítem 19) | F23: =F22 -> 61426157
A24: 21 | B24: TOTAL, VIGENCIA 2023 (Sumatoria Ítems 16 y 20) | F24: =F19+F23 -> 1423797464
A25: 22 | B25: TOTAL, PROPUESTA ECONOMICA VIGENCIAS 2022 Y 2023 (Sumatoria Ítems 10 y 21) | F25: =F12+F24 -> 1675200172

Sheet oferta 6
A1: VIGENCIA 2022
A2: ÍTEM | B2: DESCRIPCION DEL SERVICIO A CONTRATAR | C2: No. DE SERVICIOS A CONTRATAR | D2: VALOR UNITARIO POR MES, INCLUIDO AYS E IMPUESTOS | E2: TIEMPO DE EJECUCION AÑO 2022 | F2: VALOR SUB TOTAL AÑO 2022 SERVICIOS
A3: 1 | B3: ( A ) | C3: ( B ) | D3: ( C ) | E3: ( D ) | F3: ( E ) = ( B ) * ( C ) * ( D )
A4: 2 | B4: Servicio de vigilancia física con medio humano, con arma y medio de comunicación, con jornada laboral 24 horas, permanente de Lunes a Domingo | C4: 19 | D4: 9864633.3 | E4: 1 | F4: =C4*D4*E4 -> 1.8742803e+08
A5: 3 | B5: Servicio de vigilancia física con medio humano, con arma y medio de comunicación, con jornada laboral 12 horas diurnas de lunes a viernes sin incluir festivos | C5: 12 | D5: 2944683.7 | E5: 1 | F5: =C5*D5*E5 -> 35336204
A6: 4 | B6: Servicio de vigilancia física con medio humano, sin arma y medio de comunicación, con jornada laboral 12 horas diurnas de lunes a viernes sin incluir festivos | C6: 6 | D6: 2891148.3 | E6: 1 | F6: =C6*D6*E6 -> 17346890
A7: 5 | B7: VALOR SUB TOTAL VIGENCIA 2022 (Sumatoria Ítems 2, 3 y 4) | F7: =SUM(F4:F6) -> 2.4011113e+08 | G7: =+IF(GESTEP(F7,240102770),"cumple","no cumple") -> cumple
A8: 6 | B8: Elementos Adicionales y Servicios Tecnológicos año 2022 | C8: VALOR POR MES | E8: TIEMPO DE EJECUCION AÑO 2022 (Noviembre y Diciembre) | F8: VALOR SUB TOTAL AÑO 2022 SERVICIOS ADICIONALES
A9: 7 | B9: ( F ) | C9: ( G ) | E9: ( H ) | F9: ( I ) = ( G ) * ( H )
A10: 8 | B10: Elementos Adicionales y Servicios Tecnológicos según anexo | C10: 16469620 | E10: 1 | F10: =E10*C10 -> 16469620 | G10: =+IF(GESTEP(F10,7350000),"cumple","no cumple") -> cumple
A11: 9 | B11: VALOR SUB TOTAL SERVICIOS ADICIONALES VIGENCIA 2022 (Ítem 8) | F11: =F10 -> 16469620
A12: 10 | B12: TOTAL, VIGENCIA 2022 (Sumatoria Ítems 5 y 9) | F12: =F11+F7 -> 2.5658075e+08 | G12: =+IF(F12<256580747,"cumple","no cumple") -> cumple
A13: VIGENCIA 2023
A14: 11 | B14: DESCRIPCION DEL SERVICIO A CONTRATAR | C14: No. DE SERVICIOS A CONTRATAR | D14: VALOR UNITARIO POR MES, INCLUIDO AYS E IMPUESTOS (Tener en cuenta incremento del 4.3% para el año 2023) | E14: TIEMPO DE EJECUCION AÑO 2023 (Enero a 13 de mayo) | F14: VALOR SUB TOTAL AÑO 2023 SERVICIOS
A15: 12 | B15: ( J ) | C15: ( K ) | D15: ( L ) | E15: ( M ) | F15: ( N ) = ( K ) * ( L ) * ( M )
A16: 13 | B16: Servicio de vigilancia física con medio humano, con arma y medio de comunicación, con jornada laboral 24 horas, permanente de Lunes a Domingo | C16: 19 | D16: =D4*104.3% -> 10288813 | E16: 5.44 | F16: =C16*D16*5.44 -> 1.0634517e+09
A17: 14 | B17: Servicio de vigilancia física con medio humano, con arma y medio de comunicación, con jornada laboral 12 horas diurnas de lunes a viernes sin incluir festivos | C17: 12 | D17: =D5*104.3% -> 3071305.1 | E17: 5.44 | F17: =C17*D17*5.44 -> 2.0049479e+08
A18: 15 | B18: Servicio de vigilancia física con medio humano, sin arma y medio de comunicación, con jornada laboral 12 horas diurnas de lunes a viernes sin incluir festivos | C18: 6 | D18: =D6*104.3% -> 3015467.6 | E18: 5.44 | F18: =C18*D18*5.44 -> 98424864
A19: 16 | B19: VALOR SUB TOTAL VIGENCIA 2023 (Sumatoria Ítems 13, 14 y 15) | F19: =SUM(F16:F18) -> 1.3623713e+09 | G19: =+IF(F19<1451966056,"cumple","no cumple") -> cumple
A20: 17 | B20: Elementos Adicionales y Servicios Tecnológicos año 2023 | C20: VALOR POR MES | E20: TIEMPO DE EJECUCION AÑO 2023 (Enero a 13 de mayo) | F20: VALOR SUB TOTAL AÑO 2023 SERVICIOS ADICIONALES
A21: 18 | B21: ( O ) | C21: ( P ) | E21: ( Q ) | F21: ( R ) = ( P ) * ( Q )
A22: 19 | B22: Elementos Adicionales y Servicios Tecnológicos | C22: =C10 -> 16469620 | E22: 5.44 | F22: =C22*5.44 -> 89594735 | G22: =+IF(GESTEP(F22,39984000),"cumple","no cumple") -> cumple
A23: 20 | B23: VALOR SUB TOTAL SERVICIOS ADICIONALES VIGENCIA 2023 (Ítem 19) | F23: =F22 -> 89594735
A24: 21 | B24: TOTAL, VIGENCIA 2023 (Sumatoria Ítems 16 y 20) | F24: =F23+F19 -> 1.4519661e+09
A25: 22 | B25: TOTAL, PROPUESTA ECONOMICA VIGENCIAS 2022 Y 2023 (Sumatoria Ítems 10 y 21) | F25: =ROUND(1708546803.32,0) -> 1708546803
G37: 30000
G38: 11758
G39: =+G37*G38 -> 352740000

Sheet oferta 7
A1: VIGENCIA 2022
A2: ÍTEM | B2: DESCRIPCION DEL SERVICIO A CONTRATAR | C2: No. DE SERVICIOS A CONTRATAR | D2: VALOR UNITARIO POR MES, INCLUIDO AYS E IMPUESTOS | E2: TIEMPO DE EJECUCION AÑO 2022 | F2: VALOR SUB TOTAL AÑO 2022 SERVICIOS
A3: 1 | B3: ( A ) | C3: ( B ) | D3: ( C ) | E3: ( D ) | F3: ( E ) = ( B ) * ( C ) * ( D )
A4: 2 | B4: Servicio de vigilancia física con medio humano, con arma y medio de comunicación, con jornada laboral 24 horas, permanente de Lunes a Domingo | C4: 19 | D4: 9864310 | E4: 1 | F4: 187421890
A5: 3 | B5: Servicio de vigilancia física con medio humano, con arma y medio de comunicación, con jornada laboral 12 horas diurnas de lunes a viernes sin incluir festivos | C5: 12 | D5: 2944562 | E5: 1 | F5: 35334744
A6: 4 | B6: Servicio de vigilancia física con medio humano, sin arma y medio de comunicación, con jornada laboral 12 horas diurnas de lunes a viernes sin incluir festivos | C6: 6 | D6: 2891025 | E6: 1 | F6: 17346150
A7: 5 | B7: VALOR SUB TOTAL VIGENCIA 2022 (Sumatoria Ítems 2, 3 y 4) | F7: 240102784 | G7: =+IF(GESTEP(F7,240102770),"cumple","no cumple") -> cumple
A8: 6 | B8: Elementos Adicionales y Servicios Tecnológicos año 2022 | C8: VALOR POR MES | E8: TIEMPO DE EJECUCION AÑO 2022 (Noviembre y Diciembre) | F8: VALOR SUB TOTAL AÑO 2022 SERVICIOS ADICIONALES
A9: 7 | B9: ( F ) | C9: ( G ) | E9: ( H ) | F9: ( I ) = ( G ) * ( H )
A10: 8 | B10: Elementos Adicionales y Servicios Tecnológicos según anexo | C10: 13444370 | E10: 1 | F10: 13444370 | G10: =+IF(GESTEP(F10,7350000),"cumple","no cumple") -> cumple
A11: 9 | B11: VALOR SUB TOTAL SERVICIOS ADICIONALES VIGENCIA 2022 (Ítem 8) | F11: 13444370
A12: 10 | B12: TOTAL, VIGENCIA 2022 (Sumatoria Ítems 5 y 9) | F12: 2.5354715e+08
A13: VIGENCIA 2023
A14: 11 | B14: DESCRIPCION DEL SERVICIO A CONTRATAR | C14: No. DE SERVICIOS A CONTRATAR | D14: VALOR UNITARIO POR MES, INCLUIDO AYS E IMPUESTOS (Tener en cuenta incremento del 4.3% para el año 2023) | E14: TIEMPO DE EJECUCION AÑO 2023 (Enero a 13 de mayo) | F14: VALOR SUB TOTAL AÑO 2023 SERVICIOS
A15: 12 | B15: ( J ) | C15: ( K ) | D15: ( L ) | E15: ( M ) | F15: ( N ) = ( K ) * ( L ) * ( M )
A16: 13 | B16: Servicio de vigilancia física con medio humano, con arma y medio de comunicación, con jornada laboral 24 horas, permanente de Lunes a Domingo | C16: 19 | D16: 10288475 | E16: 5.44 | F16: 1.0634168e+09
A17: 14 | B17: Servicio de vigilancia física con medio humano, con arma y medio de comunicación, con jornada laboral 12 horas diurnas de lunes a viernes sin incluir festivos | C17: 12 | D17: 3071178 | E17: 5.44 | F17: 2.004865e+08
A18: 15 | B18: Servicio de vigilancia física con medio humano, sin arma y medio de comunicación, con jornada laboral 12 horas diurnas de lunes a viernes sin incluir festivos | C18: 6 | D18: 3015339 | E18: 5.44 | F18: 98420665
A19: 16 | B19: VALOR SUB TOTAL VIGENCIA 2023 (Sumatoria Ítems 13, 14 y 15) | F19: 1.3623239e+09 | G19: =+IF(F19<1451966056,"cumple","no cumple") -> cumple
A20: 17 | B20: Elementos Adicionales y Servicios Tecnológicos año 2023 | C20: VALOR POR MES | E20: TIEMPO DE EJECUCION AÑO 2023 (Enero a 13 de mayo) | F20: VALOR SUB TOTAL AÑO 2023 SERVICIOS ADICIONALES
A21: 18 | B21: ( O ) | C21: ( P ) | E21: ( Q ) | F21: ( R ) = ( P ) * ( Q )
A22: 19 | B22: Elementos Adicionales y Servicios Tecnológicos | C22: 13444370 | E22: 5.44 | F22: 73137373 | G22: =+IF(GESTEP(F22,39984000),"cumple","no cumple") -> cumple
A23: 20 | B23: VALOR SUB TOTAL SERVICIOS ADICIONALES VIGENCIA 2023 (Ítem 19) | F23: 73137373
A24: 21 | B24: TOTAL, VIGENCIA 2023 (Sumatoria Ítems 16 y 20) | F24: 1.4354613e+09
A25: 22 | B25: TOTAL, PROPUESTA ECONOMICA VIGENCIAS 2022 Y 2023 (Sumatoria Ítems 10 y 21) | F25: 1.6890085e+09

Sheet oferta 8
A1: OFERTA ECONOMICA
A2: VIGENCIA 2022
A3: ÍTEM | B3: DESCRIPCION DEL SERVICIO A CONTRATAR | C3: No. DE SERVICIOS A CONTRATAR | D3: VALOR UNITARIO POR MES, INCLUIDO AYS E IMPUESTOS | E3: TIEMPO DE EJECUCION AÑO 2022 (Noviembre y Diciembre) | F3: VALOR SUB TOTAL AÑO 2022 SERVICIOS
A4: 1 | B4: ( A ) | C4: ( B ) | D4: ( C ) | E4: ( D ) | F4: ( E ) = ( B ) * ( C ) * ( D )
A5: 2 | B5: Servicio de vigilancia física con medio humano, con arma y medio de comunicación, con jornada laboral 24 horas, permanente de Lunes a Domingo | C5: 19 | D5: 9864289 | E5: 1 MES | F5: =+ROUND((C5*D5)*1,0) -> 187421491
A6: 3 | B6: Servicio de vigilancia física con medio humano, con arma y medio de comunicación, con jornada laboral 12 horas diurnas de lunes a viernes sin incluir festivos | C6: 12 | D6: 2944585 | E6: 1 MES | F6: =+ROUND((C6*D6)*1,0) -> 35335020
A7: 4 | B7: Servicio de vigilancia física con medio humano, sin arma y medio de comunicación, con jornada laboral 12 horas diurnas de lunes a viernes sin incluir festivos | C7: 6 | D7: 2891043.2 | E7: 1 MES | F7: =+ROUND((C7*D7)*1,0) -> 17346259
A8: 5 | B8: VALOR SUB TOTAL VIGENCIA 2022 (Sumatoria Ítems 2, 3 y 4) | F8: =SUM(F5:F7) -> 240102770 | G8: =+IF(GESTEP(F8,240102770),"cumple","no cumple") -> cumple
A9: 6 | B9: Elementos Adicionales y Servicios Tecnológicos año 2022 | C9: VALOR POR MES | E9: TIEMPO DE EJECUCION AÑO 2022 (Noviembre y Diciembre) | F9: VALOR SUB TOTAL AÑO 2022 SERVICIOS ADICIONALES
A10: 7 | B10: ( F ) | C10: ( G ) | E10: ( H ) | F10: ( I ) = ( G ) * ( H )
A11: 8 | B11: Elementos Adicionales y Servicios Tecnológicos según anexo | C11: 10099635 | E11: 1 MES | F11: =+C11*1 -> 10099635 | G11: =+IF(GESTEP(F11,7350000),"cumple","no cumple") -> cumple
A12: 9 | B12: VALOR SUB TOTAL SERVICIOS ADICIONALES VIGENCIA 2022 (Ítem 8) | F12: =+F11 -> 10099635
A13: 10 | B13: TOTAL, VIGENCIA 2022 (Sumatoria Ítems 5 y 9) | F13: =+F8+F12 -> 250202405 | G13: =+IF(F13<256580747,"cumple","no cumple") -> cumple
A14: VIGENCIA 2023
A15: 11 | B15: DESCRIPCION DEL SERVICIO A CONTRATAR | C15: No. DE SERVICIOS A CONTRATAR | D15: VALOR UNITARIO POR MES, INCLUIDO AYS E IMPUESTOS (Tener en cuenta incremento del 4.3% para el año 2023) | E15: TIEMPO DE EJECUCION AÑO 2023 (Enero a 13 de mayo) | F15: VALOR SUB TOTAL AÑO 2023 SERVICIOS
A16: 12 | B16: ( J ) | C16: ( K ) | D16: ( L ) | E16: ( M ) | F16: ( N ) = ( K ) * ( L ) * ( M )
A17: 13 | B17: Servicio de vigilancia física con medio humano, con arma y medio de comunicación, con jornada laboral 24 horas, permanente de Lunes a Domingo | C17: 19 | D17: =(D5*4.3%)+(D5) -> 10288453 | E17: 5.44 | F17: =+D17*19*E17 -> 1.0634145e+09
A18: 14 | B18: Servicio de vigilancia física con medio humano, con arma y medio de comunicación, con jornada laboral 12 horas diurnas de lunes a viernes sin incluir festivos | C18: 12 | D18: =(D6*4.3%)+(D6) -> 3071202.2 | E18: 5.44 | F18: =+D18*C18*E18 -> 2.0048808e+08
A19: 15 | B19: Servicio de vigilancia física con medio humano, sin arma y medio de comunicación, con jornada laboral 12 horas diurnas de lunes a viernes sin incluir festivos | C19: 6 | D19: =(D7*4.3%)+(D7) -> 3015358.1 | E19: 5.44 | F19: =+C19*D19*E19 -> 98421287
A20: 16 | B20: VALOR SUB TOTAL VIGENCIA 2023 (Sumatoria Ítems 13, 14 y 15) | F20: =SUM(F17:F19) -> 1.3623239e+09 | G20: =+IF(F20<1451966056,"cumple","no cumple") -> cumple
A21: 17 | B21: Elementos Adicionales y Servicios Tecnológicos año 2023 | C21: VALOR POR MES | E21: TIEMPO DE EJECUCION AÑO 2023 (Enero a 13 de mayo) | F21: VALOR SUB TOTAL AÑO 2023 SERVICIOS ADICIONALES
A22: 18 | B22: ( O ) | C22: ( P ) | E22: ( Q ) | F22: ( R ) = ( P ) * ( Q )
A23: 19 | B23: Elementos Adicionales y Servicios Tecnológicos | C23: =+C11 -> 10099635 | E23: 5.44 | F23: =+C23*E23 -> 54942014 | G23: =+IF(GESTEP(F23,39984000),"cumple","no cumple") -> cumple
A24: 20 | B24: VALOR SUB TOTAL SERVICIOS ADICIONALES VIGENCIA 2023 (Ítem 19) | F24: =+F23 -> 54942014
A25: 21 | B25: TOTAL, VIGENCIA 2023 (Sumatoria Ítems 16 y 20) | F25: =+F20+F24 -> 1.4172659e+09
A26: 22 | B26: TOTAL, PROPUESTA ECONOMICA VIGENCIAS 2022 Y 2023 (Sumatoria Ítems 10 y 21) | F26: =+F13+F25 -> 1.6674683e+09

Sheet oferta 9
A1: VIGENCIA 2022
A2: ÍTEM | B2: DESCRIPCION DEL SERVICIO A CONTRATAR | C2: No. DE SERVICIOS A CONTRATAR | D2: VALOR UNITARIO POR MES, INCLUIDO AYS E IMPUESTOS | E2: TIEMPO DE EJECUCION AÑO 2022 | F2: VALOR SUB TOTAL AÑO 2022 SERVICIOS
A3: 1 | B3: ( A ) | C3: ( B ) | D3: ( C ) | E3: ( D ) | F3: ( E ) = ( B ) * ( C ) * ( D )
A4: 2 | B4: Servicio de vigilancia física con medio humano, con arma y medio de comunicación, con jornada laboral 24 horas, permanente de Lunes a Domingo | C4: 19 | D4: 9864633 | E4: 1 | F4: =ROUND(C4*D4*E4,0) -> 187428027
A5: 3 | B5: Servicio de vigilancia física con medio humano, con arma y medio de comunicación, con jornada laboral 12 horas diurnas de lunes a viernes sin incluir festivos | C5: 12 | D5: 2944685 | E5: 1 | F5: =ROUND(C5*D5*E5,0) -> 35336220
A6: 4 | B6: Servicio de vigilancia física con medio humano, sin arma y medio de comunicación, con jornada laboral 12 horas diurnas de lunes a viernes sin incluir festivos | C6: 6 | D6: 2891146 | E6: 1 | F6: =ROUND(C6*D6*E6,0) -> 17346876
A7: 5 | B7: VALOR SUB TOTAL VIGENCIA 2022 (Sumatoria Ítems 2, 3 y 4) | F7: =F4+F5+F6 -> 240111123 | G7: =+IF(GESTEP(F7,240102770),"cumple","no cumple") -> cumple
A8: 6 | B8: Elementos Adicionales y Servicios Tecnológicos año 2022 | C8: VALOR POR MES | E8: TIEMPO DE EJECUCION AÑO 2022 (Noviembre y Diciembre) | F8: VALOR SUB TOTAL AÑO 2022 SERVICIOS ADICIONALES
A9: 7 | B9: ( F ) | C9: ( G ) | E9: ( H ) | F9: ( I ) = ( G ) * ( H )
